Workbook
Name lst_activosinfo: 'Activos Inf INM'!$D$8:$D$186
Name lst_activosinfo: #REF!
Name lst_areas: 'Listas Activos'!$B$56:$B$64
Name lst_avisoprivacidad: 'Listas Activos'!$E$34:$E$36
Name lst_cargos: 'Listas Activos'!$B$91:$B$132
Name lst_claseactivo: 'Listas Activos'!$B$51:$B$52
Name lst_clasoreserinfo: 'Listas Ley Transparencia'!$L$3:$L$5
Name lst_condleg: 'Listas Ley Transparencia'!$H$3:$H$17
Name lst_confidencialidad: 'Listas Activos'!$B$24:$B$28
Name lst_datosabiertos: 'Listas Activos'!$E$39:$E$40
Name lst_datospersonales: 'Listas Activos'!$E$24:$E$25
Name lst_datossensibles: 'Listas Activos'!$E$29:$E$30
Name lst_disponibilidad: 'Listas Activos'!$B$38:$B$41
Name lst_formato: 'Listas Ley Transparencia'!$D$3:$D$12
Name lst_frecuencia: 'Listas Ley Transparencia'!$N$3:$N$14
Name lst_idioma: 'Listas Ley Transparencia'!$B$3:$B$6
Name lst_infpubdis: 'Listas Ley Transparencia'!$E$3:$E$5
Name lst_integridad: 'Listas Activos'!$B$31:$B$34
Name lst_lugarconsu: 'Listas Ley Transparencia'!$O$3:$O$11
Name lst_medioconser: 'Listas Ley Transparencia'!$C$3:$C$5
Name lst_procesos: 'Listas Activos'!$B$67:$B$88
Name lst_responinfo: 'Listas Ley Transparencia'!$G$3:$G$22
Name lst_respprodinf: 'Listas Ley Transparencia'!$F$3:$F$34
Name lst_tipoactivos: 'Listas Activos'!$B$11:$B$20
Name lst_tipodedato: 'Listas Activos'!$E$20:$E$21
Name lst_usoactivo: 'Listas Activos'!$E$44:$E$46

Sheet Activos Inf INM
C1: Fecha de actualización | D1: 45972 | AP1: Código: E-05-F-005
E2: MATRIZ DE ACTIVOS DE INFORMACION | AP2: Versión: 3
AP3: Página: Ver pie de Pàg
A5: IDENTIFICACIÓN DE ACTIVOS DE INFORMACIÓN | K5: VALORACIÓN DEL ACTIVO | U5: PROTECCIÓN DE DATOS PERSONALES | Z5: ALINEACIÓN LEY DE TRANSPARENCIA Y ACCESO A LA INFORMACIÓN (Aplica para los activos de tipo "Datos / Información" y "Bases de datos"
A6: Id. Activo | B6: AREA | C6: PROCESO | D6: NOMBRE O CATEGORIA DEL ACTIVO | E6: DESCRIPCIÓN DEL ACTIVO (Funcionalidad) | F6: Estado del Activo | G6: USUARIO DEL ACTIVO | H6: DUEÑO DEL ACTIVO | I6: CUSTODIO | J6: CLASE DEL ACTIVO | K6: TIPO DE ACTIVO | L6: CRITICIDAD RESPECTO A LA CONFIDENCIALIDAD | M6: Valor | N6: CRITICIDAD RESPECTO A LA INTEGRIDAD | O6: Valor | P6: CRITICIDAD RESPECTO A LA DISPONIBILIDAD | Q6: Valor | R6: Valor total del Activo | S6: Criticidad del Activo (Calculada) | T6: OBSERVACIONES | U6: El activo almacena o solicita Datos personales? | V6: Los datos almacenados o requeridos son públicos? | W6: Los datos almacenados o requeridos son Privados? | X6: Los datos almacenados o requeridos son Semiprivados? | Y6: Los datos almacenados o requeridos son Sensibles? | Z6: Idioma | AA6: Medio de conservación y/o soporte | AB6: Formato visualización o consulta | AC6: Información publicada o disponible | AD6: Fecha de generación de la información | AE6: Cargo responsable de la producción de la información | AF6: Responsable de la producción de la información (digitado) | AG6: ¿Por qué es clasificada o reservada? (según artículos 18 o 19 de Ley 1712). | AH6: Fundamento normativo, constitucional o legal | AI6: Fundamento jurídico de la excepción | AJ6: Descripción de condición legitima de la excepción | AK6: Clasificación del activo de acuerdo con transparencia ley 1712 | AL6: Plazo de Clasificación o Reserva | AM6: Clasificación o reserva total o parcial de la información | AN6: Fecha de calificación | AO6: Frecuencia de actualización | AP6: Categoría lugares de consulta | AQ6: Detalle Lugar de Consulta
A7: # | B7: Seleccione área | C7: Diligencie el proceso al que pertenece el activo según el mapa de procesos de la entidad | D7: Nombre que lo identifique de manera precisa y a través del cual se identificará el activo de información. | E7: Describa el activo de información, según sus características, de manera clara e identificable para todos los miembros del proceso. Si aplica, registre para los activos que corresponda, el código que tenga el activo de información en el Sistema de Gestíón de Calidad. (Ejs. Procedimiento, Formato, etc.) | F7: Registre el estado del activo de información en relación a si es Nuevo, Actualizado o Historico (ya no es vigente). | G7: Registre quien hace uso del activo de información, puede ser toda la entidad, grupos, direcciones, oficinas, etc. | H7: Registre cargo que actúa como "dueño" o decide sobre el activo de información, establece controles, lo modifica, crea, cambia, ajusta, elimina o transforma. | I7: Cargo que aplica los controles de acuerdo a lo definido por el dueño, en relación a: administración, almacenamiento, respaldo, accesos, permisos, etc. | J7: Establezca si el activo es primario o de soporte, dependiendo si participa en la misionalidad de la entidad o en los procesos de apoyo. | K7: Seleccione a que categoría pertenece el activo de información que ha registrado | L7: Seleccione una calificación para la confidencialidad de acuerdo a los criterios de la pestaña "calificación valoración" | N7: Seleccione una calificación para la integridad de acuerdo a los criterios de la pestaña "calificación valoración" | P7: Seleccione una calificación para la disponibilidad de acuerdo a los criterios de la pestaña "calificación valoración" | S7: Se diligencia automáticamente | T7: Registre observaciones sobre la calificación realizada en caso de ser requerido. | U7: Seleccione "Si" cuando el activo de información almacene, recolecte, procese, transporte o trate datos personales | V7: Ej. estado civil, profesión u oficio, calidad de comerciante o de servidor público. (pueden estar en registros públicos, documentos públicos, gacetas y boletines oficiales y sentencias judiciales). | W7: Es el dato que por su naturaleza íntima o reservada sólo es relevante para el titular. | X7: Es el que no tiene naturaleza íntima, reservada, ni pública y cuyo conocimiento o divulgación puede interesar no sólo a su titular sino a cierto sector o grupo de personas o a la sociedad en general | Y7: Pueden afectar la intimidad del Titular o generar discriminació. (ej origen racial o étnico, orientación política, creencias religiosas o filosóficas, pertenencia a sindicatos, organizaciones sociales, de derechos humanos o partidos políticos, salud, vida sexual, y los datos biométricos). | Z7: Seleccione en que idioma se encuentra la información del activo de información | AA7: Seleccione de que manera se conserva el activo de información. | AB7: Seleccione de que manera se suministra la información en caso de requerir una consulta. | AC7: Seleccione en que estado se encuentra la información | AD7: Seleccione la fecha a partir de la cual se genera la información del activo. (yyyy-mm-dd) | AE7: Seleccione quien crea o define la información. En caso de que no sea un cargo o rol seleccione "definido manualmente" para habilitar la columna siguiente: | AF7: Registre de manera manual lo requerido en la columna anterior. Esta columna se activa en caso de haber seleccionado "definido manualmente" | AG7: Seleccione la excepción por la cual la información no debe o no puede ser publica | AH7: Registre una norma, ley, decreto, circulares, normativas y aspecto legal que sustenta la excepción. | AI7: Se diligencia de manera automática según lo seleccionado como "Condición legitima de la excepción" | AJ7: Se diligencia de manera automática según lo seleccionado como "Condición legitima de la excepción" | AK7: Se diligencia de manera automática según lo seleccionado como "Condición legitima de la excepción" | AL7: Se diligencia de manera automática según lo seleccionado como "Condición legitima de la excepción" | AM7: Seleccione como se debe aplicar la reserva sobre la información del activo | AN7: Registre la fecha yyyy-mm-dd en la cual se realiza la clasificación de la información como reservada o clasificada | AO7: Seleccione la periodicidad o el segmento de tiempo bajo el cual actualiza la información, de acuerdo a su naturaleza o a la normativa aplicable | AP7: Seleccione donde a través de que mecanismo se puede consultar la información | AQ7: Registre URL, Nombres de aplicativos, lugares físicos, etc. asociados al lugar de consulta.
A8: 1 | B8: OIDT | C8: Gestión de Tecnologías de la Información | D8: Copias de respaldo | E8: Copias de respaldo de servidores de datos y de servidores de aplicación. | F8: Actualizado | G8: Toda la entidad | H8: Profesional Especializado Código 2028 Grado 14 | I8: Profesional Especializado Código 2028 Grado 14 | J8: Primario | K8: DATOS / INFORMACIÓN [DI] | L8: Clasificada = Alta | M8: =IFERROR(VLOOKUP(L8,'Listas Activos'!$B$24:$C$28,2,0),0) -> 5 | N8: Alto | O8: =IFERROR(VLOOKUP(N8,'Listas Activos'!$B$31:$C$35,2,0),0) -> 5 | P8: Alto | Q8: =IFERROR(VLOOKUP(P8,'Listas Activos'!$B$38:$C$42,2,0),0) -> 5 | R8: =IF(AND(M8>0,O8>0,Q8>0,U8="Si"),5,IF(OR(M8=0,O8=0,Q8=0),0,IF(AND(M8=1,O8=1,Q8=1),1,(IF(OR(AND(M8=5,O8=5),AND(O8=5,Q8=5),AND(M8=5,Q8=5),AND(M8=5,O8=5,Q8=5)),5,3))))) -> 5 | S8: =IFERROR(VLOOKUP(R8,'Listas Activos'!$B$4:$C$7,2,0),"-") -> Alto | U8: Si | V8: Si | W8: Si | X8: Si | Y8: Si | Z8: Español - Ingles | AA8: Electrónico (doc, txt,csv,pdf,jpg, pdf, video digital) | AB8: Otro | AC8: No publicado o No disponible | AD8: 42005 | AE8: Definido manualmente | AF8: Areas usuarias | AG8: Pone en riesgo la intimidad de las personas | AH8: Ley 1581 datos personales | AI8: =IF(ISERROR(VLOOKUP(AG8,'Listas Ley Transparencia'!$H$3:$M$17,2,0)),"",VLOOKUP(AG8,'Listas Ley Transparencia'!$H$3:$M$17,2,0)) -> Información exceptuada por daño de derechos a personas naturales o jurídicas. Articulo 18 Ley 1712 de 2014 | AJ8: =IF(ISERROR(VLOOKUP(AG8,'Listas Ley Transparencia'!$H$3:$M$17,3,0)),"",VLOOKUP(AG8,'Listas Ley Transparencia'!$H$3:$M$17,3,0)) -> El derecho de toda persona a la intimidad, bajo las limitaciones propias que impone la condición de servidor publico, en concordancia con lo estipulado | AK8: =IF(ISERROR(VLOOKUP(AG8,'Listas Ley Transparencia'!$H$3:$M$17,4,0)),"",VLOOKUP(AG8,'Listas Ley Transparencia'!$H$3:$M$17,4,0)) -> Publica Clasificada | AL8: =IF(ISERROR(VLOOKUP(AG8,'Listas Ley Transparencia'!$H$3:$M$17,6,0)),"",VLOOKUP(AG8,'Listas Ley Transparencia'!$H$3:$M$17,6,0)) -> Ilimitada | AM8: Parcial | AN8: 45945 | AO8: Semanal | AP8: Hibrido: Archivo Digital y Sistemas de Información | AQ8: Disco y cinta, resposan el datacenter
A9: 2 | B9: OIDT | C9: Gestión de Tecnologías de la Información | D9: SURDO | E9: Sistema Único de Radicación de Documentos | F9: Actualizado | G9: Toda la entidad | H9: Profesional Especializado Código 2028 Grado 18 | I9: Profesional Especializado Código 2028 Grado 18 | J9: Soporte | K9: SERVICIOS [SI] | L9: Clasificada = Alta | M9: =IFERROR(VLOOKUP(L9,'Listas Activos'!$B$24:$C$28,2,0),0) -> 5 | N9: Alto | O9: =IFERROR(VLOOKUP(N9,'Listas Activos'!$B$31:$C$35,2,0),0) -> 5 | P9: Medio | Q9: =IFERROR(VLOOKUP(P9,'Listas Activos'!$B$38:$C$42,2,0),0) -> 3 | R9: =IF(AND(M9>0,O9>0,Q9>0,U9="Si"),5,IF(OR(M9=0,O9=0,Q9=0),0,IF(AND(M9=1,O9=1,Q9=1),1,(IF(OR(AND(M9=5,O9=5),AND(O9=5,Q9=5),AND(M9=5,Q9=5),AND(M9=5,O9=5,Q9=5)),5,3))))) -> 5 | S9: =IFERROR(VLOOKUP(R9,'Listas Activos'!$B$4:$C$7,2,0),"-") -> Alto | U9: Si | V9: No | W9: No | X9: Si | Y9: No
A10: 3 | B10: OIDT | C10: Gestión de Tecnologías de la Información | D10: SASM | E10: Sistema de Administración de Servicios Metrológicos | F10: Actualizado | G10: Toda la entidad | H10: Profesional Especializado Código 2028 Grado 18 | I10: Profesional Especializado Código 2028 Grado 18 | J10: Soporte | K10: SERVICIOS [SI] | L10: Clasificada = Alta | M10: =IFERROR(VLOOKUP(L10,'Listas Activos'!$B$24:$C$28,2,0),0) -> 5 | N10: Alto | O10: =IFERROR(VLOOKUP(N10,'Listas Activos'!$B$31:$C$35,2,0),0) -> 5 | P10: Alto | Q10: =IFERROR(VLOOKUP(P10,'Listas Activos'!$B$38:$C$42,2,0),0) -> 5 | R10: =IF(AND(M10>0,O10>0,Q10>0,U10="Si"),5,IF(OR(M10=0,O10=0,Q10=0),0,IF(AND(M10=1,O10=1,Q10=1),1,(IF(OR(AND(M10=5,O10=5),AND(O10=5,Q10=5),AND(M10=5,Q10=5),AND(M10=5,O10=5,Q10=5)),5,3))))) -> 5 | S10: =IFERROR(VLOOKUP(R10,'Listas Activos'!$B$4:$C$7,2,0),"-") -> Alto | U10: Si | V10: No | W10: No | X10: Si | Y10: No
A11: 4 | B11: OIDT | C11: Gestión de Tecnologías de la Información | D11: Servicios en Línea | E11: Sistema de Atención de Servicios en Línea del INM | F11: Actualizado | G11: Toda la entidad | H11: Profesional Especializado Código 2028 Grado 18 | I11: Profesional Especializado Código 2028 Grado 18 | J11: Soporte | K11: SERVICIOS [SI] | L11: Clasificada = Alta | M11: =IFERROR(VLOOKUP(L11,'Listas Activos'!$B$24:$C$28,2,0),0) -> 5 | N11: Alto | O11: =IFERROR(VLOOKUP(N11,'Listas Activos'!$B$31:$C$35,2,0),0) -> 5 | P11: Alto | Q11: =IFERROR(VLOOKUP(P11,'Listas Activos'!$B$38:$C$42,2,0),0) -> 5 | R11: =IF(AND(M11>0,O11>0,Q11>0,U11="Si"),5,IF(OR(M11=0,O11=0,Q11=0),0,IF(AND(M11=1,O11=1,Q11=1),1,(IF(OR(AND(M11=5,O11=5),AND(O11=5,Q11=5),AND(M11=5,Q11=5),AND(M11=5,O11=5,Q11=5)),5,3))))) -> 5 | S11: =IFERROR(VLOOKUP(R11,'Listas Activos'!$B$4:$C$7,2,0),"-") -> Alto | U11: Si | V11: No | W11: No | X11: Si | Y11: No
A12: 5 | B12: OIDT | C12: Gestión de Tecnologías de la Información | D12: Recaudos | E12: Sistema de Adminsitración de Recaudos por Servicios | F12: Actualizado | G12: Toda la entidad | H12: Profesional Especializado Código 2028 Grado 18 | I12: Profesional Especializado Código 2028 Grado 18 | J12: Soporte | K12: SERVICIOS [SI] | L12: Clasificada = Alta | M12: =IFERROR(VLOOKUP(L12,'Listas Activos'!$B$24:$C$28,2,0),0) -> 5 | N12: Alto | O12: =IFERROR(VLOOKUP(N12,'Listas Activos'!$B$31:$C$35,2,0),0) -> 5 | P12: Alto | Q12: =IFERROR(VLOOKUP(P12,'Listas Activos'!$B$38:$C$42,2,0),0) -> 5 | R12: =IF(AND(M12>0,O12>0,Q12>0,U12="Si"),5,IF(OR(M12=0,O12=0,Q12=0),0,IF(AND(M12=1,O12=1,Q12=1),1,(IF(OR(AND(M12=5,O12=5),AND(O12=5,Q12=5),AND(M12=5,Q12=5),AND(M12=5,O12=5,Q12=5)),5,3))))) -> 5 | S12: =IFERROR(VLOOKUP(R12,'Listas Activos'!$B$4:$C$7,2,0),"-") -> Alto | U12: Si | V12: No | W12: No | X12: Si | Y12: No
A13: 6 | B13: OIDT | C13: Gestión de Tecnologías de la Información | D13: Intranet | E13: Intranet del INM | F13: Actualizado | G13: Toda la entidad | H13: Profesional Especializado Código 2028 Grado 18 | I13: Profesional Especializado Código 2028 Grado 18 | J13: Soporte | K13: SERVICIOS [SI] | L13: Uso Interno = Medio | M13: =IFERROR(VLOOKUP(L13,'Listas Activos'!$B$24:$C$28,2,0),0) -> 3 | N13: Medio | O13: =IFERROR(VLOOKUP(N13,'Listas Activos'!$B$31:$C$35,2,0),0) -> 3 | P13: Bajo | Q13: =IFERROR(VLOOKUP(P13,'Listas Activos'!$B$38:$C$42,2,0),0) -> 1 | R13: =IF(AND(M13>0,O13>0,Q13>0,U13="Si"),5,IF(OR(M13=0,O13=0,Q13=0),0,IF(AND(M13=1,O13=1,Q13=1),1,(IF(OR(AND(M13=5,O13=5),AND(O13=5,Q13=5),AND(M13=5,Q13=5),AND(M13=5,O13=5,Q13=5)),5,3))))) -> 3 | S13: =IFERROR(VLOOKUP(R13,'Listas Activos'!$B$4:$C$7,2,0),"-") -> Medio | U13: No
A14: 7 | B14: OIDT | C14: Gestión de Tecnologías de la Información | D14: SISEPM | E14: Sistema de Seguimiento de Planes de Mejoramiento | F14: Actualizado | G14: Toda la entidad | H14: Profesional Especializado Código 2028 Grado 18 | I14: Profesional Especializado Código 2028 Grado 18 | J14: Soporte | K14: SERVICIOS [SI] | L14: Uso Interno = Medio | M14: =IFERROR(VLOOKUP(L14,'Listas Activos'!$B$24:$C$28,2,0),0) -> 3 | N14: Alto | O14: =IFERROR(VLOOKUP(N14,'Listas Activos'!$B$31:$C$35,2,0),0) -> 5 | P14: Alto | Q14: =IFERROR(VLOOKUP(P14,'Listas Activos'!$B$38:$C$42,2,0),0) -> 5 | R14: =IF(AND(M14>0,O14>0,Q14>0,U14="Si"),5,IF(OR(M14=0,O14=0,Q14=0),0,IF(AND(M14=1,O14=1,Q14=1),1,(IF(OR(AND(M14=5,O14=5),AND(O14=5,Q14=5),AND(M14=5,Q14=5),AND(M14=5,O14=5,Q14=5)),5,3))))) -> 5 | S14: =IFERROR(VLOOKUP(R14,'Listas Activos'!$B$4:$C$7,2,0),"-") -> Alto | U14: No
A15: 8 | B15: OIDT | C15: Gestión de Tecnologías de la Información | D15: Hoja de Vida Equipos | E15: Sistema para el registro y seguimiento de instrumentos metrológicos de la entidad | F15: Actualizado | G15: Toda la entidad | H15: Profesional Especializado Código 2028 Grado 18 | I15: Profesional Especializado Código 2028 Grado 18 | J15: Soporte | K15: SERVICIOS [SI] | L15: Uso Interno = Medio | M15: =IFERROR(VLOOKUP(L15,'Listas Activos'!$B$24:$C$28,2,0),0) -> 3 | N15: Alto | O15: =IFERROR(VLOOKUP(N15,'Listas Activos'!$B$31:$C$35,2,0),0) -> 5 | P15: Alto | Q15: =IFERROR(VLOOKUP(P15,'Listas Activos'!$B$38:$C$42,2,0),0) -> 5 | R15: =IF(AND(M15>0,O15>0,Q15>0,U15="Si"),5,IF(OR(M15=0,O15=0,Q15=0),0,IF(AND(M15=1,O15=1,Q15=1),1,(IF(OR(AND(M15=5,O15=5),AND(O15=5,Q15=5),AND(M15=5,Q15=5),AND(M15=5,O15=5,Q15=5)),5,3))))) -> 5 | S15: =IFERROR(VLOOKUP(R15,'Listas Activos'!$B$4:$C$7,2,0),"-") -> Alto | U15: No
A16: 9 | B16: OIDT | C16: Gestión de Tecnologías de la Información | D16: Seguimiento Planes | E16: Sistema para el registro y seguimiento de planes institucionales y evaluaciones de desempeño | F16: Actualizado | G16: Toda la entidad | H16: Profesional Especializado Código 2028 Grado 18 | I16: Profesional Especializado Código 2028 Grado 18 | J16: Soporte | K16: SERVICIOS [SI] | L16: Uso Interno = Medio | M16: =IFERROR(VLOOKUP(L16,'Listas Activos'!$B$24:$C$28,2,0),0) -> 3 | N16: Alto | O16: =IFERROR(VLOOKUP(N16,'Listas Activos'!$B$31:$C$35,2,0),0) -> 5 | P16: Medio | Q16: =IFERROR(VLOOKUP(P16,'Listas Activos'!$B$38:$C$42,2,0),0) -> 3 | R16: =IF(AND(M16>0,O16>0,Q16>0,U16="Si"),5,IF(OR(M16=0,O16=0,Q16=0),0,IF(AND(M16=1,O16=1,Q16=1),1,(IF(OR(AND(M16=5,O16=5),AND(O16=5,Q16=5),AND(M16=5,Q16=5),AND(M16=5,O16=5,Q16=5)),5,3))))) -> 3 | S16: =IFERROR(VLOOKUP(R16,'Listas Activos'!$B$4:$C$7,2,0),"-") -> Medio | U16: No
A17: 10 | B17: OIDT | C17: Gestión de Tecnologías de la Información | D17: Biblioteca Digital | E17: Biblioteca Digital (Estudios y acceso a bases de datos externas de Metrología). | F17: Actualizado | G17: Toda la entidad | H17: Profesional Especializado Código 2028 Grado 18 | I17: Profesional Especializado Código 2028 Grado 18 | J17: Soporte | K17: SERVICIOS [SI] | L17: Uso Interno = Medio | M17: =IFERROR(VLOOKUP(L17,'Listas Activos'!$B$24:$C$28,2,0),0) -> 3 | N17: Medio | O17: =IFERROR(VLOOKUP(N17,'Listas Activos'!$B$31:$C$35,2,0),0) -> 3 | P17: Medio | Q17: =IFERROR(VLOOKUP(P17,'Listas Activos'!$B$38:$C$42,2,0),0) -> 3 | R17: =IF(AND(M17>0,O17>0,Q17>0,U17="Si"),5,IF(OR(M17=0,O17=0,Q17=0),0,IF(AND(M17=1,O17=1,Q17=1),1,(IF(OR(AND(M17=5,O17=5),AND(O17=5,Q17=5),AND(M17=5,Q17=5),AND(M17=5,O17=5,Q17=5)),5,3))))) -> 3 | S17: =IFERROR(VLOOKUP(R17,'Listas Activos'!$B$4:$C$7,2,0),"-") -> Medio | U17: No
A18: 11 | B18: OIDT | C18: Gestión de Tecnologías de la Información | D18: ZK | E18: Sistema de Control de Acceso Biométrico que genera datos para GTH | F18: Nuevo | G18: Toda la entidad | H18: Profesional Especializado Código 2028 Grado 18 | I18: Profesional Especializado Código 2028 Grado 18 | J18: Soporte | K18: SERVICIOS [SI] | L18: Clasificada = Alta | M18: =IFERROR(VLOOKUP(L18,'Listas Activos'!$B$24:$C$28,2,0),0) -> 5 | N18: Alto | O18: =IFERROR(VLOOKUP(N18,'Listas Activos'!$B$31:$C$35,2,0),0) -> 5 | P18: Medio | Q18: =IFERROR(VLOOKUP(P18,'Listas Activos'!$B$38:$C$42,2,0),0) -> 3 | R18: =IF(AND(M18>0,O18>0,Q18>0,U18="Si"),5,IF(OR(M18=0,O18=0,Q18=0),0,IF(AND(M18=1,O18=1,Q18=1),1,(IF(OR(AND(M18=5,O18=5),AND(O18=5,Q18=5),AND(M18=5,Q18=5),AND(M18=5,O18=5,Q18=5)),5,3))))) -> 5 | S18: =IFERROR(VLOOKUP(R18,'Listas Activos'!$B$4:$C$7,2,0),"-") -> Alto | U18: Si | V18: No | W18: No | X18: Si | Y18: Si
A19: 12 | B19: OIDT | C19: Gestión de Tecnologías de la Información | D19: BPMetro | E19: Sistema de registro y seguimiento de solicitudes de servicios y pqrsd del INM | F19: Actualizado | G19: Toda la entidad | H19: Profesional Especializado Código 2028 Grado 18 | I19: Profesional Especializado Código 2028 Grado 18 | J19: Soporte | K19: SERVICIOS [SI] | L19: Clasificada = Alta | M19: =IFERROR(VLOOKUP(L19,'Listas Activos'!$B$24:$C$28,2,0),0) -> 5 | N19: Alto | O19: =IFERROR(VLOOKUP(N19,'Listas Activos'!$B$31:$C$35,2,0),0) -> 5 | P19: Alto | Q19: =IFERROR(VLOOKUP(P19,'Listas Activos'!$B$38:$C$42,2,0),0) -> 5 | R19: =IF(AND(M19>0,O19>0,Q19>0,U19="Si"),5,IF(OR(M19=0,O19=0,Q19=0),0,IF(AND(M19=1,O19=1,Q19=1),1,(IF(OR(AND(M19=5,O19=5),AND(O19=5,Q19=5),AND(M19=5,Q19=5),AND(M19=5,O19=5,Q19=5)),5,3))))) -> 5 | S19: =IFERROR(VLOOKUP(R19,'Listas Activos'!$B$4:$C$7,2,0),"-") -> Alto | U19: No
A20: 13 | B20: OIDT | C20: Gestión de Tecnologías de la Información | D20: elearning | E20: Aprendizaje, se tienen cursos de la subdirecciones de Quimica y Fisica | F20: Actualizado | G20: SMF, SMQB | H20: Profesional Especializado Código 2028 Grado 18 | I20: Profesional Especializado Código 2028 Grado 18 | J20: Soporte | K20: SERVICIOS [SI] | L20: Pública = Baja | M20: =IFERROR(VLOOKUP(L20,'Listas Activos'!$B$24:$C$28,2,0),0) -> 1 | N20: Medio | O20: =IFERROR(VLOOKUP(N20,'Listas Activos'!$B$31:$C$35,2,0),0) -> 3 | P20: Bajo | Q20: =IFERROR(VLOOKUP(P20,'Listas Activos'!$B$38:$C$42,2,0),0) -> 1 | R20: =IF(AND(M20>0,O20>0,Q20>0,U20="Si"),5,IF(OR(M20=0,O20=0,Q20=0),0,IF(AND(M20=1,O20=1,Q20=1),1,(IF(OR(AND(M20=5,O20=5),AND(O20=5,Q20=5),AND(M20=5,Q20=5),AND(M20=5,O20=5,Q20=5)),5,3))))) -> 3 | S20: =IFERROR(VLOOKUP(R20,'Listas Activos'!$B$4:$C$7,2,0),"-") -> Medio | U20: No
A21: 14 | B21: OIDT | C21: Gestión de Tecnologías de la Información | D21: Encuestas on line | E21: Plataforma para la generacion de Encuestas del INM | F21: Actualizado | G21: Toda la entidad | H21: Profesional Especializado Código 2028 Grado 18 | I21: Profesional Especializado Código 2028 Grado 18 | J21: Soporte | K21: SERVICIOS [SI] | L21: Uso Interno = Medio | M21: =IFERROR(VLOOKUP(L21,'Listas Activos'!$B$24:$C$28,2,0),0) -> 3 | N21: Medio | O21: =IFERROR(VLOOKUP(N21,'Listas Activos'!$B$31:$C$35,2,0),0) -> 3 | P21: Medio | Q21: =IFERROR(VLOOKUP(P21,'Listas Activos'!$B$38:$C$42,2,0),0) -> 3 | R21: =IF(AND(M21>0,O21>0,Q21>0,U21="Si"),5,IF(OR(M21=0,O21=0,Q21=0),0,IF(AND(M21=1,O21=1,Q21=1),1,(IF(OR(AND(M21=5,O21=5),AND(O21=5,Q21=5),AND(M21=5,Q21=5),AND(M21=5,O21=5,Q21=5)),5,3))))) -> 3 | S21: =IFERROR(VLOOKUP(R21,'Listas Activos'!$B$4:$C$7,2,0),"-") -> Medio | U21: No
A22: 15 | B22: OIDT | C22: Gestión de Tecnologías de la Información | D22: Hora legal | E22: Plataforma web para la publicacion de la Hora Legal Servicio NTP de suministro de hota legal | F22: Actualizado | G22: Toda la entidad y clientes | H22: Profesional Especializado Código 2028 Grado 18 | I22: Profesional Especializado Código 2028 Grado 18 | J22: Primario | K22: SERVICIOS [SI] | L22: Pública = Baja | M22: =IFERROR(VLOOKUP(L22,'Listas Activos'!$B$24:$C$28,2,0),0) -> 1 | N22: Medio | O22: =IFERROR(VLOOKUP(N22,'Listas Activos'!$B$31:$C$35,2,0),0) -> 3 | P22: Alto | Q22: =IFERROR(VLOOKUP(P22,'Listas Activos'!$B$38:$C$42,2,0),0) -> 5 | R22: =IF(AND(M22>0,O22>0,Q22>0,U22="Si"),5,IF(OR(M22=0,O22=0,Q22=0),0,IF(AND(M22=1,O22=1,Q22=1),1,(IF(OR(AND(M22=5,O22=5),AND(O22=5,Q22=5),AND(M22=5,Q22=5),AND(M22=5,O22=5,Q22=5)),5,3))))) -> 3 | S22: =IFERROR(VLOOKUP(R22,'Listas Activos'!$B$4:$C$7,2,0),"-") -> Medio | U22: No
A23: 16 | B23: OIDT | C23: Gestión de Tecnologías de la Información | D23: Novasoft | E23: Software de inventarios | F23: Nuevo | G23: Gestión administrativa | H23: Profesional Especializado Código 2028 Grado 18 | I23: Profesional Especializado Código 2028 Grado 18 | J23: Soporte | K23: SERVICIOS [SI] | L23: Pública = Baja | M23: =IFERROR(VLOOKUP(L23,'Listas Activos'!$B$24:$C$28,2,0),0) -> 1 | N23: Medio | O23: =IFERROR(VLOOKUP(N23,'Listas Activos'!$B$31:$C$35,2,0),0) -> 3 | P23: Medio | Q23: =IFERROR(VLOOKUP(P23,'Listas Activos'!$B$38:$C$42,2,0),0) -> 3 | R23: =IF(AND(M23>0,O23>0,Q23>0,U23="Si"),5,IF(OR(M23=0,O23=0,Q23=0),0,IF(AND(M23=1,O23=1,Q23=1),1,(IF(OR(AND(M23=5,O23=5),AND(O23=5,Q23=5),AND(M23=5,Q23=5),AND(M23=5,O23=5,Q23=5)),5,3))))) -> 3 | S23: =IFERROR(VLOOKUP(R23,'Listas Activos'!$B$4:$C$7,2,0),"-") -> Medio | U23: No
A24: 17 | B24: OIDT | C24: Gestión de Tecnologías de la Información | D24: zabix | E24: Muestra el monitoreo a la infraestructura del INM en terminos de Servidores (windows) | F24: Actualizado | G24: OIDT | H24: Profesional Especializado Código 2028 Grado 18 | I24: Profesional Especializado Código 2028 Grado 18 | J24: Soporte | K24: SOFTWARE [SW] | L24: Pública = Baja | M24: =IFERROR(VLOOKUP(L24,'Listas Activos'!$B$24:$C$28,2,0),0) -> 1 | N24: Medio | O24: =IFERROR(VLOOKUP(N24,'Listas Activos'!$B$31:$C$35,2,0),0) -> 3 | P24: Medio | Q24: =IFERROR(VLOOKUP(P24,'Listas Activos'!$B$38:$C$42,2,0),0) -> 3 | R24: =IF(AND(M24>0,O24>0,Q24>0,U24="Si"),5,IF(OR(M24=0,O24=0,Q24=0),0,IF(AND(M24=1,O24=1,Q24=1),1,(IF(OR(AND(M24=5,O24=5),AND(O24=5,Q24=5),AND(M24=5,Q24=5),AND(M24=5,O24=5,Q24=5)),5,3))))) -> 3 | S24: =IFERROR(VLOOKUP(R24,'Listas Activos'!$B$4:$C$7,2,0),"-") -> Medio | U24: No
A25: 18 | B25: OIDT | C25: Gestión de Tecnologías de la Información | D25: Módulo MinCIT | E25: Permitir el registro de elementos de inventario de la entidad | F25: Actualizado | G25: OIDT | H25: Profesional Especializado Código 2028 Grado 18 | I25: Profesional Especializado Código 2028 Grado 18 | J25: Soporte | K25: SOFTWARE [SW] | L25: Pública = Baja | M25: =IFERROR(VLOOKUP(L25,'Listas Activos'!$B$24:$C$28,2,0),0) -> 1 | N25: Medio | O25: =IFERROR(VLOOKUP(N25,'Listas Activos'!$B$31:$C$35,2,0),0) -> 3 | P25: Bajo | Q25: =IFERROR(VLOOKUP(P25,'Listas Activos'!$B$38:$C$42,2,0),0) -> 1 | R25: =IF(AND(M25>0,O25>0,Q25>0,U25="Si"),5,IF(OR(M25=0,O25=0,Q25=0),0,IF(AND(M25=1,O25=1,Q25=1),1,(IF(OR(AND(M25=5,O25=5),AND(O25=5,Q25=5),AND(M25=5,Q25=5),AND(M25=5,O25=5,Q25=5)),5,3))))) -> 3 | S25: =IFERROR(VLOOKUP(R25,'Listas Activos'!$B$4:$C$7,2,0),"-") -> Medio | U25: No
A26: 19 | B26: OIDT | C26: Gestión de Tecnologías de la Información | D26: Office 365 | E26: Servicio en la nube de correo electrónico, chat y ofimatica y almacenamiento. | F26: Actualizado | G26: Toda la entidad | H26: Profesional Especializado Código 2028 Grado 18 | I26: Profesional Especializado Código 2028 Grado 18 | J26: Soporte | K26: SERVICIOS [SI] | L26: Clasificada = Alta | M26: =IFERROR(VLOOKUP(L26,'Listas Activos'!$B$24:$C$28,2,0),0) -> 5 | N26: Alto | O26: =IFERROR(VLOOKUP(N26,'Listas Activos'!$B$31:$C$35,2,0),0) -> 5 | P26: Alto | Q26: =IFERROR(VLOOKUP(P26,'Listas Activos'!$B$38:$C$42,2,0),0) -> 5 | R26: =IF(AND(M26>0,O26>0,Q26>0,U26="Si"),5,IF(OR(M26=0,O26=0,Q26=0),0,IF(AND(M26=1,O26=1,Q26=1),1,(IF(OR(AND(M26=5,O26=5),AND(O26=5,Q26=5),AND(M26=5,Q26=5),AND(M26=5,O26=5,Q26=5)),5,3))))) -> 5 | S26: =IFERROR(VLOOKUP(R26,'Listas Activos'!$B$4:$C$7,2,0),"-") -> Alto | U26: No
A27: 20 | B27: OIDT | C27: Gestión de Tecnologías de la Información | D27: Antimalware | E27: Software de antivirus | F27: Actualizado | G27: Toda la entidad | H27: Profesional Especializado Código 2028 Grado 14 | I27: Profesional Especializado Código 2028 Grado 14 | J27: Soporte | K27: SOFTWARE [SW] | L27: Pública = Baja | M27: =IFERROR(VLOOKUP(L27,'Listas Activos'!$B$24:$C$28,2,0),0) -> 1 | N27: Alto | O27: =IFERROR(VLOOKUP(N27,'Listas Activos'!$B$31:$C$35,2,0),0) -> 5 | P27: Alto | Q27: =IFERROR(VLOOKUP(P27,'Listas Activos'!$B$38:$C$42,2,0),0) -> 5 | R27: =IF(AND(M27>0,O27>0,Q27>0,U27="Si"),5,IF(OR(M27=0,O27=0,Q27=0),0,IF(AND(M27=1,O27=1,Q27=1),1,(IF(OR(AND(M27=5,O27=5),AND(O27=5,Q27=5),AND(M27=5,Q27=5),AND(M27=5,O27=5,Q27=5)),5,3))))) -> 5 | S27: =IFERROR(VLOOKUP(R27,'Listas Activos'!$B$4:$C$7,2,0),"-") -> Alto | U27: No
A28: 21 | B28: OIDT | C28: Gestión de Tecnologías de la Información | D28: Planta Telefónica | E28: Planta Telefónica | F28: Actualizado | G28: Toda la entidad | H28: Profesional Universitario Código 2044 Grado 03 | I28: Profesional Universitario Código 2044 Grado 03 | J28: Soporte | K28: HARDWARE [HW] | L28: Uso Interno = Medio | M28: =IFERROR(VLOOKUP(L28,'Listas Activos'!$B$24:$C$28,2,0),0) -> 3 | N28: Medio | O28: =IFERROR(VLOOKUP(N28,'Listas Activos'!$B$31:$C$35,2,0),0) -> 3 | P28: Alto | Q28: =IFERROR(VLOOKUP(P28,'Listas Activos'!$B$38:$C$42,2,0),0) -> 5 | R28: =IF(AND(M28>0,O28>0,Q28>0,U28="Si"),5,IF(OR(M28=0,O28=0,Q28=0),0,IF(AND(M28=1,O28=1,Q28=1),1,(IF(OR(AND(M28=5,O28=5),AND(O28=5,Q28=5),AND(M28=5,Q28=5),AND(M28=5,O28=5,Q28=5)),5,3))))) -> 3 | S28: =IFERROR(VLOOKUP(R28,'Listas Activos'!$B$4:$C$7,2,0),"-") -> Medio | U28: No | AI28: =IF(ISERROR(VLOOKUP(AG28,'Listas Ley Transparencia'!$H$3:$M$17,2,0)),"",VLOOKUP(AG28,'Listas Ley Transparencia'!$H$3:$M$17,2,0)) | AJ28: =IF(ISERROR(VLOOKUP(AG28,'Listas Ley Transparencia'!$H$3:$M$17,3,0)),"",VLOOKUP(AG28,'Listas Ley Transparencia'!$H$3:$M$17,3,0)) | AK28: =IF(ISERROR(VLOOKUP(AG28,'Listas Ley Transparencia'!$H$3:$M$17,4,0)),"",VLOOKUP(AG28,'Listas Ley Transparencia'!$H$3:$M$17,4,0)) | AL28: =IF(ISERROR(VLOOKUP(AG28,'Listas Ley Transparencia'!$H$3:$M$17,6,0)),"",VLOOKUP(AG28,'Listas Ley Transparencia'!$H$3:$M$17,6,0))
A29: 22 | B29: OIDT | C29: Gestión de Tecnologías de la Información | D29: Página WEB | E29: Página web del INM | F29: Actualizado | G29: Colaboradores y clientes del INM. | H29: Profesional Especializado Código 2028 Grado 18 | I29: Profesional Especializado Código 2028 Grado 18 | J29: Soporte | K29: SERVICIOS [SI] | L29: Pública = Baja | M29: =IFERROR(VLOOKUP(L29,'Listas Activos'!$B$24:$C$28,2,0),0) -> 1 | N29: Alto | O29: =IFERROR(VLOOKUP(N29,'Listas Activos'!$B$31:$C$35,2,0),0) -> 5 | P29: Alto | Q29: =IFERROR(VLOOKUP(P29,'Listas Activos'!$B$38:$C$42,2,0),0) -> 5 | R29: =IF(AND(M29>0,O29>0,Q29>0,U29="Si"),5,IF(OR(M29=0,O29=0,Q29=0),0,IF(AND(M29=1,O29=1,Q29=1),1,(IF(OR(AND(M29=5,O29=5),AND(O29=5,Q29=5),AND(M29=5,Q29=5),AND(M29=5,O29=5,Q29=5)),5,3))))) -> 5 | S29: =IFERROR(VLOOKUP(R29,'Listas Activos'!$B$4:$C$7,2,0),"-") -> Alto | U29: No
A30: 23 | B30: OIDT | C30: Gestión de Tecnologías de la Información | D30: SW1-PISO1-OFIC | E30: Switches de telecomunicaciones. Piso 1 | F30: Actualizado | G30: Toda la entidad | H30: Profesional Especializado Código 2028 Grado 14 | I30: Profesional Especializado Código 2028 Grado 14 | J30: Soporte | K30: HARDWARE [HW] | L30: Uso Interno = Medio | M30: =IFERROR(VLOOKUP(L30,'Listas Activos'!$B$24:$C$28,2,0),0) -> 3 | N30: Alto | O30: =IFERROR(VLOOKUP(N30,'Listas Activos'!$B$31:$C$35,2,0),0) -> 5 | P30: Alto | Q30: =IFERROR(VLOOKUP(P30,'Listas Activos'!$B$38:$C$42,2,0),0) -> 5 | R30: =IF(AND(M30>0,O30>0,Q30>0,U30="Si"),5,IF(OR(M30=0,O30=0,Q30=0),0,IF(AND(M30=1,O30=1,Q30=1),1,(IF(OR(AND(M30=5,O30=5),AND(O30=5,Q30=5),AND(M30=5,Q30=5),AND(M30=5,O30=5,Q30=5)),5,3))))) -> 5 | S30: =IFERROR(VLOOKUP(R30,'Listas Activos'!$B$4:$C$7,2,0),"-") -> Alto | U30: No | AI30: =IF(ISERROR(VLOOKUP(AG30,'Listas Ley Transparencia'!$H$3:$M$17,2,0)),"",VLOOKUP(AG30,'Listas Ley Transparencia'!$H$3:$M$17,2,0)) | AJ30: =IF(ISERROR(VLOOKUP(AG30,'Listas Ley Transparencia'!$H$3:$M$17,3,0)),"",VLOOKUP(AG30,'Listas Ley Transparencia'!$H$3:$M$17,3,0)) | AK30: =IF(ISERROR(VLOOKUP(AG30,'Listas Ley Transparencia'!$H$3:$M$17,4,0)),"",VLOOKUP(AG30,'Listas Ley Transparencia'!$H$3:$M$17,4,0)) | AL30: =IF(ISERROR(VLOOKUP(AG30,'Listas Ley Transparencia'!$H$3:$M$17,6,0)),"",VLOOKUP(AG30,'Listas Ley Transparencia'!$H$3:$M$17,6,0))
A31: 24 | B31: OIDT | C31: Gestión de Tecnologías de la Información | D31: SW2-PISO1-OFIC | E31: Switches de telecomunicaciones. Piso 1 | F31: Actualizado | G31: Toda la entidad | H31: Profesional Especializado Código 2028 Grado 14 | I31: Profesional Especializado Código 2028 Grado 14 | J31: Soporte | K31: HARDWARE [HW] | L31: Uso Interno = Medio | M31: =IFERROR(VLOOKUP(L31,'Listas Activos'!$B$24:$C$28,2,0),0) -> 3 | N31: Alto | O31: =IFERROR(VLOOKUP(N31,'Listas Activos'!$B$31:$C$35,2,0),0) -> 5 | P31: Alto | Q31: =IFERROR(VLOOKUP(P31,'Listas Activos'!$B$38:$C$42,2,0),0) -> 5 | R31: =IF(AND(M31>0,O31>0,Q31>0,U31="Si"),5,IF(OR(M31=0,O31=0,Q31=0),0,IF(AND(M31=1,O31=1,Q31=1),1,(IF(OR(AND(M31=5,O31=5),AND(O31=5,Q31=5),AND(M31=5,Q31=5),AND(M31=5,O31=5,Q31=5)),5,3))))) -> 5 | S31: =IFERROR(VLOOKUP(R31,'Listas Activos'!$B$4:$C$7,2,0),"-") -> Alto | U31: No | AI31: =IF(ISERROR(VLOOKUP(AG31,'Listas Ley Transparencia'!$H$3:$M$17,2,0)),"",VLOOKUP(AG31,'Listas Ley Transparencia'!$H$3:$M$17,2,0)) | AJ31: =IF(ISERROR(VLOOKUP(AG31,'Listas Ley Transparencia'!$H$3:$M$17,3,0)),"",VLOOKUP(AG31,'Listas Ley Transparencia'!$H$3:$M$17,3,0)) | AK31: =IF(ISERROR(VLOOKUP(AG31,'Listas Ley Transparencia'!$H$3:$M$17,4,0)),"",VLOOKUP(AG31,'Listas Ley Transparencia'!$H$3:$M$17,4,0)) | AL31: =IF(ISERROR(VLOOKUP(AG31,'Listas Ley Transparencia'!$H$3:$M$17,6,0)),"",VLOOKUP(AG31,'Listas Ley Transparencia'!$H$3:$M$17,6,0))
A32: 25 | B32: OIDT | C32: Gestión de Tecnologías de la Información | D32: SW3-PISO1-OFIC | E32: Switches de telecomunicaciones. Piso 1 | F32: Actualizado | G32: Toda la entidad | H32: Profesional Especializado Código 2028 Grado 14 | I32: Profesional Especializado Código 2028 Grado 14 | J32: Soporte | K32: HARDWARE [HW] | L32: Uso Interno = Medio | M32: =IFERROR(VLOOKUP(L32,'Listas Activos'!$B$24:$C$28,2,0),0) -> 3 | N32: Alto | O32: =IFERROR(VLOOKUP(N32,'Listas Activos'!$B$31:$C$35,2,0),0) -> 5 | P32: Alto | Q32: =IFERROR(VLOOKUP(P32,'Listas Activos'!$B$38:$C$42,2,0),0) -> 5 | R32: =IF(AND(M32>0,O32>0,Q32>0,U32="Si"),5,IF(OR(M32=0,O32=0,Q32=0),0,IF(AND(M32=1,O32=1,Q32=1),1,(IF(OR(AND(M32=5,O32=5),AND(O32=5,Q32=5),AND(M32=5,Q32=5),AND(M32=5,O32=5,Q32=5)),5,3))))) -> 5 | S32: =IFERROR(VLOOKUP(R32,'Listas Activos'!$B$4:$C$7,2,0),"-") -> Alto | U32: No | AI32: =IF(ISERROR(VLOOKUP(AG32,'Listas Ley Transparencia'!$H$3:$M$17,2,0)),"",VLOOKUP(AG32,'Listas Ley Transparencia'!$H$3:$M$17,2,0)) | AJ32: =IF(ISERROR(VLOOKUP(AG32,'Listas Ley Transparencia'!$H$3:$M$17,3,0)),"",VLOOKUP(AG32,'Listas Ley Transparencia'!$H$3:$M$17,3,0)) | AK32: =IF(ISERROR(VLOOKUP(AG32,'Listas Ley Transparencia'!$H$3:$M$17,4,0)),"",VLOOKUP(AG32,'Listas Ley Transparencia'!$H$3:$M$17,4,0)) | AL32: =IF(ISERROR(VLOOKUP(AG32,'Listas Ley Transparencia'!$H$3:$M$17,6,0)),"",VLOOKUP(AG32,'Listas Ley Transparencia'!$H$3:$M$17,6,0))
A33: 26 | B33: OIDT | C33: Gestión de Tecnologías de la Información | D33: SW1-PISO2-OFIC | E33: Switches de telecomunicaciones. Piso 2 | F33: Actualizado | G33: Toda la entidad | H33: Profesional Especializado Código 2028 Grado 14 | I33: Profesional Especializado Código 2028 Grado 14 | J33: Soporte | K33: HARDWARE [HW] | L33: Uso Interno = Medio | M33: =IFERROR(VLOOKUP(L33,'Listas Activos'!$B$24:$C$28,2,0),0) -> 3 | N33: Alto | O33: =IFERROR(VLOOKUP(N33,'Listas Activos'!$B$31:$C$35,2,0),0) -> 5 | P33: Alto | Q33: =IFERROR(VLOOKUP(P33,'Listas Activos'!$B$38:$C$42,2,0),0) -> 5 | R33: =IF(AND(M33>0,O33>0,Q33>0,U33="Si"),5,IF(OR(M33=0,O33=0,Q33=0),0,IF(AND(M33=1,O33=1,Q33=1),1,(IF(OR(AND(M33=5,O33=5),AND(O33=5,Q33=5),AND(M33=5,Q33=5),AND(M33=5,O33=5,Q33=5)),5,3))))) -> 5 | S33: =IFERROR(VLOOKUP(R33,'Listas Activos'!$B$4:$C$7,2,0),"-") -> Alto | U33: No | AI33: =IF(ISERROR(VLOOKUP(AG33,'Listas Ley Transparencia'!$H$3:$M$17,2,0)),"",VLOOKUP(AG33,'Listas Ley Transparencia'!$H$3:$M$17,2,0)) | AJ33: =IF(ISERROR(VLOOKUP(AG33,'Listas Ley Transparencia'!$H$3:$M$17,3,0)),"",VLOOKUP(AG33,'Listas Ley Transparencia'!$H$3:$M$17,3,0)) | AK33: =IF(ISERROR(VLOOKUP(AG33,'Listas Ley Transparencia'!$H$3:$M$17,4,0)),"",VLOOKUP(AG33,'Listas Ley Transparencia'!$H$3:$M$17,4,0)) | AL33: =IF(ISERROR(VLOOKUP(AG33,'Listas Ley Transparencia'!$H$3:$M$17,6,0)),"",VLOOKUP(AG33,'Listas Ley Transparencia'!$H$3:$M$17,6,0))
A34: 27 | B34: OIDT | C34: Gestión de Tecnologías de la Información | D34: SW2-PISO2-OFIC | E34: Switches de telecomunicaciones. Piso 2 | F34: Actualizado | G34: Toda la entidad | H34: Profesional Especializado Código 2028 Grado 14 | I34: Profesional Especializado Código 2028 Grado 14 | J34: Soporte | K34: HARDWARE [HW] | L34: Uso Interno = Medio | M34: =IFERROR(VLOOKUP(L34,'Listas Activos'!$B$24:$C$28,2,0),0) -> 3 | N34: Alto | O34: =IFERROR(VLOOKUP(N34,'Listas Activos'!$B$31:$C$35,2,0),0) -> 5 | P34: Alto | Q34: =IFERROR(VLOOKUP(P34,'Listas Activos'!$B$38:$C$42,2,0),0) -> 5 | R34: =IF(AND(M34>0,O34>0,Q34>0,U34="Si"),5,IF(OR(M34=0,O34=0,Q34=0),0,IF(AND(M34=1,O34=1,Q34=1),1,(IF(OR(AND(M34=5,O34=5),AND(O34=5,Q34=5),AND(M34=5,Q34=5),AND(M34=5,O34=5,Q34=5)),5,3))))) -> 5 | S34: =IFERROR(VLOOKUP(R34,'Listas Activos'!$B$4:$C$7,2,0),"-") -> Alto | U34: No | AI34: =IF(ISERROR(VLOOKUP(AG34,'Listas Ley Transparencia'!$H$3:$M$17,2,0)),"",VLOOKUP(AG34,'Listas Ley Transparencia'!$H$3:$M$17,2,0)) | AJ34: =IF(ISERROR(VLOOKUP(AG34,'Listas Ley Transparencia'!$H$3:$M$17,3,0)),"",VLOOKUP(AG34,'Listas Ley Transparencia'!$H$3:$M$17,3,0)) | AK34: =IF(ISERROR(VLOOKUP(AG34,'Listas Ley Transparencia'!$H$3:$M$17,4,0)),"",VLOOKUP(AG34,'Listas Ley Transparencia'!$H$3:$M$17,4,0)) | AL34: =IF(ISERROR(VLOOKUP(AG34,'Listas Ley Transparencia'!$H$3:$M$17,6,0)),"",VLOOKUP(AG34,'Listas Ley Transparencia'!$H$3:$M$17,6,0))
A35: 28 | B35: OIDT | C35: Gestión de Tecnologías de la Información | D35: SW3-PISO2-OFIC | E35: Switches de telecomunicaciones. Piso 2 | F35: Actualizado | G35: Toda la entidad | H35: Profesional Especializado Código 2028 Grado 14 | I35: Profesional Especializado Código 2028 Grado 14 | J35: Soporte | K35: HARDWARE [HW] | L35: Uso Interno = Medio | M35: =IFERROR(VLOOKUP(L35,'Listas Activos'!$B$24:$C$28,2,0),0) -> 3 | N35: Alto | O35: =IFERROR(VLOOKUP(N35,'Listas Activos'!$B$31:$C$35,2,0),0) -> 5 | P35: Alto | Q35: =IFERROR(VLOOKUP(P35,'Listas Activos'!$B$38:$C$42,2,0),0) -> 5 | R35: =IF(AND(M35>0,O35>0,Q35>0,U35="Si"),5,IF(OR(M35=0,O35=0,Q35=0),0,IF(AND(M35=1,O35=1,Q35=1),1,(IF(OR(AND(M35=5,O35=5),AND(O35=5,Q35=5),AND(M35=5,Q35=5),AND(M35=5,O35=5,Q35=5)),5,3))))) -> 5 | S35: =IFERROR(VLOOKUP(R35,'Listas Activos'!$B$4:$C$7,2,0),"-") -> Alto | U35: No | AI35: =IF(ISERROR(VLOOKUP(AG35,'Listas Ley Transparencia'!$H$3:$M$17,2,0)),"",VLOOKUP(AG35,'Listas Ley Transparencia'!$H$3:$M$17,2,0)) | AJ35: =IF(ISERROR(VLOOKUP(AG35,'Listas Ley Transparencia'!$H$3:$M$17,3,0)),"",VLOOKUP(AG35,'Listas Ley Transparencia'!$H$3:$M$17,3,0)) | AK35: =IF(ISERROR(VLOOKUP(AG35,'Listas Ley Transparencia'!$H$3:$M$17,4,0)),"",VLOOKUP(AG35,'Listas Ley Transparencia'!$H$3:$M$17,4,0)) | AL35: =IF(ISERROR(VLOOKUP(AG35,'Listas Ley Transparencia'!$H$3:$M$17,6,0)),"",VLOOKUP(AG35,'Listas Ley Transparencia'!$H$3:$M$17,6,0))
A36: 29 | B36: OIDT | C36: Gestión de Tecnologías de la Información | D36: SW1-PISO2-LAB | E36: Switches de telecomunicaciones. Piso 2 | F36: Actualizado | G36: Toda la entidad | H36: Profesional Especializado Código 2028 Grado 14 | I36: Profesional Especializado Código 2028 Grado 14 | J36: Soporte | K36: HARDWARE [HW] | L36: Uso Interno = Medio | M36: =IFERROR(VLOOKUP(L36,'Listas Activos'!$B$24:$C$28,2,0),0) -> 3 | N36: Alto | O36: =IFERROR(VLOOKUP(N36,'Listas Activos'!$B$31:$C$35,2,0),0) -> 5 | P36: Alto | Q36: =IFERROR(VLOOKUP(P36,'Listas Activos'!$B$38:$C$42,2,0),0) -> 5 | R36: =IF(AND(M36>0,O36>0,Q36>0,U36="Si"),5,IF(OR(M36=0,O36=0,Q36=0),0,IF(AND(M36=1,O36=1,Q36=1),1,(IF(OR(AND(M36=5,O36=5),AND(O36=5,Q36=5),AND(M36=5,Q36=5),AND(M36=5,O36=5,Q36=5)),5,3))))) -> 5 | S36: =IFERROR(VLOOKUP(R36,'Listas Activos'!$B$4:$C$7,2,0),"-") -> Alto | U36: No | AI36: =IF(ISERROR(VLOOKUP(AG36,'Listas Ley Transparencia'!$H$3:$M$17,2,0)),"",VLOOKUP(AG36,'Listas Ley Transparencia'!$H$3:$M$17,2,0)) | AJ36: =IF(ISERROR(VLOOKUP(AG36,'Listas Ley Transparencia'!$H$3:$M$17,3,0)),"",VLOOKUP(AG36,'Listas Ley Transparencia'!$H$3:$M$17,3,0)) | AK36: =IF(ISERROR(VLOOKUP(AG36,'Listas Ley Transparencia'!$H$3:$M$17,4,0)),"",VLOOKUP(AG36,'Listas Ley Transparencia'!$H$3:$M$17,4,0)) | AL36: =IF(ISERROR(VLOOKUP(AG36,'Listas Ley Transparencia'!$H$3:$M$17,6,0)),"",VLOOKUP(AG36,'Listas Ley Transparencia'!$H$3:$M$17,6,0))
A37: 30 | B37: OIDT | C37: Gestión de Tecnologías de la Información | D37: SW1-PISO3-OFIC | E37: Switches de telecomunicaciones. Piso 3 | F37: Actualizado | G37: Toda la entidad | H37: Profesional Especializado Código 2028 Grado 14 | I37: Profesional Especializado Código 2028 Grado 14 | J37: Soporte | K37: HARDWARE [HW] | L37: Uso Interno = Medio | M37: =IFERROR(VLOOKUP(L37,'Listas Activos'!$B$24:$C$28,2,0),0) -> 3 | N37: Alto | O37: =IFERROR(VLOOKUP(N37,'Listas Activos'!$B$31:$C$35,2,0),0) -> 5 | P37: Alto | Q37: =IFERROR(VLOOKUP(P37,'Listas Activos'!$B$38:$C$42,2,0),0) -> 5 | R37: =IF(AND(M37>0,O37>0,Q37>0,U37="Si"),5,IF(OR(M37=0,O37=0,Q37=0),0,IF(AND(M37=1,O37=1,Q37=1),1,(IF(OR(AND(M37=5,O37=5),AND(O37=5,Q37=5),AND(M37=5,Q37=5),AND(M37=5,O37=5,Q37=5)),5,3))))) -> 5 | S37: =IFERROR(VLOOKUP(R37,'Listas Activos'!$B$4:$C$7,2,0),"-") -> Alto | U37: No | AI37: =IF(ISERROR(VLOOKUP(AG37,'Listas Ley Transparencia'!$H$3:$M$17,2,0)),"",VLOOKUP(AG37,'Listas Ley Transparencia'!$H$3:$M$17,2,0)) | AJ37: =IF(ISERROR(VLOOKUP(AG37,'Listas Ley Transparencia'!$H$3:$M$17,3,0)),"",VLOOKUP(AG37,'Listas Ley Transparencia'!$H$3:$M$17,3,0)) | AK37: =IF(ISERROR(VLOOKUP(AG37,'Listas Ley Transparencia'!$H$3:$M$17,4,0)),"",VLOOKUP(AG37,'Listas Ley Transparencia'!$H$3:$M$17,4,0)) | AL37: =IF(ISERROR(VLOOKUP(AG37,'Listas Ley Transparencia'!$H$3:$M$17,6,0)),"",VLOOKUP(AG37,'Listas Ley Transparencia'!$H$3:$M$17,6,0))
A38: 31 | B38: OIDT | C38: Gestión de Tecnologías de la Información | D38: SW2-PISO3-OFIC | E38: Switches de telecomunicaciones. Piso 3 | F38: Actualizado | G38: Toda la entidad | H38: Profesional Especializado Código 2028 Grado 14 | I38: Profesional Especializado Código 2028 Grado 14 | J38: Soporte | K38: HARDWARE [HW] | L38: Uso Interno = Medio | M38: =IFERROR(VLOOKUP(L38,'Listas Activos'!$B$24:$C$28,2,0),0) -> 3 | N38: Alto | O38: =IFERROR(VLOOKUP(N38,'Listas Activos'!$B$31:$C$35,2,0),0) -> 5 | P38: Alto | Q38: =IFERROR(VLOOKUP(P38,'Listas Activos'!$B$38:$C$42,2,0),0) -> 5 | R38: =IF(AND(M38>0,O38>0,Q38>0,U38="Si"),5,IF(OR(M38=0,O38=0,Q38=0),0,IF(AND(M38=1,O38=1,Q38=1),1,(IF(OR(AND(M38=5,O38=5),AND(O38=5,Q38=5),AND(M38=5,Q38=5),AND(M38=5,O38=5,Q38=5)),5,3))))) -> 5 | S38: =IFERROR(VLOOKUP(R38,'Listas Activos'!$B$4:$C$7,2,0),"-") -> Alto | U38: No | AI38: =IF(ISERROR(VLOOKUP(AG38,'Listas Ley Transparencia'!$H$3:$M$17,2,0)),"",VLOOKUP(AG38,'Listas Ley Transparencia'!$H$3:$M$17,2,0)) | AJ38: =IF(ISERROR(VLOOKUP(AG38,'Listas Ley Transparencia'!$H$3:$M$17,3,0)),"",VLOOKUP(AG38,'Listas Ley Transparencia'!$H$3:$M$17,3,0)) | AK38: =IF(ISERROR(VLOOKUP(AG38,'Listas Ley Transparencia'!$H$3:$M$17,4,0)),"",VLOOKUP(AG38,'Listas Ley Transparencia'!$H$3:$M$17,4,0)) | AL38: =IF(ISERROR(VLOOKUP(AG38,'Listas Ley Transparencia'!$H$3:$M$17,6,0)),"",VLOOKUP(AG38,'Listas Ley Transparencia'!$H$3:$M$17,6,0))
A39: 32 | B39: OIDT | C39: Gestión de Tecnologías de la Información | D39: SW1-PISO3-LAB | E39: Switches de telecomunicaciones. Piso 3 | F39: Actualizado | G39: Toda la entidad | H39: Profesional Especializado Código 2028 Grado 14 | I39: Profesional Especializado Código 2028 Grado 14 | J39: Soporte | K39: HARDWARE [HW] | L39: Uso Interno = Medio | M39: =IFERROR(VLOOKUP(L39,'Listas Activos'!$B$24:$C$28,2,0),0) -> 3 | N39: Alto | O39: =IFERROR(VLOOKUP(N39,'Listas Activos'!$B$31:$C$35,2,0),0) -> 5 | P39: Alto | Q39: =IFERROR(VLOOKUP(P39,'Listas Activos'!$B$38:$C$42,2,0),0) -> 5 | R39: =IF(AND(M39>0,O39>0,Q39>0,U39="Si"),5,IF(OR(M39=0,O39=0,Q39=0),0,IF(AND(M39=1,O39=1,Q39=1),1,(IF(OR(AND(M39=5,O39=5),AND(O39=5,Q39=5),AND(M39=5,Q39=5),AND(M39=5,O39=5,Q39=5)),5,3))))) -> 5 | S39: =IFERROR(VLOOKUP(R39,'Listas Activos'!$B$4:$C$7,2,0),"-") -> Alto | U39: No | AI39: =IF(ISERROR(VLOOKUP(AG39,'Listas Ley Transparencia'!$H$3:$M$17,2,0)),"",VLOOKUP(AG39,'Listas Ley Transparencia'!$H$3:$M$17,2,0)) | AJ39: =IF(ISERROR(VLOOKUP(AG39,'Listas Ley Transparencia'!$H$3:$M$17,3,0)),"",VLOOKUP(AG39,'Listas Ley Transparencia'!$H$3:$M$17,3,0)) | AK39: =IF(ISERROR(VLOOKUP(AG39,'Listas Ley Transparencia'!$H$3:$M$17,4,0)),"",VLOOKUP(AG39,'Listas Ley Transparencia'!$H$3:$M$17,4,0)) | AL39: =IF(ISERROR(VLOOKUP(AG39,'Listas Ley Transparencia'!$H$3:$M$17,6,0)),"",VLOOKUP(AG39,'Listas Ley Transparencia'!$H$3:$M$17,6,0))
A40: 33 | B40: OIDT | C40: Gestión de Tecnologías de la Información | D40: SW2-PISO3-LAB | E40: Switches de telecomunicaciones. Piso 3 | F40: Actualizado | G40: Toda la entidad | H40: Profesional Especializado Código 2028 Grado 14 | I40: Profesional Especializado Código 2028 Grado 14 | J40: Soporte | K40: HARDWARE [HW] | L40: Uso Interno = Medio | M40: =IFERROR(VLOOKUP(L40,'Listas Activos'!$B$24:$C$28,2,0),0) -> 3 | N40: Alto | O40: =IFERROR(VLOOKUP(N40,'Listas Activos'!$B$31:$C$35,2,0),0) -> 5 | P40: Alto | Q40: =IFERROR(VLOOKUP(P40,'Listas Activos'!$B$38:$C$42,2,0),0) -> 5 | R40: =IF(AND(M40>0,O40>0,Q40>0,U40="Si"),5,IF(OR(M40=0,O40=0,Q40=0),0,IF(AND(M40=1,O40=1,Q40=1),1,(IF(OR(AND(M40=5,O40=5),AND(O40=5,Q40=5),AND(M40=5,Q40=5),AND(M40=5,O40=5,Q40=5)),5,3))))) -> 5 | S40: =IFERROR(VLOOKUP(R40,'Listas Activos'!$B$4:$C$7,2,0),"-") -> Alto | U40: No | AI40: =IF(ISERROR(VLOOKUP(AG40,'Listas Ley Transparencia'!$H$3:$M$17,2,0)),"",VLOOKUP(AG40,'Listas Ley Transparencia'!$H$3:$M$17,2,0)) | AJ40: =IF(ISERROR(VLOOKUP(AG40,'Listas Ley Transparencia'!$H$3:$M$17,3,0)),"",VLOOKUP(AG40,'Listas Ley Transparencia'!$H$3:$M$17,3,0)) | AK40: =IF(ISERROR(VLOOKUP(AG40,'Listas Ley Transparencia'!$H$3:$M$17,4,0)),"",VLOOKUP(AG40,'Listas Ley Transparencia'!$H$3:$M$17,4,0)) | AL40: =IF(ISERROR(VLOOKUP(AG40,'Listas Ley Transparencia'!$H$3:$M$17,6,0)),"",VLOOKUP(AG40,'Listas Ley Transparencia'!$H$3:$M$17,6,0))
A41: 34 | B41: OIDT | C41: Gestión de Tecnologías de la Información | D41: SW1-PISO3-LAB-HLC | E41: Switches de telecomunicaciones. Piso 3 | F41: Actualizado | G41: Toda la entidad | H41: Profesional Especializado Código 2028 Grado 14 | I41: Profesional Especializado Código 2028 Grado 14 | J41: Soporte | K41: HARDWARE [HW] | L41: Uso Interno = Medio | M41: =IFERROR(VLOOKUP(L41,'Listas Activos'!$B$24:$C$28,2,0),0) -> 3 | N41: Alto | O41: =IFERROR(VLOOKUP(N41,'Listas Activos'!$B$31:$C$35,2,0),0) -> 5 | P41: Alto | Q41: =IFERROR(VLOOKUP(P41,'Listas Activos'!$B$38:$C$42,2,0),0) -> 5 | R41: =IF(AND(M41>0,O41>0,Q41>0,U41="Si"),5,IF(OR(M41=0,O41=0,Q41=0),0,IF(AND(M41=1,O41=1,Q41=1),1,(IF(OR(AND(M41=5,O41=5),AND(O41=5,Q41=5),AND(M41=5,Q41=5),AND(M41=5,O41=5,Q41=5)),5,3))))) -> 5 | S41: =IFERROR(VLOOKUP(R41,'Listas Activos'!$B$4:$C$7,2,0),"-") -> Alto | U41: No | AI41: =IF(ISERROR(VLOOKUP(AG41,'Listas Ley Transparencia'!$H$3:$M$17,2,0)),"",VLOOKUP(AG41,'Listas Ley Transparencia'!$H$3:$M$17,2,0)) | AJ41: =IF(ISERROR(VLOOKUP(AG41,'Listas Ley Transparencia'!$H$3:$M$17,3,0)),"",VLOOKUP(AG41,'Listas Ley Transparencia'!$H$3:$M$17,3,0)) | AK41: =IF(ISERROR(VLOOKUP(AG41,'Listas Ley Transparencia'!$H$3:$M$17,4,0)),"",VLOOKUP(AG41,'Listas Ley Transparencia'!$H$3:$M$17,4,0)) | AL41: =IF(ISERROR(VLOOKUP(AG41,'Listas Ley Transparencia'!$H$3:$M$17,6,0)),"",VLOOKUP(AG41,'Listas Ley Transparencia'!$H$3:$M$17,6,0))
... A51: 44 | B51: OIDT | C51: Gestión de Tecnologías de la Información | D51: Unidad de cintas LTO6 | E51: Unidad para sacar backups | F51: Actualizado | G51: Toda la entidad | H51: Profesional Especializado Código 2028 Grado 14 | I51: Profesional Especializado Código 2028 Grado 14 | J51: Soporte | K51: HARDWARE [HW] | L51: Uso Interno = Medio | M51: =IFERROR(VLOOKUP(L51,'Listas Activos'!$B$24:$C$28,2,0),0) -> 3 | N51: Medio | O51: =IFERROR(VLOOKUP(N51,'Listas Activos'!$B$31:$C$35,2,0),0) -> 3 | P51: Alto | Q51: =IFERROR(VLOOKUP(P51,'Listas Activos'!$B$38:$C$42,2,0),0) -> 5 | R51: =IF(AND(M51>0,O51>0,Q51>0,U51="Si"),5,IF(OR(M51=0,O51=0,Q51=0),0,IF(AND(M51=1,O51=1,Q51=1),1,(IF(OR(AND(M51=5,O51=5),AND(O51=5,Q51=5),AND(M51=5,Q51=5),AND(M51=5,O51=5,Q51=5)),5,3))))) -> 3 | S51: =IFERROR(VLOOKUP(R51,'Listas Activos'!$B$4:$C$7,2,0),"-") -> Medio | U51: No | AI51: =IF(ISERROR(VLOOKUP(AG51,'Listas Ley Transparencia'!$H$3:$M$17,2,0)),"",VLOOKUP(AG51,'Listas Ley Transparencia'!$H$3:$M$17,2,0)) | AJ51: =IF(ISERROR(VLOOKUP(AG51,'Listas Ley Transparencia'!$H$3:$M$17,3,0)),"",VLOOKUP(AG51,'Listas Ley Transparencia'!$H$3:$M$17,3,0)) | AK51: =IF(ISERROR(VLOOKUP(AG51,'Listas Ley Transparencia'!$H$3:$M$17,4,0)),"",VLOOKUP(AG51,'Listas Ley Transparencia'!$H$3:$M$17,4,0)) | AL51: =IF(ISERROR(VLOOKUP(AG51,'Listas Ley Transparencia'!$H$3:$M$17,6,0)),"",VLOOKUP(AG51,'Listas Ley Transparencia'!$H$3:$M$17,6,0))
A52: 45 | B52: OIDT | C52: Gestión de Tecnologías de la Información | D52: Cintas de backup | E52: Cintas donde se generan los backups | F52: Actualizado | G52: Toda la entidad | H52: Profesional Especializado Código 2028 Grado 14 | I52: Profesional Especializado Código 2028 Grado 14 | J52: Soporte | K52: HARDWARE [HW] | L52: Clasificada = Alta | M52: =IFERROR(VLOOKUP(L52,'Listas Activos'!$B$24:$C$28,2,0),0) -> 5 | N52: Alto | O52: =IFERROR(VLOOKUP(N52,'Listas Activos'!$B$31:$C$35,2,0),0) -> 5 | P52: Alto | Q52: =IFERROR(VLOOKUP(P52,'Listas Activos'!$B$38:$C$42,2,0),0) -> 5 | R52: =IF(AND(M52>0,O52>0,Q52>0,U52="Si"),5,IF(OR(M52=0,O52=0,Q52=0),0,IF(AND(M52=1,O52=1,Q52=1),1,(IF(OR(AND(M52=5,O52=5),AND(O52=5,Q52=5),AND(M52=5,Q52=5),AND(M52=5,O52=5,Q52=5)),5,3))))) -> 5 | S52: =IFERROR(VLOOKUP(R52,'Listas Activos'!$B$4:$C$7,2,0),"-") -> Alto | U52: Si | V52: No | W52: No | X52: Si | Y52: No | AI52: =IF(ISERROR(VLOOKUP(AG52,'Listas Ley Transparencia'!$H$3:$M$17,2,0)),"",VLOOKUP(AG52,'Listas Ley Transparencia'!$H$3:$M$17,2,0)) | AJ52: =IF(ISERROR(VLOOKUP(AG52,'Listas Ley Transparencia'!$H$3:$M$17,3,0)),"",VLOOKUP(AG52,'Listas Ley Transparencia'!$H$3:$M$17,3,0)) | AK52: =IF(ISERROR(VLOOKUP(AG52,'Listas Ley Transparencia'!$H$3:$M$17,4,0)),"",VLOOKUP(AG52,'Listas Ley Transparencia'!$H$3:$M$17,4,0)) | AL52: =IF(ISERROR(VLOOKUP(AG52,'Listas Ley Transparencia'!$H$3:$M$17,6,0)),"",VLOOKUP(AG52,'Listas Ley Transparencia'!$H$3:$M$17,6,0))
A53: 46 | B53: OIDT | C53: Gestión de Tecnologías de la Información | D53: Base de datos BPMETRO | E53: Base de datos BPMETRO | F53: Actualizado | G53: Toda la entidad | H53: Contratista(s) de tecnologias de la información | I53: Profesional Especializado Código 2028 Grado 18 | J53: Primario | K53: BASES DE DATOS [BD] | L53: Clasificada = Alta | M53: =IFERROR(VLOOKUP(L53,'Listas Activos'!$B$24:$C$28,2,0),0) -> 5 | N53: Alto | O53: =IFERROR(VLOOKUP(N53,'Listas Activos'!$B$31:$C$35,2,0),0) -> 5 | P53: Alto | Q53: =IFERROR(VLOOKUP(P53,'Listas Activos'!$B$38:$C$42,2,0),0) -> 5 | R53: =IF(AND(M53>0,O53>0,Q53>0,U53="Si"),5,IF(OR(M53=0,O53=0,Q53=0),0,IF(AND(M53=1,O53=1,Q53=1),1,(IF(OR(AND(M53=5,O53=5),AND(O53=5,Q53=5),AND(M53=5,Q53=5),AND(M53=5,O53=5,Q53=5)),5,3))))) -> 5 | S53: =IFERROR(VLOOKUP(R53,'Listas Activos'!$B$4:$C$7,2,0),"-") -> Alto | U53: Si | V53: No | W53: No | X53: Si | Y53: No | Z53: Español | AA53: Electrónico (doc, txt,csv,pdf,jpg, pdf, video digital) | AB53: Otro | AC53: No publicado o No disponible | AD53: 42005 | AE53: Definido manualmente | AF53: Usuarios internos INM | AG53: Pone en riesgo la intimidad de las personas | AH53: Ley 1712 de 2014 | AI53: =IF(ISERROR(VLOOKUP(AG53,'Listas Ley Transparencia'!$H$3:$M$17,2,0)),"",VLOOKUP(AG53,'Listas Ley Transparencia'!$H$3:$M$17,2,0)) -> Información exceptuada por daño de derechos a personas naturales o jurídicas. Articulo 18 Ley 1712 de 2014 | AJ53: =IF(ISERROR(VLOOKUP(AG53,'Listas Ley Transparencia'!$H$3:$M$17,3,0)),"",VLOOKUP(AG53,'Listas Ley Transparencia'!$H$3:$M$17,3,0)) -> El derecho de toda persona a la intimidad, bajo las limitaciones propias que impone la condición de servidor publico, en concordancia con lo estipulado | AK53: =IF(ISERROR(VLOOKUP(AG53,'Listas Ley Transparencia'!$H$3:$M$17,4,0)),"",VLOOKUP(AG53,'Listas Ley Transparencia'!$H$3:$M$17,4,0)) -> Publica Clasificada | AL53: =IF(ISERROR(VLOOKUP(AG53,'Listas Ley Transparencia'!$H$3:$M$17,6,0)),"",VLOOKUP(AG53,'Listas Ley Transparencia'!$H$3:$M$17,6,0)) -> Ilimitada | AM53: Parcial | AN53: 45945 | AO53: Diario | AP53: Sistemas de información | AQ53: BPMETRO
A54: 47 | B54: OIDT | C54: Gestión de Tecnologías de la Información | D54: Isolucion | E54: Base de datos ISOLUCION | F54: Actualizado | G54: Toda la entidad | H54: Contratista(s) de tecnologias de la información | I54: Profesional Especializado Código 2028 Grado 18 | J54: Primario | K54: BASES DE DATOS [BD] | L54: Clasificada = Alta | M54: =IFERROR(VLOOKUP(L54,'Listas Activos'!$B$24:$C$28,2,0),0) -> 5 | N54: Alto | O54: =IFERROR(VLOOKUP(N54,'Listas Activos'!$B$31:$C$35,2,0),0) -> 5 | P54: Alto | Q54: =IFERROR(VLOOKUP(P54,'Listas Activos'!$B$38:$C$42,2,0),0) -> 5 | R54: =IF(AND(M54>0,O54>0,Q54>0,U54="Si"),5,IF(OR(M54=0,O54=0,Q54=0),0,IF(AND(M54=1,O54=1,Q54=1),1,(IF(OR(AND(M54=5,O54=5),AND(O54=5,Q54=5),AND(M54=5,Q54=5),AND(M54=5,O54=5,Q54=5)),5,3))))) -> 5 | S54: =IFERROR(VLOOKUP(R54,'Listas Activos'!$B$4:$C$7,2,0),"-") -> Alto | U54: Si | V54: No | W54: No | X54: Si | Y54: No | Z54: Español | AA54: Electrónico (doc, txt,csv,pdf,jpg, pdf, video digital) | AB54: Otro | AC54: No publicado o No disponible | AD54: 42005 | AE54: Definido manualmente | AF54: Usuarios internos INM | AG54: Pone en riesgo la intimidad de las personas | AH54: Ley 1712 de 2014 | AI54: =IF(ISERROR(VLOOKUP(AG54,'Listas Ley Transparencia'!$H$3:$M$17,2,0)),"",VLOOKUP(AG54,'Listas Ley Transparencia'!$H$3:$M$17,2,0)) -> Información exceptuada por daño de derechos a personas naturales o jurídicas. Articulo 18 Ley 1712 de 2014 | AJ54: =IF(ISERROR(VLOOKUP(AG54,'Listas Ley Transparencia'!$H$3:$M$17,3,0)),"",VLOOKUP(AG54,'Listas Ley Transparencia'!$H$3:$M$17,3,0)) -> El derecho de toda persona a la intimidad, bajo las limitaciones propias que impone la condición de servidor publico, en concordancia con lo estipulado | AK54: =IF(ISERROR(VLOOKUP(AG54,'Listas Ley Transparencia'!$H$3:$M$17,4,0)),"",VLOOKUP(AG54,'Listas Ley Transparencia'!$H$3:$M$17,4,0)) -> Publica Clasificada | AL54: =IF(ISERROR(VLOOKUP(AG54,'Listas Ley Transparencia'!$H$3:$M$17,6,0)),"",VLOOKUP(AG54,'Listas Ley Transparencia'!$H$3:$M$17,6,0)) -> Ilimitada | AM54: Parcial | AN54: 45945 | AO54: Diario | AP54: Sistemas de información | AQ54: ISOUCION
A55: 48 | B55: OIDT | C55: Gestión de Tecnologías de la Información | D55: KactusProduccion | E55: Base de datos KACTUS | F55: Actualizado | G55: Toda la entidad | H55: Contratista(s) de tecnologias de la información | I55: Profesional Especializado Código 2028 Grado 18 | J55: Primario | K55: BASES DE DATOS [BD] | L55: Clasificada = Alta | M55: =IFERROR(VLOOKUP(L55,'Listas Activos'!$B$24:$C$28,2,0),0) -> 5 | N55: Alto | O55: =IFERROR(VLOOKUP(N55,'Listas Activos'!$B$31:$C$35,2,0),0) -> 5 | P55: Alto | Q55: =IFERROR(VLOOKUP(P55,'Listas Activos'!$B$38:$C$42,2,0),0) -> 5 | R55: =IF(AND(M55>0,O55>0,Q55>0,U55="Si"),5,IF(OR(M55=0,O55=0,Q55=0),0,IF(AND(M55=1,O55=1,Q55=1),1,(IF(OR(AND(M55=5,O55=5),AND(O55=5,Q55=5),AND(M55=5,Q55=5),AND(M55=5,O55=5,Q55=5)),5,3))))) -> 5 | S55: =IFERROR(VLOOKUP(R55,'Listas Activos'!$B$4:$C$7,2,0),"-") -> Alto | U55: Si | V55: No | W55: No | X55: Si | Y55: No | Z55: Español | AA55: Electrónico (doc, txt,csv,pdf,jpg, pdf, video digital) | AB55: Otro | AC55: No publicado o No disponible | AD55: 42005 | AE55: Definido manualmente | AF55: Usuarios internos INM | AG55: Pone en riesgo la intimidad de las personas | AH55: Ley 1712 de 2014 | AI55: =IF(ISERROR(VLOOKUP(AG55,'Listas Ley Transparencia'!$H$3:$M$17,2,0)),"",VLOOKUP(AG55,'Listas Ley Transparencia'!$H$3:$M$17,2,0)) -> Información exceptuada por daño de derechos a personas naturales o jurídicas. Articulo 18 Ley 1712 de 2014 | AJ55: =IF(ISERROR(VLOOKUP(AG55,'Listas Ley Transparencia'!$H$3:$M$17,3,0)),"",VLOOKUP(AG55,'Listas Ley Transparencia'!$H$3:$M$17,3,0)) -> El derecho de toda persona a la intimidad, bajo las limitaciones propias que impone la condición de servidor publico, en concordancia con lo estipulado | AK55: =IF(ISERROR(VLOOKUP(AG55,'Listas Ley Transparencia'!$H$3:$M$17,4,0)),"",VLOOKUP(AG55,'Listas Ley Transparencia'!$H$3:$M$17,4,0)) -> Publica Clasificada | AL55: =IF(ISERROR(VLOOKUP(AG55,'Listas Ley Transparencia'!$H$3:$M$17,6,0)),"",VLOOKUP(AG55,'Listas Ley Transparencia'!$H$3:$M$17,6,0)) -> Ilimitada | AM55: Parcial | AN55: 45945 | AO55: Diario | AP55: Sistemas de información | AQ55: KACTUS
A56: 49 | B56: OIDT | C56: Gestión de Tecnologías de la Información | D56: MetrologyProduccion | E56: Base de datos BPMETRO | F56: Actualizado | G56: Toda la entidad | H56: Contratista(s) de tecnologias de la información | I56: Profesional Especializado Código 2028 Grado 18 | J56: Primario | K56: BASES DE DATOS [BD] | L56: Clasificada = Alta | M56: =IFERROR(VLOOKUP(L56,'Listas Activos'!$B$24:$C$28,2,0),0) -> 5 | N56: Alto | O56: =IFERROR(VLOOKUP(N56,'Listas Activos'!$B$31:$C$35,2,0),0) -> 5 | P56: Alto | Q56: =IFERROR(VLOOKUP(P56,'Listas Activos'!$B$38:$C$42,2,0),0) -> 5 | R56: =IF(AND(M56>0,O56>0,Q56>0,U56="Si"),5,IF(OR(M56=0,O56=0,Q56=0),0,IF(AND(M56=1,O56=1,Q56=1),1,(IF(OR(AND(M56=5,O56=5),AND(O56=5,Q56=5),AND(M56=5,Q56=5),AND(M56=5,O56=5,Q56=5)),5,3))))) -> 5 | S56: =IFERROR(VLOOKUP(R56,'Listas Activos'!$B$4:$C$7,2,0),"-") -> Alto | U56: Si | V56: No | W56: No | X56: Si | Y56: No | Z56: Español | AA56: Electrónico (doc, txt,csv,pdf,jpg, pdf, video digital) | AB56: Otro | AC56: No publicado o No disponible | AD56: 42005 | AE56: Definido manualmente | AF56: Usuarios internos INM | AG56: Pone en riesgo la intimidad de las personas | AH56: Ley 1712 de 2014 | AI56: =IF(ISERROR(VLOOKUP(AG56,'Listas Ley Transparencia'!$H$3:$M$17,2,0)),"",VLOOKUP(AG56,'Listas Ley Transparencia'!$H$3:$M$17,2,0)) -> Información exceptuada por daño de derechos a personas naturales o jurídicas. Articulo 18 Ley 1712 de 2014 | AJ56: =IF(ISERROR(VLOOKUP(AG56,'Listas Ley Transparencia'!$H$3:$M$17,3,0)),"",VLOOKUP(AG56,'Listas Ley Transparencia'!$H$3:$M$17,3,0)) -> El derecho de toda persona a la intimidad, bajo las limitaciones propias que impone la condición de servidor publico, en concordancia con lo estipulado | AK56: =IF(ISERROR(VLOOKUP(AG56,'Listas Ley Transparencia'!$H$3:$M$17,4,0)),"",VLOOKUP(AG56,'Listas Ley Transparencia'!$H$3:$M$17,4,0)) -> Publica Clasificada | AL56: =IF(ISERROR(VLOOKUP(AG56,'Listas Ley Transparencia'!$H$3:$M$17,6,0)),"",VLOOKUP(AG56,'Listas Ley Transparencia'!$H$3:$M$17,6,0)) -> Ilimitada | AM56: Parcial | AN56: 45945 | AO56: Diario | AP56: Sistemas de información | AQ56: BPMETRO
A57: 50 | B57: OIDT | C57: Gestión de Tecnologías de la Información | D57: OpheliaSuite PROD | E57: Base de datos BPMETRO | F57: Actualizado | G57: Toda la entidad | H57: Contratista(s) de tecnologias de la información | I57: Profesional Especializado Código 2028 Grado 18 | J57: Primario | K57: BASES DE DATOS [BD] | L57: Clasificada = Alta | M57: =IFERROR(VLOOKUP(L57,'Listas Activos'!$B$24:$C$28,2,0),0) -> 5 | N57: Alto | O57: =IFERROR(VLOOKUP(N57,'Listas Activos'!$B$31:$C$35,2,0),0) -> 5 | P57: Alto | Q57: =IFERROR(VLOOKUP(P57,'Listas Activos'!$B$38:$C$42,2,0),0) -> 5 | R57: =IF(AND(M57>0,O57>0,Q57>0,U57="Si"),5,IF(OR(M57=0,O57=0,Q57=0),0,IF(AND(M57=1,O57=1,Q57=1),1,(IF(OR(AND(M57=5,O57=5),AND(O57=5,Q57=5),AND(M57=5,Q57=5),AND(M57=5,O57=5,Q57=5)),5,3))))) -> 5 | S57: =IFERROR(VLOOKUP(R57,'Listas Activos'!$B$4:$C$7,2,0),"-") -> Alto | U57: Si | V57: No | W57: No | X57: Si | Y57: No | Z57: Español | AA57: Electrónico (doc, txt,csv,pdf,jpg, pdf, video digital) | AB57: Otro | AC57: No publicado o No disponible | AD57: 42005 | AE57: Definido manualmente | AF57: Usuarios internos INM | AG57: Pone en riesgo la intimidad de las personas | AH57: Ley 1712 de 2014 | AI57: =IF(ISERROR(VLOOKUP(AG57,'Listas Ley Transparencia'!$H$3:$M$17,2,0)),"",VLOOKUP(AG57,'Listas Ley Transparencia'!$H$3:$M$17,2,0)) -> Información exceptuada por daño de derechos a personas naturales o jurídicas. Articulo 18 Ley 1712 de 2014 | AJ57: =IF(ISERROR(VLOOKUP(AG57,'Listas Ley Transparencia'!$H$3:$M$17,3,0)),"",VLOOKUP(AG57,'Listas Ley Transparencia'!$H$3:$M$17,3,0)) -> El derecho de toda persona a la intimidad, bajo las limitaciones propias que impone la condición de servidor publico, en concordancia con lo estipulado | AK57: =IF(ISERROR(VLOOKUP(AG57,'Listas Ley Transparencia'!$H$3:$M$17,4,0)),"",VLOOKUP(AG57,'Listas Ley Transparencia'!$H$3:$M$17,4,0)) -> Publica Clasificada | AL57: =IF(ISERROR(VLOOKUP(AG57,'Listas Ley Transparencia'!$H$3:$M$17,6,0)),"",VLOOKUP(AG57,'Listas Ley Transparencia'!$H$3:$M$17,6,0)) -> Ilimitada | AM57: Parcial | AN57: 45945 | AO57: Diario | AP57: Sistemas de información | AQ57: BPMETRO
A58: 51 | B58: OIDT | C58: Gestión de Tecnologías de la Información | D58: Base de datos BPMETRO 2 | E58: Base de datos BPMETRO | F58: Actualizado | G58: Toda la entidad | H58: Contratista(s) de tecnologias de la información | I58: Profesional Especializado Código 2028 Grado 18 | J58: Primario | K58: BASES DE DATOS [BD] | L58: Clasificada = Alta | M58: =IFERROR(VLOOKUP(L58,'Listas Activos'!$B$24:$C$28,2,0),0) -> 5 | N58: Alto | O58: =IFERROR(VLOOKUP(N58,'Listas Activos'!$B$31:$C$35,2,0),0) -> 5 | P58: Alto | Q58: =IFERROR(VLOOKUP(P58,'Listas Activos'!$B$38:$C$42,2,0),0) -> 5 | R58: =IF(AND(M58>0,O58>0,Q58>0,U58="Si"),5,IF(OR(M58=0,O58=0,Q58=0),0,IF(AND(M58=1,O58=1,Q58=1),1,(IF(OR(AND(M58=5,O58=5),AND(O58=5,Q58=5),AND(M58=5,Q58=5),AND(M58=5,O58=5,Q58=5)),5,3))))) -> 5 | S58: =IFERROR(VLOOKUP(R58,'Listas Activos'!$B$4:$C$7,2,0),"-") -> Alto | U58: Si | V58: No | W58: No | X58: Si | Y58: No | Z58: Español | AA58: Electrónico (doc, txt,csv,pdf,jpg, pdf, video digital) | AB58: Otro | AC58: No publicado o No disponible | AD58: 42005 | AE58: Definido manualmente | AF58: Usuarios internos INM | AG58: Pone en riesgo la intimidad de las personas | AH58: Ley 1712 de 2014 | AI58: =IF(ISERROR(VLOOKUP(AG58,'Listas Ley Transparencia'!$H$3:$M$17,2,0)),"",VLOOKUP(AG58,'Listas Ley Transparencia'!$H$3:$M$17,2,0)) -> Información exceptuada por daño de derechos a personas naturales o jurídicas. Articulo 18 Ley 1712 de 2014 | AJ58: =IF(ISERROR(VLOOKUP(AG58,'Listas Ley Transparencia'!$H$3:$M$17,3,0)),"",VLOOKUP(AG58,'Listas Ley Transparencia'!$H$3:$M$17,3,0)) -> El derecho de toda persona a la intimidad, bajo las limitaciones propias que impone la condición de servidor publico, en concordancia con lo estipulado | AK58: =IF(ISERROR(VLOOKUP(AG58,'Listas Ley Transparencia'!$H$3:$M$17,4,0)),"",VLOOKUP(AG58,'Listas Ley Transparencia'!$H$3:$M$17,4,0)) -> Publica Clasificada | AL58: =IF(ISERROR(VLOOKUP(AG58,'Listas Ley Transparencia'!$H$3:$M$17,6,0)),"",VLOOKUP(AG58,'Listas Ley Transparencia'!$H$3:$M$17,6,0)) -> Ilimitada | AM58: Parcial | AN58: 45945 | AO58: Diario | AP58: Sistemas de información | AQ58: BPMETRO
A59: 52 | B59: OIDT | C59: Gestión de Tecnologías de la Información | D59: Base de datos SGDEA | E59: Base de datos SGDEA | F59: Actualizado | G59: Toda la entidad | H59: Contratista(s) de tecnologias de la información | I59: Profesional Especializado Código 2028 Grado 18 | J59: Primario | K59: BASES DE DATOS [BD] | L59: Clasificada = Alta | M59: =IFERROR(VLOOKUP(L59,'Listas Activos'!$B$24:$C$28,2,0),0) -> 5 | N59: Alto | O59: =IFERROR(VLOOKUP(N59,'Listas Activos'!$B$31:$C$35,2,0),0) -> 5 | P59: Alto | Q59: =IFERROR(VLOOKUP(P59,'Listas Activos'!$B$38:$C$42,2,0),0) -> 5 | R59: =IF(AND(M59>0,O59>0,Q59>0,U59="Si"),5,IF(OR(M59=0,O59=0,Q59=0),0,IF(AND(M59=1,O59=1,Q59=1),1,(IF(OR(AND(M59=5,O59=5),AND(O59=5,Q59=5),AND(M59=5,Q59=5),AND(M59=5,O59=5,Q59=5)),5,3))))) -> 5 | S59: =IFERROR(VLOOKUP(R59,'Listas Activos'!$B$4:$C$7,2,0),"-") -> Alto | U59: Si | V59: No | W59: No | X59: Si | Y59: No | Z59: Español | AA59: Electrónico (doc, txt,csv,pdf,jpg, pdf, video digital) | AB59: Otro | AC59: No publicado o No disponible | AD59: 42005 | AE59: Definido manualmente | AF59: Usuarios internos INM | AG59: Pone en riesgo la intimidad de las personas | AH59: Ley 1712 de 2014 | AI59: =IF(ISERROR(VLOOKUP(AG59,'Listas Ley Transparencia'!$H$3:$M$17,2,0)),"",VLOOKUP(AG59,'Listas Ley Transparencia'!$H$3:$M$17,2,0)) -> Información exceptuada por daño de derechos a personas naturales o jurídicas. Articulo 18 Ley 1712 de 2014 | AJ59: =IF(ISERROR(VLOOKUP(AG59,'Listas Ley Transparencia'!$H$3:$M$17,3,0)),"",VLOOKUP(AG59,'Listas Ley Transparencia'!$H$3:$M$17,3,0)) -> El derecho de toda persona a la intimidad, bajo las limitaciones propias que impone la condición de servidor publico, en concordancia con lo estipulado | AK59: =IF(ISERROR(VLOOKUP(AG59,'Listas Ley Transparencia'!$H$3:$M$17,4,0)),"",VLOOKUP(AG59,'Listas Ley Transparencia'!$H$3:$M$17,4,0)) -> Publica Clasificada | AL59: =IF(ISERROR(VLOOKUP(AG59,'Listas Ley Transparencia'!$H$3:$M$17,6,0)),"",VLOOKUP(AG59,'Listas Ley Transparencia'!$H$3:$M$17,6,0)) -> Ilimitada | AM59: Parcial | AN59: 45945 | AO59: Diario | AP59: Sistemas de información | AQ59: SGDEA
A60: 53 | B60: OIDT | C60: Gestión de Tecnologías de la Información | D60: Base de datos OPHELIA | E60: Base de datos OPHELIA | F60: Actualizado | G60: Toda la entidad | H60: Contratista(s) de tecnologias de la información | I60: Profesional Especializado Código 2028 Grado 18 | J60: Primario | K60: BASES DE DATOS [BD] | L60: Clasificada = Alta | M60: =IFERROR(VLOOKUP(L60,'Listas Activos'!$B$24:$C$28,2,0),0) -> 5 | N60: Alto | O60: =IFERROR(VLOOKUP(N60,'Listas Activos'!$B$31:$C$35,2,0),0) -> 5 | P60: Alto | Q60: =IFERROR(VLOOKUP(P60,'Listas Activos'!$B$38:$C$42,2,0),0) -> 5 | R60: =IF(AND(M60>0,O60>0,Q60>0,U60="Si"),5,IF(OR(M60=0,O60=0,Q60=0),0,IF(AND(M60=1,O60=1,Q60=1),1,(IF(OR(AND(M60=5,O60=5),AND(O60=5,Q60=5),AND(M60=5,Q60=5),AND(M60=5,O60=5,Q60=5)),5,3))))) -> 5 | S60: =IFERROR(VLOOKUP(R60,'Listas Activos'!$B$4:$C$7,2,0),"-") -> Alto | U60: Si | V60: No | W60: No | X60: Si | Y60: No | Z60: Español | AA60: Electrónico (doc, txt,csv,pdf,jpg, pdf, video digital) | AB60: Otro | AC60: No publicado o No disponible | AD60: 42005 | AE60: Definido manualmente | AF60: Usuarios internos INM | AG60: Pone en riesgo la intimidad de las personas | AH60: Ley 1712 de 2014 | AI60: =IF(ISERROR(VLOOKUP(AG60,'Listas Ley Transparencia'!$H$3:$M$17,2,0)),"",VLOOKUP(AG60,'Listas Ley Transparencia'!$H$3:$M$17,2,0)) -> Información exceptuada por daño de derechos a personas naturales o jurídicas. Articulo 18 Ley 1712 de 2014 | AJ60: =IF(ISERROR(VLOOKUP(AG60,'Listas Ley Transparencia'!$H$3:$M$17,3,0)),"",VLOOKUP(AG60,'Listas Ley Transparencia'!$H$3:$M$17,3,0)) -> El derecho de toda persona a la intimidad, bajo las limitaciones propias que impone la condición de servidor publico, en concordancia con lo estipulado | AK60: =IF(ISERROR(VLOOKUP(AG60,'Listas Ley Transparencia'!$H$3:$M$17,4,0)),"",VLOOKUP(AG60,'Listas Ley Transparencia'!$H$3:$M$17,4,0)) -> Publica Clasificada | AL60: =IF(ISERROR(VLOOKUP(AG60,'Listas Ley Transparencia'!$H$3:$M$17,6,0)),"",VLOOKUP(AG60,'Listas Ley Transparencia'!$H$3:$M$17,6,0)) -> Ilimitada | AM60: Parcial | AN60: 45945 | AO60: Diario | AP60: Sistemas de información | AQ60: OPHELIA
A61: 54 | B61: OIDT | C61: Gestión de Tecnologías de la Información | D61: OpheliaSuite PROD | E61: Base de datos OPHELIA | F61: Actualizado | G61: Toda la entidad | H61: Contratista(s) de tecnologias de la información | I61: Profesional Especializado Código 2028 Grado 18 | J61: Primario | K61: BASES DE DATOS [BD] | L61: Clasificada = Alta | M61: =IFERROR(VLOOKUP(L61,'Listas Activos'!$B$24:$C$28,2,0),0) -> 5 | N61: Alto | O61: =IFERROR(VLOOKUP(N61,'Listas Activos'!$B$31:$C$35,2,0),0) -> 5 | P61: Alto | Q61: =IFERROR(VLOOKUP(P61,'Listas Activos'!$B$38:$C$42,2,0),0) -> 5 | R61: =IF(AND(M61>0,O61>0,Q61>0,U61="Si"),5,IF(OR(M61=0,O61=0,Q61=0),0,IF(AND(M61=1,O61=1,Q61=1),1,(IF(OR(AND(M61=5,O61=5),AND(O61=5,Q61=5),AND(M61=5,Q61=5),AND(M61=5,O61=5,Q61=5)),5,3))))) -> 5 | S61: =IFERROR(VLOOKUP(R61,'Listas Activos'!$B$4:$C$7,2,0),"-") -> Alto | U61: Si | V61: No | W61: No | X61: Si | Y61: No | Z61: Español | AA61: Electrónico (doc, txt,csv,pdf,jpg, pdf, video digital) | AB61: Otro | AC61: No publicado o No disponible | AD61: 42005 | AE61: Definido manualmente | AF61: Usuarios internos INM | AG61: Pone en riesgo la intimidad de las personas | AH61: Ley 1712 de 2014 | AI61: =IF(ISERROR(VLOOKUP(AG61,'Listas Ley Transparencia'!$H$3:$M$17,2,0)),"",VLOOKUP(AG61,'Listas Ley Transparencia'!$H$3:$M$17,2,0)) -> Información exceptuada por daño de derechos a personas naturales o jurídicas. Articulo 18 Ley 1712 de 2014 | AJ61: =IF(ISERROR(VLOOKUP(AG61,'Listas Ley Transparencia'!$H$3:$M$17,3,0)),"",VLOOKUP(AG61,'Listas Ley Transparencia'!$H$3:$M$17,3,0)) -> El derecho de toda persona a la intimidad, bajo las limitaciones propias que impone la condición de servidor publico, en concordancia con lo estipulado | AK61: =IF(ISERROR(VLOOKUP(AG61,'Listas Ley Transparencia'!$H$3:$M$17,4,0)),"",VLOOKUP(AG61,'Listas Ley Transparencia'!$H$3:$M$17,4,0)) -> Publica Clasificada | AL61: =IF(ISERROR(VLOOKUP(AG61,'Listas Ley Transparencia'!$H$3:$M$17,6,0)),"",VLOOKUP(AG61,'Listas Ley Transparencia'!$H$3:$M$17,6,0)) -> Ilimitada | AM61: Parcial | AN61: 45945 | AO61: Diario | AP61: Sistemas de información | AQ61: OPHELIA
A62: 55 | B62: OIDT | C62: Gestión de Tecnologías de la Información | D62: OpheliaSuiteV2 | E62: Base de datos SGDEA | F62: Actualizado | G62: Toda la entidad | H62: Contratista(s) de tecnologias de la información | I62: Profesional Especializado Código 2028 Grado 18 | J62: Primario | K62: BASES DE DATOS [BD] | L62: Clasificada = Alta | M62: =IFERROR(VLOOKUP(L62,'Listas Activos'!$B$24:$C$28,2,0),0) -> 5 | N62: Alto | O62: =IFERROR(VLOOKUP(N62,'Listas Activos'!$B$31:$C$35,2,0),0) -> 5 | P62: Alto | Q62: =IFERROR(VLOOKUP(P62,'Listas Activos'!$B$38:$C$42,2,0),0) -> 5 | R62: =IF(AND(M62>0,O62>0,Q62>0,U62="Si"),5,IF(OR(M62=0,O62=0,Q62=0),0,IF(AND(M62=1,O62=1,Q62=1),1,(IF(OR(AND(M62=5,O62=5),AND(O62=5,Q62=5),AND(M62=5,Q62=5),AND(M62=5,O62=5,Q62=5)),5,3))))) -> 5 | S62: =IFERROR(VLOOKUP(R62,'Listas Activos'!$B$4:$C$7,2,0),"-") -> Alto | U62: Si | V62: No | W62: No | X62: Si | Y62: No | Z62: Español | AA62: Electrónico (doc, txt,csv,pdf,jpg, pdf, video digital) | AB62: Otro | AC62: No publicado o No disponible | AD62: 42005 | AE62: Definido manualmente | AF62: Usuarios internos INM | AG62: Pone en riesgo la intimidad de las personas | AH62: Pone en riesgo la intimidad de las personas | AI62: =IF(ISERROR(VLOOKUP(AG62,'Listas Ley Transparencia'!$H$3:$M$17,2,0)),"",VLOOKUP(AG62,'Listas Ley Transparencia'!$H$3:$M$17,2,0)) -> Información exceptuada por daño de derechos a personas naturales o jurídicas. Articulo 18 Ley 1712 de 2014 | AJ62: =IF(ISERROR(VLOOKUP(AG62,'Listas Ley Transparencia'!$H$3:$M$17,3,0)),"",VLOOKUP(AG62,'Listas Ley Transparencia'!$H$3:$M$17,3,0)) -> El derecho de toda persona a la intimidad, bajo las limitaciones propias que impone la condición de servidor publico, en concordancia con lo estipulado | AK62: =IF(ISERROR(VLOOKUP(AG62,'Listas Ley Transparencia'!$H$3:$M$17,4,0)),"",VLOOKUP(AG62,'Listas Ley Transparencia'!$H$3:$M$17,4,0)) -> Publica Clasificada | AL62: =IF(ISERROR(VLOOKUP(AG62,'Listas Ley Transparencia'!$H$3:$M$17,6,0)),"",VLOOKUP(AG62,'Listas Ley Transparencia'!$H$3:$M$17,6,0)) -> Ilimitada | AM62: Parcial | AN62: 45945 | AO62: Diario | AP62: Sistemas de información | AQ62: OPHELIA
A63: 56 | B63: OIDT | C63: Gestión de Tecnologías de la Información | D63: OpheliaSuiteV2 BPM | E63: Base de datosBPMETRO | F63: Actualizado | G63: Toda la entidad | H63: Contratista(s) de tecnologias de la información | I63: Profesional Especializado Código 2028 Grado 18 | J63: Primario | K63: BASES DE DATOS [BD] | L63: Clasificada = Alta | M63: =IFERROR(VLOOKUP(L63,'Listas Activos'!$B$24:$C$28,2,0),0) -> 5 | N63: Alto | O63: =IFERROR(VLOOKUP(N63,'Listas Activos'!$B$31:$C$35,2,0),0) -> 5 | P63: Alto | Q63: =IFERROR(VLOOKUP(P63,'Listas Activos'!$B$38:$C$42,2,0),0) -> 5 | R63: =IF(AND(M63>0,O63>0,Q63>0,U63="Si"),5,IF(OR(M63=0,O63=0,Q63=0),0,IF(AND(M63=1,O63=1,Q63=1),1,(IF(OR(AND(M63=5,O63=5),AND(O63=5,Q63=5),AND(M63=5,Q63=5),AND(M63=5,O63=5,Q63=5)),5,3))))) -> 5 | S63: =IFERROR(VLOOKUP(R63,'Listas Activos'!$B$4:$C$7,2,0),"-") -> Alto | U63: Si | V63: No | W63: No | X63: Si | Y63: No | Z63: Español | AA63: Electrónico (doc, txt,csv,pdf,jpg, pdf, video digital) | AB63: Otro | AC63: No publicado o No disponible | AD63: 42005 | AE63: Definido manualmente | AF63: Usuarios internos INM | AG63: Pone en riesgo la intimidad de las personas | AH63: Ley 1712 de 2014 | AI63: =IF(ISERROR(VLOOKUP(AG63,'Listas Ley Transparencia'!$H$3:$M$17,2,0)),"",VLOOKUP(AG63,'Listas Ley Transparencia'!$H$3:$M$17,2,0)) -> Información exceptuada por daño de derechos a personas naturales o jurídicas. Articulo 18 Ley 1712 de 2014 | AJ63: =IF(ISERROR(VLOOKUP(AG63,'Listas Ley Transparencia'!$H$3:$M$17,3,0)),"",VLOOKUP(AG63,'Listas Ley Transparencia'!$H$3:$M$17,3,0)) -> El derecho de toda persona a la intimidad, bajo las limitaciones propias que impone la condición de servidor publico, en concordancia con lo estipulado | AK63: =IF(ISERROR(VLOOKUP(AG63,'Listas Ley Transparencia'!$H$3:$M$17,4,0)),"",VLOOKUP(AG63,'Listas Ley Transparencia'!$H$3:$M$17,4,0)) -> Publica Clasificada | AL63: =IF(ISERROR(VLOOKUP(AG63,'Listas Ley Transparencia'!$H$3:$M$17,6,0)),"",VLOOKUP(AG63,'Listas Ley Transparencia'!$H$3:$M$17,6,0)) -> Ilimitada | AM63: Parcial | AN63: 45945 | AO63: Diario | AP63: Sistemas de información | AQ63: OPHELIA
A64: 57 | B64: OIDT | C64: Gestión de Tecnologías de la Información | D64: MetroV2 | E64: Base de datos SGDEA | F64: Actualizado | G64: Toda la entidad | H64: Contratista(s) de tecnologias de la información | I64: Profesional Especializado Código 2028 Grado 18 | J64: Primario | K64: BASES DE DATOS [BD] | L64: Clasificada = Alta | M64: =IFERROR(VLOOKUP(L64,'Listas Activos'!$B$24:$C$28,2,0),0) -> 5 | N64: Alto | O64: =IFERROR(VLOOKUP(N64,'Listas Activos'!$B$31:$C$35,2,0),0) -> 5 | P64: Alto | Q64: =IFERROR(VLOOKUP(P64,'Listas Activos'!$B$38:$C$42,2,0),0) -> 5 | R64: =IF(AND(M64>0,O64>0,Q64>0,U64="Si"),5,IF(OR(M64=0,O64=0,Q64=0),0,IF(AND(M64=1,O64=1,Q64=1),1,(IF(OR(AND(M64=5,O64=5),AND(O64=5,Q64=5),AND(M64=5,Q64=5),AND(M64=5,O64=5,Q64=5)),5,3))))) -> 5 | S64: =IFERROR(VLOOKUP(R64,'Listas Activos'!$B$4:$C$7,2,0),"-") -> Alto | U64: Si | V64: No | W64: No | X64: Si | Y64: No | Z64: Español | AA64: Electrónico (doc, txt,csv,pdf,jpg, pdf, video digital) | AB64: Otro | AC64: No publicado o No disponible | AD64: 42005 | AE64: Definido manualmente | AF64: Usuarios internos INM | AG64: Pone en riesgo la intimidad de las personas | AH64: Ley 1712 de 2014 | AI64: =IF(ISERROR(VLOOKUP(AG64,'Listas Ley Transparencia'!$H$3:$M$17,2,0)),"",VLOOKUP(AG64,'Listas Ley Transparencia'!$H$3:$M$17,2,0)) -> Información exceptuada por daño de derechos a personas naturales o jurídicas. Articulo 18 Ley 1712 de 2014 | AJ64: =IF(ISERROR(VLOOKUP(AG64,'Listas Ley Transparencia'!$H$3:$M$17,3,0)),"",VLOOKUP(AG64,'Listas Ley Transparencia'!$H$3:$M$17,3,0)) -> El derecho de toda persona a la intimidad, bajo las limitaciones propias que impone la condición de servidor publico, en concordancia con lo estipulado | AK64: =IF(ISERROR(VLOOKUP(AG64,'Listas Ley Transparencia'!$H$3:$M$17,4,0)),"",VLOOKUP(AG64,'Listas Ley Transparencia'!$H$3:$M$17,4,0)) -> Publica Clasificada | AL64: =IF(ISERROR(VLOOKUP(AG64,'Listas Ley Transparencia'!$H$3:$M$17,6,0)),"",VLOOKUP(AG64,'Listas Ley Transparencia'!$H$3:$M$17,6,0)) -> Ilimitada | AM64: Parcial | AN64: 45945 | AO64: Diario | AP64: Sistemas de información | AQ64: SGDEA
... A66: 59 | B66: OIDT | C66: Gestión de Tecnologías de la Información | D66: BPMETRO_PROD | E66: Base de datos BPMETRO | F66: Actualizado | G66: Toda la entidad | H66: Contratista(s) de tecnologias de la información | I66: Profesional Especializado Código 2028 Grado 18 | J66: Primario | K66: BASES DE DATOS [BD] | L66: Clasificada = Alta | M66: =IFERROR(VLOOKUP(L66,'Listas Activos'!$B$24:$C$28,2,0),0) -> 5 | N66: Alto | O66: =IFERROR(VLOOKUP(N66,'Listas Activos'!$B$31:$C$35,2,0),0) -> 5 | P66: Alto | Q66: =IFERROR(VLOOKUP(P66,'Listas Activos'!$B$38:$C$42,2,0),0) -> 5 | R66: =IF(AND(M66>0,O66>0,Q66>0,U66="Si"),5,IF(OR(M66=0,O66=0,Q66=0),0,IF(AND(M66=1,O66=1,Q66=1),1,(IF(OR(AND(M66=5,O66=5),AND(O66=5,Q66=5),AND(M66=5,Q66=5),AND(M66=5,O66=5,Q66=5)),5,3))))) -> 5 | S66: =IFERROR(VLOOKUP(R66,'Listas Activos'!$B$4:$C$7,2,0),"-") -> Alto | U66: Si | V66: No | W66: No | X66: Si | Y66: No | Z66: Español | AA66: Electrónico (doc, txt,csv,pdf,jpg, pdf, video digital) | AB66: Otro | AC66: No publicado o No disponible | AD66: 42005 | AE66: Definido manualmente | AF66: Usuarios internos INM | AG66: Pone en riesgo la intimidad de las personas | AH66: Ley 1712 de 2014 | AI66: =IF(ISERROR(VLOOKUP(AG66,'Listas Ley Transparencia'!$H$3:$M$17,2,0)),"",VLOOKUP(AG66,'Listas Ley Transparencia'!$H$3:$M$17,2,0)) -> Información exceptuada por daño de derechos a personas naturales o jurídicas. Articulo 18 Ley 1712 de 2014 | AJ66: =IF(ISERROR(VLOOKUP(AG66,'Listas Ley Transparencia'!$H$3:$M$17,3,0)),"",VLOOKUP(AG66,'Listas Ley Transparencia'!$H$3:$M$17,3,0)) -> El derecho de toda persona a la intimidad, bajo las limitaciones propias que impone la condición de servidor publico, en concordancia con lo estipulado | AK66: =IF(ISERROR(VLOOKUP(AG66,'Listas Ley Transparencia'!$H$3:$M$17,4,0)),"",VLOOKUP(AG66,'Listas Ley Transparencia'!$H$3:$M$17,4,0)) -> Publica Clasificada | AL66: =IF(ISERROR(VLOOKUP(AG66,'Listas Ley Transparencia'!$H$3:$M$17,6,0)),"",VLOOKUP(AG66,'Listas Ley Transparencia'!$H$3:$M$17,6,0)) -> Ilimitada | AM66: Parcial | AN66: 45945 | AO66: Diario | AP66: Sistemas de información | AQ66: BPMETRO
A67: 60 | B67: OIDT | C67: Gestión de Tecnologías de la Información | D67: Moodle | E67: Base de datos transferencia de conocimiento | F67: Actualizado | G67: Toda la entidad | H67: Contratista(s) de tecnologias de la información | I67: Profesional Especializado Código 2028 Grado 18 | J67: Primario | K67: BASES DE DATOS [BD] | L67: Uso Interno = Medio | M67: =IFERROR(VLOOKUP(L67,'Listas Activos'!$B$24:$C$28,2,0),0) -> 3 | N67: Bajo | O67: =IFERROR(VLOOKUP(N67,'Listas Activos'!$B$31:$C$35,2,0),0) -> 1 | P67: Bajo | Q67: =IFERROR(VLOOKUP(P67,'Listas Activos'!$B$38:$C$42,2,0),0) -> 1 | R67: =IF(AND(M67>0,O67>0,Q67>0,U67="Si"),5,IF(OR(M67=0,O67=0,Q67=0),0,IF(AND(M67=1,O67=1,Q67=1),1,(IF(OR(AND(M67=5,O67=5),AND(O67=5,Q67=5),AND(M67=5,Q67=5),AND(M67=5,O67=5,Q67=5)),5,3))))) -> 3 | S67: =IFERROR(VLOOKUP(R67,'Listas Activos'!$B$4:$C$7,2,0),"-") -> Medio | U67: No | Z67: Español | AA67: Electrónico (doc, txt,csv,pdf,jpg, pdf, video digital) | AB67: Otro | AC67: No publicado o No disponible | AD67: 42005 | AE67: Definido manualmente | AF67: Usuarios internos INM | AG67: No existe excepción de acceso | AI67: =IF(ISERROR(VLOOKUP(AG67,'Listas Ley Transparencia'!$H$3:$M$17,2,0)),"",VLOOKUP(AG67,'Listas Ley Transparencia'!$H$3:$M$17,2,0)) -> Información publica y de conocimiento general | AJ67: =IF(ISERROR(VLOOKUP(AG67,'Listas Ley Transparencia'!$H$3:$M$17,3,0)),"",VLOOKUP(AG67,'Listas Ley Transparencia'!$H$3:$M$17,3,0)) -> Información publica y de conocimiento general | AK67: =IF(ISERROR(VLOOKUP(AG67,'Listas Ley Transparencia'!$H$3:$M$17,4,0)),"",VLOOKUP(AG67,'Listas Ley Transparencia'!$H$3:$M$17,4,0)) -> Publica | AL67: =IF(ISERROR(VLOOKUP(AG67,'Listas Ley Transparencia'!$H$3:$M$17,6,0)),"",VLOOKUP(AG67,'Listas Ley Transparencia'!$H$3:$M$17,6,0)) -> No Aplica | AM67: No Aplica | AN67: 45945 | AO67: Diario | AP67: Sistemas de información | AQ67: MOODLE
A68: 61 | B68: OIDT | C68: Gestión de Tecnologías de la Información | D68: IPV6 | E68: Base de datos IPV6 | F68: Actualizado | G68: Toda la entidad | H68: Contratista(s) de tecnologias de la información | I68: Profesional Especializado Código 2028 Grado 18 | J68: Primario | K68: BASES DE DATOS [BD] | L68: Clasificada = Alta | M68: =IFERROR(VLOOKUP(L68,'Listas Activos'!$B$24:$C$28,2,0),0) -> 5 | N68: Bajo | O68: =IFERROR(VLOOKUP(N68,'Listas Activos'!$B$31:$C$35,2,0),0) -> 1 | P68: Bajo | Q68: =IFERROR(VLOOKUP(P68,'Listas Activos'!$B$38:$C$42,2,0),0) -> 1 | R68: =IF(AND(M68>0,O68>0,Q68>0,U68="Si"),5,IF(OR(M68=0,O68=0,Q68=0),0,IF(AND(M68=1,O68=1,Q68=1),1,(IF(OR(AND(M68=5,O68=5),AND(O68=5,Q68=5),AND(M68=5,Q68=5),AND(M68=5,O68=5,Q68=5)),5,3))))) -> 5 | S68: =IFERROR(VLOOKUP(R68,'Listas Activos'!$B$4:$C$7,2,0),"-") -> Alto | U68: Si | V68: No | W68: No | X68: Si | Y68: No | Z68: Español | AA68: Electrónico (doc, txt,csv,pdf,jpg, pdf, video digital) | AB68: Otro | AC68: No publicado o No disponible | AD68: 42005 | AE68: Definido manualmente | AF68: Usuarios internos INM | AG68: Pone en riesgo la intimidad de las personas | AH68: Ley 1712 de 2014 | AI68: =IF(ISERROR(VLOOKUP(AG68,'Listas Ley Transparencia'!$H$3:$M$17,2,0)),"",VLOOKUP(AG68,'Listas Ley Transparencia'!$H$3:$M$17,2,0)) -> Información exceptuada por daño de derechos a personas naturales o jurídicas. Articulo 18 Ley 1712 de 2014 | AJ68: =IF(ISERROR(VLOOKUP(AG68,'Listas Ley Transparencia'!$H$3:$M$17,3,0)),"",VLOOKUP(AG68,'Listas Ley Transparencia'!$H$3:$M$17,3,0)) -> El derecho de toda persona a la intimidad, bajo las limitaciones propias que impone la condición de servidor publico, en concordancia con lo estipulado | AK68: =IF(ISERROR(VLOOKUP(AG68,'Listas Ley Transparencia'!$H$3:$M$17,4,0)),"",VLOOKUP(AG68,'Listas Ley Transparencia'!$H$3:$M$17,4,0)) -> Publica Clasificada | AL68: =IF(ISERROR(VLOOKUP(AG68,'Listas Ley Transparencia'!$H$3:$M$17,6,0)),"",VLOOKUP(AG68,'Listas Ley Transparencia'!$H$3:$M$17,6,0)) -> Ilimitada | AM68: Parcial | AN68: 45945 | AO68: Diario | AP68: Sistemas de información | AQ68: CACTI
A69: 62 | B69: OIDT | C69: Gestión de Tecnologías de la Información | D69: servicios | E69: Base de datos aplicación Misional | F69: Actualizado | G69: Toda la entidad | H69: Contratista(s) de tecnologias de la información | I69: Profesional Especializado Código 2028 Grado 18 | J69: Primario | K69: BASES DE DATOS [BD] | L69: Clasificada = Alta | M69: =IFERROR(VLOOKUP(L69,'Listas Activos'!$B$24:$C$28,2,0),0) -> 5 | N69: Alto | O69: =IFERROR(VLOOKUP(N69,'Listas Activos'!$B$31:$C$35,2,0),0) -> 5 | P69: Alto | Q69: =IFERROR(VLOOKUP(P69,'Listas Activos'!$B$38:$C$42,2,0),0) -> 5 | R69: =IF(AND(M69>0,O69>0,Q69>0,U69="Si"),5,IF(OR(M69=0,O69=0,Q69=0),0,IF(AND(M69=1,O69=1,Q69=1),1,(IF(OR(AND(M69=5,O69=5),AND(O69=5,Q69=5),AND(M69=5,Q69=5),AND(M69=5,O69=5,Q69=5)),5,3))))) -> 5 | S69: =IFERROR(VLOOKUP(R69,'Listas Activos'!$B$4:$C$7,2,0),"-") -> Alto | U69: Si | V69: No | W69: No | X69: Si | Y69: No | Z69: Español | AA69: Electrónico (doc, txt,csv,pdf,jpg, pdf, video digital) | AB69: Otro | AC69: No publicado o No disponible | AD69: 42005 | AE69: Definido manualmente | AF69: Usuarios internos INM | AG69: Pone en riesgo la intimidad de las personas | AH69: Ley 1712 de 2014 | AI69: =IF(ISERROR(VLOOKUP(AG69,'Listas Ley Transparencia'!$H$3:$M$17,2,0)),"",VLOOKUP(AG69,'Listas Ley Transparencia'!$H$3:$M$17,2,0)) -> Información exceptuada por daño de derechos a personas naturales o jurídicas. Articulo 18 Ley 1712 de 2014 | AJ69: =IF(ISERROR(VLOOKUP(AG69,'Listas Ley Transparencia'!$H$3:$M$17,3,0)),"",VLOOKUP(AG69,'Listas Ley Transparencia'!$H$3:$M$17,3,0)) -> El derecho de toda persona a la intimidad, bajo las limitaciones propias que impone la condición de servidor publico, en concordancia con lo estipulado | AK69: =IF(ISERROR(VLOOKUP(AG69,'Listas Ley Transparencia'!$H$3:$M$17,4,0)),"",VLOOKUP(AG69,'Listas Ley Transparencia'!$H$3:$M$17,4,0)) -> Publica Clasificada | AL69: =IF(ISERROR(VLOOKUP(AG69,'Listas Ley Transparencia'!$H$3:$M$17,6,0)),"",VLOOKUP(AG69,'Listas Ley Transparencia'!$H$3:$M$17,6,0)) -> Ilimitada | AM69: Parcial | AN69: 45945 | AO69: Diario | AP69: Sistemas de información | AQ69: SERVICIOS
A70: 63 | B70: OIDT | C70: Gestión de Tecnologías de la Información | D70: SISEPM | E70: Base de datos SISEPM | F70: Actualizado | G70: Toda la entidad | H70: Contratista(s) de tecnologias de la información | I70: Profesional Especializado Código 2028 Grado 18 | J70: Primario | K70: BASES DE DATOS [BD] | L70: Uso Interno = Medio | M70: =IFERROR(VLOOKUP(L70,'Listas Activos'!$B$24:$C$28,2,0),0) -> 3 | N70: Alto | O70: =IFERROR(VLOOKUP(N70,'Listas Activos'!$B$31:$C$35,2,0),0) -> 5 | P70: Alto | Q70: =IFERROR(VLOOKUP(P70,'Listas Activos'!$B$38:$C$42,2,0),0) -> 5 | R70: =IF(AND(M70>0,O70>0,Q70>0,U70="Si"),5,IF(OR(M70=0,O70=0,Q70=0),0,IF(AND(M70=1,O70=1,Q70=1),1,(IF(OR(AND(M70=5,O70=5),AND(O70=5,Q70=5),AND(M70=5,Q70=5),AND(M70=5,O70=5,Q70=5)),5,3))))) -> 5 | S70: =IFERROR(VLOOKUP(R70,'Listas Activos'!$B$4:$C$7,2,0),"-") -> Alto | U70: No | Z70: Español | AA70: Electrónico (doc, txt,csv,pdf,jpg, pdf, video digital) | AB70: Otro | AC70: No publicado o No disponible | AD70: 42005 | AE70: Definido manualmente | AF70: Usuarios internos INM | AG70: No existe excepción de acceso | AI70: =IF(ISERROR(VLOOKUP(AG70,'Listas Ley Transparencia'!$H$3:$M$17,2,0)),"",VLOOKUP(AG70,'Listas Ley Transparencia'!$H$3:$M$17,2,0)) -> Información publica y de conocimiento general | AJ70: =IF(ISERROR(VLOOKUP(AG70,'Listas Ley Transparencia'!$H$3:$M$17,3,0)),"",VLOOKUP(AG70,'Listas Ley Transparencia'!$H$3:$M$17,3,0)) -> Información publica y de conocimiento general | AK70: =IF(ISERROR(VLOOKUP(AG70,'Listas Ley Transparencia'!$H$3:$M$17,4,0)),"",VLOOKUP(AG70,'Listas Ley Transparencia'!$H$3:$M$17,4,0)) -> Publica | AL70: =IF(ISERROR(VLOOKUP(AG70,'Listas Ley Transparencia'!$H$3:$M$17,6,0)),"",VLOOKUP(AG70,'Listas Ley Transparencia'!$H$3:$M$17,6,0)) -> No Aplica | AM70: No Aplica | AN70: 45945 | AO70: Diario | AP70: Sistemas de información | AQ70: SISEPM
A71: 64 | B71: OIDT | C71: Gestión de Tecnologías de la Información | D71: SSM | E71: Base de datos SSM | F71: Actualizado | G71: Toda la entidad | H71: Contratista(s) de tecnologias de la información | I71: Profesional Especializado Código 2028 Grado 18 | J71: Primario | K71: BASES DE DATOS [BD] | L71: Uso Interno = Medio | M71: =IFERROR(VLOOKUP(L71,'Listas Activos'!$B$24:$C$28,2,0),0) -> 3 | N71: Alto | O71: =IFERROR(VLOOKUP(N71,'Listas Activos'!$B$31:$C$35,2,0),0) -> 5 | P71: Alto | Q71: =IFERROR(VLOOKUP(P71,'Listas Activos'!$B$38:$C$42,2,0),0) -> 5 | R71: =IF(AND(M71>0,O71>0,Q71>0,U71="Si"),5,IF(OR(M71=0,O71=0,Q71=0),0,IF(AND(M71=1,O71=1,Q71=1),1,(IF(OR(AND(M71=5,O71=5),AND(O71=5,Q71=5),AND(M71=5,Q71=5),AND(M71=5,O71=5,Q71=5)),5,3))))) -> 5 | S71: =IFERROR(VLOOKUP(R71,'Listas Activos'!$B$4:$C$7,2,0),"-") -> Alto | U71: No | Z71: Español | AA71: Electrónico (doc, txt,csv,pdf,jpg, pdf, video digital) | AB71: Otro | AC71: No publicado o No disponible | AD71: 42005 | AE71: Definido manualmente | AF71: Usuarios internos INM | AG71: No existe excepción de acceso | AH71: Ley 1712 de 2014 | AI71: =IF(ISERROR(VLOOKUP(AG71,'Listas Ley Transparencia'!$H$3:$M$17,2,0)),"",VLOOKUP(AG71,'Listas Ley Transparencia'!$H$3:$M$17,2,0)) -> Información publica y de conocimiento general | AJ71: =IF(ISERROR(VLOOKUP(AG71,'Listas Ley Transparencia'!$H$3:$M$17,3,0)),"",VLOOKUP(AG71,'Listas Ley Transparencia'!$H$3:$M$17,3,0)) -> Información publica y de conocimiento general | AK71: =IF(ISERROR(VLOOKUP(AG71,'Listas Ley Transparencia'!$H$3:$M$17,4,0)),"",VLOOKUP(AG71,'Listas Ley Transparencia'!$H$3:$M$17,4,0)) -> Publica | AL71: =IF(ISERROR(VLOOKUP(AG71,'Listas Ley Transparencia'!$H$3:$M$17,6,0)),"",VLOOKUP(AG71,'Listas Ley Transparencia'!$H$3:$M$17,6,0)) -> No Aplica | AM71: No Aplica | AN71: 45945 | AO71: Diario | AP71: Sistemas de información | AQ71: PROCESOS
A72: 65 | B72: OIDT | C72: Gestión de Tecnologías de la Información | D72: Intranet | E72: Base de datos Intranet | F72: Actualizado | G72: Toda la entidad | H72: Contratista(s) de tecnologias de la información | I72: Profesional Especializado Código 2028 Grado 18 | J72: Primario | K72: BASES DE DATOS [BD] | L72: Uso Interno = Medio | M72: =IFERROR(VLOOKUP(L72,'Listas Activos'!$B$24:$C$28,2,0),0) -> 3 | N72: Alto | O72: =IFERROR(VLOOKUP(N72,'Listas Activos'!$B$31:$C$35,2,0),0) -> 5 | P72: Medio | Q72: =IFERROR(VLOOKUP(P72,'Listas Activos'!$B$38:$C$42,2,0),0) -> 3 | R72: =IF(AND(M72>0,O72>0,Q72>0,U72="Si"),5,IF(OR(M72=0,O72=0,Q72=0),0,IF(AND(M72=1,O72=1,Q72=1),1,(IF(OR(AND(M72=5,O72=5),AND(O72=5,Q72=5),AND(M72=5,Q72=5),AND(M72=5,O72=5,Q72=5)),5,3))))) -> 3 | S72: =IFERROR(VLOOKUP(R72,'Listas Activos'!$B$4:$C$7,2,0),"-") -> Medio | U72: No | Z72: Español | AA72: Electrónico (doc, txt,csv,pdf,jpg, pdf, video digital) | AB72: Otro | AC72: No publicado o No disponible | AD72: 42005 | AE72: Definido manualmente | AF72: Usuarios internos INM | AG72: No existe excepción de acceso | AI72: =IF(ISERROR(VLOOKUP(AG72,'Listas Ley Transparencia'!$H$3:$M$17,2,0)),"",VLOOKUP(AG72,'Listas Ley Transparencia'!$H$3:$M$17,2,0)) -> Información publica y de conocimiento general | AJ72: =IF(ISERROR(VLOOKUP(AG72,'Listas Ley Transparencia'!$H$3:$M$17,3,0)),"",VLOOKUP(AG72,'Listas Ley Transparencia'!$H$3:$M$17,3,0)) -> Información publica y de conocimiento general | AK72: =IF(ISERROR(VLOOKUP(AG72,'Listas Ley Transparencia'!$H$3:$M$17,4,0)),"",VLOOKUP(AG72,'Listas Ley Transparencia'!$H$3:$M$17,4,0)) -> Publica | AL72: =IF(ISERROR(VLOOKUP(AG72,'Listas Ley Transparencia'!$H$3:$M$17,6,0)),"",VLOOKUP(AG72,'Listas Ley Transparencia'!$H$3:$M$17,6,0)) -> No Aplica | AM72: No Aplica | AN72: 45945 | AO72: Diario | AP72: Sistemas de información | AQ72: INTRANET
A73: 66 | B73: OIDT | C73: Gestión de Tecnologías de la Información | D73: BPMetro | E73: Base de datos para BPM Metro | F73: Actualizado | G73: Toda la entidad | H73: Contratista(s) de tecnologias de la información | I73: Profesional Especializado Código 2028 Grado 18 | J73: Primario | K73: BASES DE DATOS [BD] | L73: Clasificada = Alta | M73: =IFERROR(VLOOKUP(L73,'Listas Activos'!$B$24:$C$28,2,0),0) -> 5 | N73: Alto | O73: =IFERROR(VLOOKUP(N73,'Listas Activos'!$B$31:$C$35,2,0),0) -> 5 | P73: Alto | Q73: =IFERROR(VLOOKUP(P73,'Listas Activos'!$B$38:$C$42,2,0),0) -> 5 | R73: =IF(AND(M73>0,O73>0,Q73>0,U73="Si"),5,IF(OR(M73=0,O73=0,Q73=0),0,IF(AND(M73=1,O73=1,Q73=1),1,(IF(OR(AND(M73=5,O73=5),AND(O73=5,Q73=5),AND(M73=5,Q73=5),AND(M73=5,O73=5,Q73=5)),5,3))))) -> 5 | S73: =IFERROR(VLOOKUP(R73,'Listas Activos'!$B$4:$C$7,2,0),"-") -> Alto | U73: Si | V73: No | W73: No | X73: Si | Y73: No | Z73: Español | AA73: Electrónico (doc, txt,csv,pdf,jpg, pdf, video digital) | AB73: Otro | AC73: No publicado o No disponible | AD73: 42005 | AE73: Definido manualmente | AF73: Usuarios internos INM | AG73: Pone en riesgo la intimidad de las personas | AH73: Ley 1712 de 2014 | AI73: =IF(ISERROR(VLOOKUP(AG73,'Listas Ley Transparencia'!$H$3:$M$17,2,0)),"",VLOOKUP(AG73,'Listas Ley Transparencia'!$H$3:$M$17,2,0)) -> Información exceptuada por daño de derechos a personas naturales o jurídicas. Articulo 18 Ley 1712 de 2014 | AJ73: =IF(ISERROR(VLOOKUP(AG73,'Listas Ley Transparencia'!$H$3:$M$17,3,0)),"",VLOOKUP(AG73,'Listas Ley Transparencia'!$H$3:$M$17,3,0)) -> El derecho de toda persona a la intimidad, bajo las limitaciones propias que impone la condición de servidor publico, en concordancia con lo estipulado | AK73: =IF(ISERROR(VLOOKUP(AG73,'Listas Ley Transparencia'!$H$3:$M$17,4,0)),"",VLOOKUP(AG73,'Listas Ley Transparencia'!$H$3:$M$17,4,0)) -> Publica Clasificada | AL73: =IF(ISERROR(VLOOKUP(AG73,'Listas Ley Transparencia'!$H$3:$M$17,6,0)),"",VLOOKUP(AG73,'Listas Ley Transparencia'!$H$3:$M$17,6,0)) -> Ilimitada | AM73: Parcial | AN73: 45945 | AO73: Diario | AP73: Sistemas de información | AQ73: BPMETRO
A74: 67 | B74: OIDT | C74: Gestión de Tecnologías de la Información | D74: SGDEA | E74: Base de datos para SGDA | F74: Actualizado | G74: Toda la entidad | H74: Contratista(s) de tecnologias de la información | I74: Profesional Especializado Código 2028 Grado 18 | J74: Primario | K74: BASES DE DATOS [BD] | L74: Clasificada = Alta | M74: =IFERROR(VLOOKUP(L74,'Listas Activos'!$B$24:$C$28,2,0),0) -> 5 | N74: Alto | O74: =IFERROR(VLOOKUP(N74,'Listas Activos'!$B$31:$C$35,2,0),0) -> 5 | P74: Alto | Q74: =IFERROR(VLOOKUP(P74,'Listas Activos'!$B$38:$C$42,2,0),0) -> 5 | R74: =IF(AND(M74>0,O74>0,Q74>0,U74="Si"),5,IF(OR(M74=0,O74=0,Q74=0),0,IF(AND(M74=1,O74=1,Q74=1),1,(IF(OR(AND(M74=5,O74=5),AND(O74=5,Q74=5),AND(M74=5,Q74=5),AND(M74=5,O74=5,Q74=5)),5,3))))) -> 5 | S74: =IFERROR(VLOOKUP(R74,'Listas Activos'!$B$4:$C$7,2,0),"-") -> Alto | U74: Si | V74: No | W74: No | X74: Si | Y74: No | Z74: Español | AA74: Electrónico (doc, txt,csv,pdf,jpg, pdf, video digital) | AB74: Otro | AC74: No publicado o No disponible | AD74: 42005 | AE74: Definido manualmente | AF74: Usuarios internos INM | AG74: Pone en riesgo la intimidad de las personas | AH74: Ley 1712 de 2014 | AI74: =IF(ISERROR(VLOOKUP(AG74,'Listas Ley Transparencia'!$H$3:$M$17,2,0)),"",VLOOKUP(AG74,'Listas Ley Transparencia'!$H$3:$M$17,2,0)) -> Información exceptuada por daño de derechos a personas naturales o jurídicas. Articulo 18 Ley 1712 de 2014 | AJ74: =IF(ISERROR(VLOOKUP(AG74,'Listas Ley Transparencia'!$H$3:$M$17,3,0)),"",VLOOKUP(AG74,'Listas Ley Transparencia'!$H$3:$M$17,3,0)) -> El derecho de toda persona a la intimidad, bajo las limitaciones propias que impone la condición de servidor publico, en concordancia con lo estipulado | AK74: =IF(ISERROR(VLOOKUP(AG74,'Listas Ley Transparencia'!$H$3:$M$17,4,0)),"",VLOOKUP(AG74,'Listas Ley Transparencia'!$H$3:$M$17,4,0)) -> Publica Clasificada | AL74: =IF(ISERROR(VLOOKUP(AG74,'Listas Ley Transparencia'!$H$3:$M$17,6,0)),"",VLOOKUP(AG74,'Listas Ley Transparencia'!$H$3:$M$17,6,0)) -> Ilimitada | AM74: Parcial | AN74: 45946 | AO74: Diario | AP74: Sistemas de información | AQ74: SGDEA
A75: 68 | B75: OIDT | C75: Gestión de Tecnologías de la Información | D75: Datacenter | E75: Instalaciones donde están los servidores del INM | F75: Actualizado | G75: OIDT | H75: Profesional Especializado Código 2028 Grado 14 | I75: Jefe de OIDT | J75: Primario | K75: INSTALACIÓNES [IN] | L75: Clasificada = Alta | M75: =IFERROR(VLOOKUP(L75,'Listas Activos'!$B$24:$C$28,2,0),0) -> 5 | N75: Alto | O75: =IFERROR(VLOOKUP(N75,'Listas Activos'!$B$31:$C$35,2,0),0) -> 5 | P75: Alto | Q75: =IFERROR(VLOOKUP(P75,'Listas Activos'!$B$38:$C$42,2,0),0) -> 5 | R75: =IF(AND(M75>0,O75>0,Q75>0,U75="Si"),5,IF(OR(M75=0,O75=0,Q75=0),0,IF(AND(M75=1,O75=1,Q75=1),1,(IF(OR(AND(M75=5,O75=5),AND(O75=5,Q75=5),AND(M75=5,Q75=5),AND(M75=5,O75=5,Q75=5)),5,3))))) -> 5 | S75: =IFERROR(VLOOKUP(R75,'Listas Activos'!$B$4:$C$7,2,0),"-") -> Alto | U75: No
A76: 69 | B76: OIDT | C76: Gestión de Tecnologías de la Información | D76: SGDEA | E76: Radicación de documentación de entrada, salida e interna y funcionalidades de consulta y administración de gestión documental | F76: Actualizado | G76: Toda la entidad | H76: Profesional Especializado Código 2028 Grado 18 | I76: Profesional Especializado Código 2028 Grado 18 | J76: Primario | K76: SERVICIOS [SI] | L76: Clasificada = Alta | M76: =IFERROR(VLOOKUP(L76,'Listas Activos'!$B$24:$C$28,2,0),0) -> 5 | N76: Alto | O76: =IFERROR(VLOOKUP(N76,'Listas Activos'!$B$31:$C$35,2,0),0) -> 5 | P76: Alto | Q76: =IFERROR(VLOOKUP(P76,'Listas Activos'!$B$38:$C$42,2,0),0) -> 5 | R76: =IF(AND(M76>0,O76>0,Q76>0,U76="Si"),5,IF(OR(M76=0,O76=0,Q76=0),0,IF(AND(M76=1,O76=1,Q76=1),1,(IF(OR(AND(M76=5,O76=5),AND(O76=5,Q76=5),AND(M76=5,Q76=5),AND(M76=5,O76=5,Q76=5)),5,3))))) -> 5 | S76: =IFERROR(VLOOKUP(R76,'Listas Activos'!$B$4:$C$7,2,0),"-") -> Alto | U76: Si | V76: No | W76: No | X76: Si | Y76: No
A77: 70 | B77: OIDT | C77: Gestión de Tecnologías de la Información | D77: Validar | E77: Aplicación para soporte de los laboratorios del área de química | F77: Actualizado | G77: OIDT | H77: Profesional Especializado Código 2028 Grado 18 | I77: Profesional Especializado Código 2028 Grado 18 | J77: Soporte | K77: SOFTWARE [SW] | L77: Uso Interno = Medio | M77: =IFERROR(VLOOKUP(L77,'Listas Activos'!$B$24:$C$28,2,0),0) -> 3 | N77: Bajo | O77: =IFERROR(VLOOKUP(N77,'Listas Activos'!$B$31:$C$35,2,0),0) -> 1 | P77: Bajo | Q77: =IFERROR(VLOOKUP(P77,'Listas Activos'!$B$38:$C$42,2,0),0) -> 1 | R77: =IF(AND(M77>0,O77>0,Q77>0,U77="Si"),5,IF(OR(M77=0,O77=0,Q77=0),0,IF(AND(M77=1,O77=1,Q77=1),1,(IF(OR(AND(M77=5,O77=5),AND(O77=5,Q77=5),AND(M77=5,Q77=5),AND(M77=5,O77=5,Q77=5)),5,3))))) -> 3 | S77: =IFERROR(VLOOKUP(R77,'Listas Activos'!$B$4:$C$7,2,0),"-") -> Medio | U77: No
A78: 71 | B78: OIDT | C78: Gestión de Tecnologías de la Información | D78: 120.85 DERECHOS DE PETICIÓN | E78: Derechos de petición del área | F78: Nuevo | G78: Toda la entidad | H78: Jefe de OIDT | I78: Profesional Especializado Código 2028 Grado 18 | J78: Soporte | K78: DATOS / INFORMACIÓN [DI] | L78: Uso Interno = Medio | M78: =IFERROR(VLOOKUP(L78,'Listas Activos'!$B$24:$C$28,2,0),0) -> 3 | N78: Medio | O78: =IFERROR(VLOOKUP(N78,'Listas Activos'!$B$31:$C$35,2,0),0) -> 3 | P78: Medio | Q78: =IFERROR(VLOOKUP(P78,'Listas Activos'!$B$38:$C$42,2,0),0) -> 3 | R78: =IF(AND(M78>0,O78>0,Q78>0,U78="Si"),5,IF(OR(M78=0,O78=0,Q78=0),0,IF(AND(M78=1,O78=1,Q78=1),1,(IF(OR(AND(M78=5,O78=5),AND(O78=5,Q78=5),AND(M78=5,Q78=5),AND(M78=5,O78=5,Q78=5)),5,3))))) -> 5 | S78: =IFERROR(VLOOKUP(R78,'Listas Activos'!$B$4:$C$7,2,0),"-") -> Alto | U78: Si | V78: No | W78: No | X78: Si | Y78: No | Z78: Español | AA78: Electrónico (doc, txt,csv,pdf,jpg, pdf, video digital) | AB78: Documento PDF | AC78: Disponible a solicitud | AE78: Profesional Especializado Código 2028 Grado 18 | AG78: Pone en riesgo la intimidad de las personas | AH78: Ley 1581 datos personales | AI78: =IF(ISERROR(VLOOKUP(AG78,'Listas Ley Transparencia'!$H$3:$M$17,2,0)),"",VLOOKUP(AG78,'Listas Ley Transparencia'!$H$3:$M$17,2,0)) -> Información exceptuada por daño de derechos a personas naturales o jurídicas. Articulo 18 Ley 1712 de 2014 | AJ78: =IF(ISERROR(VLOOKUP(AG78,'Listas Ley Transparencia'!$H$3:$M$17,3,0)),"",VLOOKUP(AG78,'Listas Ley Transparencia'!$H$3:$M$17,3,0)) -> El derecho de toda persona a la intimidad, bajo las limitaciones propias que impone la condición de servidor publico, en concordancia con lo estipulado | AK78: =IF(ISERROR(VLOOKUP(AG78,'Listas Ley Transparencia'!$H$3:$M$17,4,0)),"",VLOOKUP(AG78,'Listas Ley Transparencia'!$H$3:$M$17,4,0)) -> Publica Clasificada | AL78: =IF(ISERROR(VLOOKUP(AG78,'Listas Ley Transparencia'!$H$3:$M$17,6,0)),"",VLOOKUP(AG78,'Listas Ley Transparencia'!$H$3:$M$17,6,0)) -> Ilimitada | AM78: Parcial | AN78: 45945 | AO78: Por demanda | AP78: Sistemas de información | AQ78: OPHELIA
A79: 72 | B79: OIDT | C79: Gestión de Tecnologías de la Información | D79: 120.135.1 Informes a otras entidades | E79: Estos documentos reflejan la elaboración, consolidación y presentación de informes solicitados por otras entidades | F79: Nuevo | G79: OIDT | H79: Jefe de OIDT | I79: Profesional Especializado Código 2028 Grado 18 | J79: Soporte | K79: DATOS / INFORMACIÓN [DI] | L79: Pública = Baja | M79: =IFERROR(VLOOKUP(L79,'Listas Activos'!$B$24:$C$28,2,0),0) -> 1 | N79: Medio | O79: =IFERROR(VLOOKUP(N79,'Listas Activos'!$B$31:$C$35,2,0),0) -> 3 | P79: Alto | Q79: =IFERROR(VLOOKUP(P79,'Listas Activos'!$B$38:$C$42,2,0),0) -> 5 | R79: =IF(AND(M79>0,O79>0,Q79>0,U79="Si"),5,IF(OR(M79=0,O79=0,Q79=0),0,IF(AND(M79=1,O79=1,Q79=1),1,(IF(OR(AND(M79=5,O79=5),AND(O79=5,Q79=5),AND(M79=5,Q79=5),AND(M79=5,O79=5,Q79=5)),5,3))))) -> 3 | S79: =IFERROR(VLOOKUP(R79,'Listas Activos'!$B$4:$C$7,2,0),"-") -> Medio | U79: No | Z79: Español | AA79: Electrónico (doc, txt,csv,pdf,jpg, pdf, video digital) | AB79: Documento PDF | AC79: Disponible a solicitud | AE79: Profesional Especializado Código 2028 Grado 18 | AG79: No existe excepción de acceso | AI79: =IF(ISERROR(VLOOKUP(AG79,'Listas Ley Transparencia'!$H$3:$M$17,2,0)),"",VLOOKUP(AG79,'Listas Ley Transparencia'!$H$3:$M$17,2,0)) -> Información publica y de conocimiento general | AJ79: =IF(ISERROR(VLOOKUP(AG79,'Listas Ley Transparencia'!$H$3:$M$17,3,0)),"",VLOOKUP(AG79,'Listas Ley Transparencia'!$H$3:$M$17,3,0)) -> Información publica y de conocimiento general | AK79: =IF(ISERROR(VLOOKUP(AG79,'Listas Ley Transparencia'!$H$3:$M$17,4,0)),"",VLOOKUP(AG79,'Listas Ley Transparencia'!$H$3:$M$17,4,0)) -> Publica | AL79: =IF(ISERROR(VLOOKUP(AG79,'Listas Ley Transparencia'!$H$3:$M$17,6,0)),"",VLOOKUP(AG79,'Listas Ley Transparencia'!$H$3:$M$17,6,0)) -> No Aplica | AM79: No Aplica | AN79: 45945 | AO79: Por demanda | AP79: Archivos digitales (carpetas compartidas) | AQ79: Carpetas compartidas TRD
A80: 73 | B80: OIDT | C80: Gestión de Tecnologías de la Información | D80: 120.135.9 Informes de desarrollo y mantenimiento de software | E80: Son documentos que reflejan procesos que buscan garantizar la prestación del servicio de componentes de tecnología de la información mediante adquisición, desarrollo y mantenimiento de soluciones para requerimientos del usuario intern del INM | F80: Actualizado | G80: OIDT | H80: Profesional Especializado Código 2028 Grado 18 | I80: Profesional Especializado Código 2028 Grado 18 | J80: Soporte | K80: DATOS / INFORMACIÓN [DI] | L80: Uso Interno = Medio | M80: =IFERROR(VLOOKUP(L80,'Listas Activos'!$B$24:$C$28,2,0),0) -> 3 | N80: Medio | O80: =IFERROR(VLOOKUP(N80,'Listas Activos'!$B$31:$C$35,2,0),0) -> 3 | P80: Medio | Q80: =IFERROR(VLOOKUP(P80,'Listas Activos'!$B$38:$C$42,2,0),0) -> 3 | R80: =IF(AND(M80>0,O80>0,Q80>0,U80="Si"),5,IF(OR(M80=0,O80=0,Q80=0),0,IF(AND(M80=1,O80=1,Q80=1),1,(IF(OR(AND(M80=5,O80=5),AND(O80=5,Q80=5),AND(M80=5,Q80=5),AND(M80=5,O80=5,Q80=5)),5,3))))) -> 3 | S80: =IFERROR(VLOOKUP(R80,'Listas Activos'!$B$4:$C$7,2,0),"-") -> Medio | U80: No | Z80: Español | AA80: Electrónico (doc, txt,csv,pdf,jpg, pdf, video digital) | AB80: Documento PDF | AC80: Disponible a solicitud | AE80: Profesional Especializado Código 2028 Grado 18 | AG80: No existe excepción de acceso | AI80: =IF(ISERROR(VLOOKUP(AG80,'Listas Ley Transparencia'!$H$3:$M$17,2,0)),"",VLOOKUP(AG80,'Listas Ley Transparencia'!$H$3:$M$17,2,0)) -> Información publica y de conocimiento general | AJ80: =IF(ISERROR(VLOOKUP(AG80,'Listas Ley Transparencia'!$H$3:$M$17,3,0)),"",VLOOKUP(AG80,'Listas Ley Transparencia'!$H$3:$M$17,3,0)) -> Información publica y de conocimiento general | AK80: =IF(ISERROR(VLOOKUP(AG80,'Listas Ley Transparencia'!$H$3:$M$17,4,0)),"",VLOOKUP(AG80,'Listas Ley Transparencia'!$H$3:$M$17,4,0)) -> Publica | AL80: =IF(ISERROR(VLOOKUP(AG80,'Listas Ley Transparencia'!$H$3:$M$17,6,0)),"",VLOOKUP(AG80,'Listas Ley Transparencia'!$H$3:$M$17,6,0)) -> No Aplica | AM80: No Aplica | AN80: 45945 | AO80: Por demanda | AP80: Archivos digitales (carpetas compartidas) | AQ80: Carpetas compartidas TRD
A81: 74 | B81: OIDT | C81: Gestión de Tecnologías de la Información | D81: 120.135.11 Informes de Gestión | E81: Informes de gestión | F81: Actualizado | G81: OIDT | H81: Jefe de OIDT | I81: Profesional Especializado Código 2028 Grado 18 | J81: Soporte | K81: DATOS / INFORMACIÓN [DI] | L81: Uso Interno = Medio | M81: =IFERROR(VLOOKUP(L81,'Listas Activos'!$B$24:$C$28,2,0),0) -> 3 | N81: Medio | O81: =IFERROR(VLOOKUP(N81,'Listas Activos'!$B$31:$C$35,2,0),0) -> 3 | P81: Medio | Q81: =IFERROR(VLOOKUP(P81,'Listas Activos'!$B$38:$C$42,2,0),0) -> 3 | R81: =IF(AND(M81>0,O81>0,Q81>0,U81="Si"),5,IF(OR(M81=0,O81=0,Q81=0),0,IF(AND(M81=1,O81=1,Q81=1),1,(IF(OR(AND(M81=5,O81=5),AND(O81=5,Q81=5),AND(M81=5,Q81=5),AND(M81=5,O81=5,Q81=5)),5,3))))) -> 3 | S81: =IFERROR(VLOOKUP(R81,'Listas Activos'!$B$4:$C$7,2,0),"-") -> Medio | U81: No | Z81: Español | AA81: Electrónico (doc, txt,csv,pdf,jpg, pdf, video digital) | AB81: Documento PDF | AC81: Disponible a solicitud | AE81: Profesional Especializado Código 2028 Grado 18 | AG81: No existe excepción de acceso | AI81: =IF(ISERROR(VLOOKUP(AG81,'Listas Ley Transparencia'!$H$3:$M$17,2,0)),"",VLOOKUP(AG81,'Listas Ley Transparencia'!$H$3:$M$17,2,0)) -> Información publica y de conocimiento general | AJ81: =IF(ISERROR(VLOOKUP(AG81,'Listas Ley Transparencia'!$H$3:$M$17,3,0)),"",VLOOKUP(AG81,'Listas Ley Transparencia'!$H$3:$M$17,3,0)) -> Información publica y de conocimiento general | AK81: =IF(ISERROR(VLOOKUP(AG81,'Listas Ley Transparencia'!$H$3:$M$17,4,0)),"",VLOOKUP(AG81,'Listas Ley Transparencia'!$H$3:$M$17,4,0)) -> Publica | AL81: =IF(ISERROR(VLOOKUP(AG81,'Listas Ley Transparencia'!$H$3:$M$17,6,0)),"",VLOOKUP(AG81,'Listas Ley Transparencia'!$H$3:$M$17,6,0)) -> No Aplica | AM81: No Aplica | AN81: 45945 | AO81: Trimestral | AP81: Archivos digitales (carpetas compartidas) | AQ81: Carpetas compartidas TRD
A82: 75 | B82: OIDT | C82: Gestión de Tecnologías de la Información | D82: 120.135.12 Informes de mantenimiento de infraestructura tecnológica | E82: Informes de mantenimientos realizados en el INM | F82: Actualizado | G82: OIDT | H82: Profesional Especializado Código 2028 Grado 14 | I82: Contratista(s) de tecnologias de la información | J82: Soporte | K82: DATOS / INFORMACIÓN [DI] | L82: Pública = Baja | M82: =IFERROR(VLOOKUP(L82,'Listas Activos'!$B$24:$C$28,2,0),0) -> 1 | N82: Bajo | O82: =IFERROR(VLOOKUP(N82,'Listas Activos'!$B$31:$C$35,2,0),0) -> 1 | P82: Bajo | Q82: =IFERROR(VLOOKUP(P82,'Listas Activos'!$B$38:$C$42,2,0),0) -> 1 | R82: =IF(AND(M82>0,O82>0,Q82>0,U82="Si"),5,IF(OR(M82=0,O82=0,Q82=0),0,IF(AND(M82=1,O82=1,Q82=1),1,(IF(OR(AND(M82=5,O82=5),AND(O82=5,Q82=5),AND(M82=5,Q82=5),AND(M82=5,O82=5,Q82=5)),5,3))))) -> 1 | S82: =IFERROR(VLOOKUP(R82,'Listas Activos'!$B$4:$C$7,2,0),"-") -> Bajo | U82: No | Z82: Español | AA82: Electrónico (doc, txt,csv,pdf,jpg, pdf, video digital) | AB82: Documento PDF | AC82: Disponible a solicitud | AE82: Profesional Especializado Código 2028 Grado 14 | AG82: No existe excepción de acceso | AI82: =IF(ISERROR(VLOOKUP(AG82,'Listas Ley Transparencia'!$H$3:$M$17,2,0)),"",VLOOKUP(AG82,'Listas Ley Transparencia'!$H$3:$M$17,2,0)) -> Información publica y de conocimiento general | AJ82: =IF(ISERROR(VLOOKUP(AG82,'Listas Ley Transparencia'!$H$3:$M$17,3,0)),"",VLOOKUP(AG82,'Listas Ley Transparencia'!$H$3:$M$17,3,0)) -> Información publica y de conocimiento general | AK82: =IF(ISERROR(VLOOKUP(AG82,'Listas Ley Transparencia'!$H$3:$M$17,4,0)),"",VLOOKUP(AG82,'Listas Ley Transparencia'!$H$3:$M$17,4,0)) -> Publica | AL82: =IF(ISERROR(VLOOKUP(AG82,'Listas Ley Transparencia'!$H$3:$M$17,6,0)),"",VLOOKUP(AG82,'Listas Ley Transparencia'!$H$3:$M$17,6,0)) -> No Aplica | AM82: No Aplica | AN82: 45945 | AO82: Anual | AP82: Archivos digitales (carpetas compartidas) | AQ82: Carpetas compartidas TRD
A83: 76 | B83: OIDT | C83: Gestión de Tecnologías de la Información | D83: 120.146.2 Instrumentos de gestión de Arquitectura de Gobierno y Gestión de TI | E83: Esta documentación es esencial para el registro y control de las actividades relacionadas con el modelo gobierno y gestión de TI en relación con la Arquitectura Empresarial | F83: Nuevo | G83: OIDT, OAP | H83: Jefe de OIDT | I83: Jefe de OIDT | J83: Soporte | K83: DATOS / INFORMACIÓN [DI] | L83: Uso Interno = Medio | M83: =IFERROR(VLOOKUP(L83,'Listas Activos'!$B$24:$C$28,2,0),0) -> 3 | N83: Medio | O83: =IFERROR(VLOOKUP(N83,'Listas Activos'!$B$31:$C$35,2,0),0) -> 3 | P83: Medio | Q83: =IFERROR(VLOOKUP(P83,'Listas Activos'!$B$38:$C$42,2,0),0) -> 3 | R83: =IF(AND(M83>0,O83>0,Q83>0,U83="Si"),5,IF(OR(M83=0,O83=0,Q83=0),0,IF(AND(M83=1,O83=1,Q83=1),1,(IF(OR(AND(M83=5,O83=5),AND(O83=5,Q83=5),AND(M83=5,Q83=5),AND(M83=5,O83=5,Q83=5)),5,3))))) -> 3 | S83: =IFERROR(VLOOKUP(R83,'Listas Activos'!$B$4:$C$7,2,0),"-") -> Medio | U83: No | Z83: Español | AA83: Electrónico (doc, txt,csv,pdf,jpg, pdf, video digital) | AB83: Documento PDF | AC83: Disponible a solicitud | AD83: 45626 | AE83: Jefe de OIDT | AG83: No existe excepción de acceso | AI83: =IF(ISERROR(VLOOKUP(AG83,'Listas Ley Transparencia'!$H$3:$M$17,2,0)),"",VLOOKUP(AG83,'Listas Ley Transparencia'!$H$3:$M$17,2,0)) -> Información publica y de conocimiento general | AJ83: =IF(ISERROR(VLOOKUP(AG83,'Listas Ley Transparencia'!$H$3:$M$17,3,0)),"",VLOOKUP(AG83,'Listas Ley Transparencia'!$H$3:$M$17,3,0)) -> Información publica y de conocimiento general | AK83: =IF(ISERROR(VLOOKUP(AG83,'Listas Ley Transparencia'!$H$3:$M$17,4,0)),"",VLOOKUP(AG83,'Listas Ley Transparencia'!$H$3:$M$17,4,0)) -> Publica | AL83: =IF(ISERROR(VLOOKUP(AG83,'Listas Ley Transparencia'!$H$3:$M$17,6,0)),"",VLOOKUP(AG83,'Listas Ley Transparencia'!$H$3:$M$17,6,0)) -> No Aplica | AM83: No Aplica | AN83: 45945 | AO83: Por demanda | AP83: Archivos digitales (carpetas compartidas) | AQ83: Carpetas compartidas TRD
A84: 77 | B84: OIDT | C84: Gestión de Tecnologías de la Información | D84: 120.146.3 Instrumentos de gestión de Seguridad de la información_x000D_ | E84: Son documentos que evidencian la gestión de actividades ejecutadas del Sistema de Gestión de Seguridad de la Información | F84: Nuevo | G84: OIDT | H84: Jefe de OIDT | I84: Contratista(s) de tecnologias de la información | J84: Soporte | K84: DATOS / INFORMACIÓN [DI] | L84: Uso Interno = Medio | M84: =IFERROR(VLOOKUP(L84,'Listas Activos'!$B$24:$C$28,2,0),0) -> 3 | N84: Medio | O84: =IFERROR(VLOOKUP(N84,'Listas Activos'!$B$31:$C$35,2,0),0) -> 3 | P84: Medio | Q84: =IFERROR(VLOOKUP(P84,'Listas Activos'!$B$38:$C$42,2,0),0) -> 3 | R84: =IF(AND(M84>0,O84>0,Q84>0,U84="Si"),5,IF(OR(M84=0,O84=0,Q84=0),0,IF(AND(M84=1,O84=1,Q84=1),1,(IF(OR(AND(M84=5,O84=5),AND(O84=5,Q84=5),AND(M84=5,Q84=5),AND(M84=5,O84=5,Q84=5)),5,3))))) -> 3 | S84: =IFERROR(VLOOKUP(R84,'Listas Activos'!$B$4:$C$7,2,0),"-") -> Medio | U84: No | Z84: Español | AA84: Electrónico (doc, txt,csv,pdf,jpg, pdf, video digital) | AB84: Documento PDF | AC84: Disponible a solicitud | AE84: Definido manualmente | AF84: Responsable seguridad de la información | AG84: Compromete secretos comerciales, industriales, profesionales | AI84: =IF(ISERROR(VLOOKUP(AG84,'Listas Ley Transparencia'!$H$3:$M$17,2,0)),"",VLOOKUP(AG84,'Listas Ley Transparencia'!$H$3:$M$17,2,0)) -> Información exceptuada por daño de derechos a personas naturales o jurídicas. Articulo 18 Ley 1712 de 2014 | AJ84: =IF(ISERROR(VLOOKUP(AG84,'Listas Ley Transparencia'!$H$3:$M$17,3,0)),"",VLOOKUP(AG84,'Listas Ley Transparencia'!$H$3:$M$17,3,0)) -> Los secretos comerciales, industriales y profesionales, así como los estipulados en el parágrafo del articulo 77 de la Ley 1474 de 2011 | AK84: =IF(ISERROR(VLOOKUP(AG84,'Listas Ley Transparencia'!$H$3:$M$17,4,0)),"",VLOOKUP(AG84,'Listas Ley Transparencia'!$H$3:$M$17,4,0)) -> Publica Clasificada | AL84: =IF(ISERROR(VLOOKUP(AG84,'Listas Ley Transparencia'!$H$3:$M$17,6,0)),"",VLOOKUP(AG84,'Listas Ley Transparencia'!$H$3:$M$17,6,0)) -> Ilimitada | AM84: No Aplica | AN84: 45945 | AO84: Por demanda | AP84: Archivos digitales (carpetas compartidas) | AQ84: Carpetas compartidas TRD
A85: 78 | B85: OIDT | C85: Gestión de Tecnologías de la Información | D85: 120.150.1 Inventario de activos de información | E85: Matriz de activos de información del INM | F85: Actualizado | G85: OIDT | H85: Jefe de OIDT | I85: Contratista(s) de tecnologias de la información | J85: Soporte | K85: DATOS / INFORMACIÓN [DI] | L85: Uso Interno = Medio | M85: =IFERROR(VLOOKUP(L85,'Listas Activos'!$B$24:$C$28,2,0),0) -> 3 | N85: Alto | O85: =IFERROR(VLOOKUP(N85,'Listas Activos'!$B$31:$C$35,2,0),0) -> 5 | P85: Alto | Q85: =IFERROR(VLOOKUP(P85,'Listas Activos'!$B$38:$C$42,2,0),0) -> 5 | R85: =IF(AND(M85>0,O85>0,Q85>0,U85="Si"),5,IF(OR(M85=0,O85=0,Q85=0),0,IF(AND(M85=1,O85=1,Q85=1),1,(IF(OR(AND(M85=5,O85=5),AND(O85=5,Q85=5),AND(M85=5,Q85=5),AND(M85=5,O85=5,Q85=5)),5,3))))) -> 5 | S85: =IFERROR(VLOOKUP(R85,'Listas Activos'!$B$4:$C$7,2,0),"-") -> Alto | U85: No | Z85: Español - Ingles | AA85: Electrónico (doc, txt,csv,pdf,jpg, pdf, video digital) | AB85: Documento PDF | AC85: Disponible a solicitud | AD85: 44986 | AE85: Definido manualmente | AF85: Responsable seguridad de la información | AG85: No existe excepción de acceso | AI85: =IF(ISERROR(VLOOKUP(AG85,'Listas Ley Transparencia'!$H$3:$M$17,2,0)),"",VLOOKUP(AG85,'Listas Ley Transparencia'!$H$3:$M$17,2,0)) -> Información publica y de conocimiento general | AJ85: =IF(ISERROR(VLOOKUP(AG85,'Listas Ley Transparencia'!$H$3:$M$17,3,0)),"",VLOOKUP(AG85,'Listas Ley Transparencia'!$H$3:$M$17,3,0)) -> Información publica y de conocimiento general | AK85: =IF(ISERROR(VLOOKUP(AG85,'Listas Ley Transparencia'!$H$3:$M$17,4,0)),"",VLOOKUP(AG85,'Listas Ley Transparencia'!$H$3:$M$17,4,0)) -> Publica | AL85: =IF(ISERROR(VLOOKUP(AG85,'Listas Ley Transparencia'!$H$3:$M$17,6,0)),"",VLOOKUP(AG85,'Listas Ley Transparencia'!$H$3:$M$17,6,0)) -> No Aplica | AM85: No Aplica | AN85: 45945 | AO85: Anual | AP85: Archivos digitales (carpetas compartidas) | AQ85: Carpetas compartidas TRD
A86: 79 | B86: OIDT | C86: Gestión de Tecnologías de la Información | D86: 120.150.3 Inventario de Componentes de Información_x000D_ | E86: Catálogo de Componentes de la Información · Catálogo de Datos Maestros · Catálogo de Metadatos · Catálogo de Referencia | F86: Nuevo | G86: OIDT | H86: Jefe de OIDT | I86: Contratista(s) de tecnologias de la información | J86: Soporte | K86: DATOS / INFORMACIÓN [DI] | L86: Uso Interno = Medio | M86: =IFERROR(VLOOKUP(L86,'Listas Activos'!$B$24:$C$28,2,0),0) -> 3 | N86: Medio | O86: =IFERROR(VLOOKUP(N86,'Listas Activos'!$B$31:$C$35,2,0),0) -> 3 | P86: Medio | Q86: =IFERROR(VLOOKUP(P86,'Listas Activos'!$B$38:$C$42,2,0),0) -> 3 | R86: =IF(AND(M86>0,O86>0,Q86>0,U86="Si"),5,IF(OR(M86=0,O86=0,Q86=0),0,IF(AND(M86=1,O86=1,Q86=1),1,(IF(OR(AND(M86=5,O86=5),AND(O86=5,Q86=5),AND(M86=5,Q86=5),AND(M86=5,O86=5,Q86=5)),5,3))))) -> 3 | S86: =IFERROR(VLOOKUP(R86,'Listas Activos'!$B$4:$C$7,2,0),"-") -> Medio | U86: No | Z86: Español | AA86: Electrónico (doc, txt,csv,pdf,jpg, pdf, video digital) | AB86: Documento PDF | AC86: Disponible a solicitud | AD86: 44895 | AE86: Jefe de OIDT | AG86: No existe excepción de acceso | AI86: =IF(ISERROR(VLOOKUP(AG86,'Listas Ley Transparencia'!$H$3:$M$17,2,0)),"",VLOOKUP(AG86,'Listas Ley Transparencia'!$H$3:$M$17,2,0)) -> Información publica y de conocimiento general | AJ86: =IF(ISERROR(VLOOKUP(AG86,'Listas Ley Transparencia'!$H$3:$M$17,3,0)),"",VLOOKUP(AG86,'Listas Ley Transparencia'!$H$3:$M$17,3,0)) -> Información publica y de conocimiento general | AK86: =IF(ISERROR(VLOOKUP(AG86,'Listas Ley Transparencia'!$H$3:$M$17,4,0)),"",VLOOKUP(AG86,'Listas Ley Transparencia'!$H$3:$M$17,4,0)) -> Publica | AL86: =IF(ISERROR(VLOOKUP(AG86,'Listas Ley Transparencia'!$H$3:$M$17,6,0)),"",VLOOKUP(AG86,'Listas Ley Transparencia'!$H$3:$M$17,6,0)) -> No Aplica | AM86: No Aplica | AN86: 45945 | AO86: Cuatrimestral | AP86: Hibrido: Archivo Digital y Sistemas de Información | AQ86: Carpetas compartidas TRD datosabiertos.gov.co
A87: 80 | B87: OIDT | C87: Gestión de Tecnologías de la Información | D87: 120.150.3Inventario de los recursos disponibles en la gestión de TI | E87: Es el registro de inventario de la infraestructura tecnologica con la que cuenta el INM | F87: Nuevo | G87: OIDT | H87: Profesional Especializado Código 2028 Grado 14 | I87: Profesional Especializado Código 2028 Grado 14 | J87: Soporte | K87: DATOS / INFORMACIÓN [DI] | L87: Uso Interno = Medio | M87: =IFERROR(VLOOKUP(L87,'Listas Activos'!$B$24:$C$28,2,0),0) -> 3 | N87: Medio | O87: =IFERROR(VLOOKUP(N87,'Listas Activos'!$B$31:$C$35,2,0),0) -> 3 | P87: Medio | Q87: =IFERROR(VLOOKUP(P87,'Listas Activos'!$B$38:$C$42,2,0),0) -> 3 | R87: =IF(AND(M87>0,O87>0,Q87>0,U87="Si"),5,IF(OR(M87=0,O87=0,Q87=0),0,IF(AND(M87=1,O87=1,Q87=1),1,(IF(OR(AND(M87=5,O87=5),AND(O87=5,Q87=5),AND(M87=5,Q87=5),AND(M87=5,O87=5,Q87=5)),5,3))))) -> 3 | S87: =IFERROR(VLOOKUP(R87,'Listas Activos'!$B$4:$C$7,2,0),"-") -> Medio | U87: No | Z87: Español | AA87: Electrónico (doc, txt,csv,pdf,jpg, pdf, video digital) | AB87: Documento PDF | AC87: Disponible a solicitud | AE87: Profesional Especializado Código 2028 Grado 14 | AG87: No existe excepción de acceso | AI87: =IF(ISERROR(VLOOKUP(AG87,'Listas Ley Transparencia'!$H$3:$M$17,2,0)),"",VLOOKUP(AG87,'Listas Ley Transparencia'!$H$3:$M$17,2,0)) -> Información publica y de conocimiento general | AJ87: =IF(ISERROR(VLOOKUP(AG87,'Listas Ley Transparencia'!$H$3:$M$17,3,0)),"",VLOOKUP(AG87,'Listas Ley Transparencia'!$H$3:$M$17,3,0)) -> Información publica y de conocimiento general | AK87: =IF(ISERROR(VLOOKUP(AG87,'Listas Ley Transparencia'!$H$3:$M$17,4,0)),"",VLOOKUP(AG87,'Listas Ley Transparencia'!$H$3:$M$17,4,0)) -> Publica | AL87: =IF(ISERROR(VLOOKUP(AG87,'Listas Ley Transparencia'!$H$3:$M$17,6,0)),"",VLOOKUP(AG87,'Listas Ley Transparencia'!$H$3:$M$17,6,0)) -> No Aplica | AM87: No Aplica | AN87: 45945 | AO87: Por demanda | AP87: Archivos digitales (carpetas compartidas) | AQ87: Carpetas compartidas TRD
A88: 81 | B88: OIDT | C88: Gestión de Tecnologías de la Información | D88: 120.150.5 Inventario de los Servicios Prestados por TI | E88: Es el registro de inventario de los servicios que se prestan al usuario final | F88: Nuevo | G88: OIDT | H88: Jefe de OIDT | I88: Contratista(s) de tecnologias de la información | J88: Soporte | K88: DATOS / INFORMACIÓN [DI] | L88: Pública = Baja | M88: =IFERROR(VLOOKUP(L88,'Listas Activos'!$B$24:$C$28,2,0),0) -> 1 | N88: Medio | O88: =IFERROR(VLOOKUP(N88,'Listas Activos'!$B$31:$C$35,2,0),0) -> 3 | P88: Medio | Q88: =IFERROR(VLOOKUP(P88,'Listas Activos'!$B$38:$C$42,2,0),0) -> 3 | R88: =IF(AND(M88>0,O88>0,Q88>0,U88="Si"),5,IF(OR(M88=0,O88=0,Q88=0),0,IF(AND(M88=1,O88=1,Q88=1),1,(IF(OR(AND(M88=5,O88=5),AND(O88=5,Q88=5),AND(M88=5,Q88=5),AND(M88=5,O88=5,Q88=5)),5,3))))) -> 3 | S88: =IFERROR(VLOOKUP(R88,'Listas Activos'!$B$4:$C$7,2,0),"-") -> Medio | U88: No | Z88: Español | AA88: Electrónico (doc, txt,csv,pdf,jpg, pdf, video digital) | AB88: Documento PDF | AC88: Disponible a solicitud | AD88: 45626 | AE88: Profesional Especializado Código 2028 Grado 18 | AG88: No existe excepción de acceso | AI88: =IF(ISERROR(VLOOKUP(AG88,'Listas Ley Transparencia'!$H$3:$M$17,2,0)),"",VLOOKUP(AG88,'Listas Ley Transparencia'!$H$3:$M$17,2,0)) -> Información publica y de conocimiento general | AJ88: =IF(ISERROR(VLOOKUP(AG88,'Listas Ley Transparencia'!$H$3:$M$17,3,0)),"",VLOOKUP(AG88,'Listas Ley Transparencia'!$H$3:$M$17,3,0)) -> Información publica y de conocimiento general | AK88: =IF(ISERROR(VLOOKUP(AG88,'Listas Ley Transparencia'!$H$3:$M$17,4,0)),"",VLOOKUP(AG88,'Listas Ley Transparencia'!$H$3:$M$17,4,0)) -> Publica | AL88: =IF(ISERROR(VLOOKUP(AG88,'Listas Ley Transparencia'!$H$3:$M$17,6,0)),"",VLOOKUP(AG88,'Listas Ley Transparencia'!$H$3:$M$17,6,0)) -> No Aplica | AM88: No Aplica | AN88: 45945 | AO88: Por demanda | AP88: Archivos digitales (carpetas compartidas) | AQ88: Carpetas compartidas TRD
A89: 82 | B89: OIDT | C89: Gestión de Tecnologías de la Información | D89: 120.195.15 Planes de seguridad de la información | E89: Planes anuales de seguridad de la información | F89: Nuevo | G89: OIDT | H89: Jefe de OIDT | I89: Contratista(s) de tecnologias de la información | J89: Soporte | K89: DATOS / INFORMACIÓN [DI] | L89: Pública = Baja | M89: =IFERROR(VLOOKUP(L89,'Listas Activos'!$B$24:$C$28,2,0),0) -> 1 | N89: Medio | O89: =IFERROR(VLOOKUP(N89,'Listas Activos'!$B$31:$C$35,2,0),0) -> 3 | P89: Alto | Q89: =IFERROR(VLOOKUP(P89,'Listas Activos'!$B$38:$C$42,2,0),0) -> 5 | R89: =IF(AND(M89>0,O89>0,Q89>0,U89="Si"),5,IF(OR(M89=0,O89=0,Q89=0),0,IF(AND(M89=1,O89=1,Q89=1),1,(IF(OR(AND(M89=5,O89=5),AND(O89=5,Q89=5),AND(M89=5,Q89=5),AND(M89=5,O89=5,Q89=5)),5,3))))) -> 3 | S89: =IFERROR(VLOOKUP(R89,'Listas Activos'!$B$4:$C$7,2,0),"-") -> Medio | U89: No | Z89: Español - Ingles | AA89: Electrónico (doc, txt,csv,pdf,jpg, pdf, video digital) | AB89: Documento PDF | AC89: Publicada | AD89: 44986 | AE89: Definido manualmente | AF89: Responsable seguridad de la información | AG89: No existe excepción de acceso | AI89: =IF(ISERROR(VLOOKUP(AG89,'Listas Ley Transparencia'!$H$3:$M$17,2,0)),"",VLOOKUP(AG89,'Listas Ley Transparencia'!$H$3:$M$17,2,0)) -> Información publica y de conocimiento general | AJ89: =IF(ISERROR(VLOOKUP(AG89,'Listas Ley Transparencia'!$H$3:$M$17,3,0)),"",VLOOKUP(AG89,'Listas Ley Transparencia'!$H$3:$M$17,3,0)) -> Información publica y de conocimiento general | AK89: =IF(ISERROR(VLOOKUP(AG89,'Listas Ley Transparencia'!$H$3:$M$17,4,0)),"",VLOOKUP(AG89,'Listas Ley Transparencia'!$H$3:$M$17,4,0)) -> Publica | AL89: =IF(ISERROR(VLOOKUP(AG89,'Listas Ley Transparencia'!$H$3:$M$17,6,0)),"",VLOOKUP(AG89,'Listas Ley Transparencia'!$H$3:$M$17,6,0)) -> No Aplica | AM89: No Aplica | AN89: 45945 | AO89: Otro | AP89: Hibrido: Archivo Digital y Sistemas de Información | AQ89: Carpetas compartidas TRD www.inm.gov.co
A90: 83 | B90: OIDT | C90: Gestión de Tecnologías de la Información | D90: 120.195.22 Planes de Tecnología de Riesgos y Seguridad de la Información | E90: Son documentos que evidencian la ejecución de actividades programadas en el plan. | F90: Nuevo | G90: OIDT | H90: Jefe de OIDT | I90: Contratista(s) de tecnologias de la información | J90: Soporte | K90: DATOS / INFORMACIÓN [DI] | L90: Pública = Baja | M90: =IFERROR(VLOOKUP(L90,'Listas Activos'!$B$24:$C$28,2,0),0) -> 1 | N90: Alto | O90: =IFERROR(VLOOKUP(N90,'Listas Activos'!$B$31:$C$35,2,0),0) -> 5 | P90: Alto | Q90: =IFERROR(VLOOKUP(P90,'Listas Activos'!$B$38:$C$42,2,0),0) -> 5 | R90: =IF(AND(M90>0,O90>0,Q90>0,U90="Si"),5,IF(OR(M90=0,O90=0,Q90=0),0,IF(AND(M90=1,O90=1,Q90=1),1,(IF(OR(AND(M90=5,O90=5),AND(O90=5,Q90=5),AND(M90=5,Q90=5),AND(M90=5,O90=5,Q90=5)),5,3))))) -> 5 | S90: =IFERROR(VLOOKUP(R90,'Listas Activos'!$B$4:$C$7,2,0),"-") -> Alto | U90: No | Z90: Español | AA90: Electrónico (doc, txt,csv,pdf,jpg, pdf, video digital) | AB90: Documento PDF | AC90: Publicada | AD90: 44986 | AE90: Definido manualmente | AF90: Responsable seguridad de la información | AG90: No existe excepción de acceso | AI90: =IF(ISERROR(VLOOKUP(AG90,'Listas Ley Transparencia'!$H$3:$M$17,2,0)),"",VLOOKUP(AG90,'Listas Ley Transparencia'!$H$3:$M$17,2,0)) -> Información publica y de conocimiento general | AJ90: =IF(ISERROR(VLOOKUP(AG90,'Listas Ley Transparencia'!$H$3:$M$17,3,0)),"",VLOOKUP(AG90,'Listas Ley Transparencia'!$H$3:$M$17,3,0)) -> Información publica y de conocimiento general | AK90: =IF(ISERROR(VLOOKUP(AG90,'Listas Ley Transparencia'!$H$3:$M$17,4,0)),"",VLOOKUP(AG90,'Listas Ley Transparencia'!$H$3:$M$17,4,0)) -> Publica | AL90: =IF(ISERROR(VLOOKUP(AG90,'Listas Ley Transparencia'!$H$3:$M$17,6,0)),"",VLOOKUP(AG90,'Listas Ley Transparencia'!$H$3:$M$17,6,0)) -> No Aplica | AM90: No Aplica | AN90: 45945 | AO90: Trimestral | AP90: Archivos digitales (carpetas compartidas) | AQ90: Carpetas compartidas TRD
A91: 84 | B91: OIDT | C91: Gestión de Tecnologías de la Información | D91: 120.195.23 Planes Estratégicos de Tecnología de la Información | E91: Son documentos que evidencian la ejecución de actividades programadas en el PETI | F91: Nuevo | G91: OIDT | H91: Jefe de OIDT | I91: Contratista(s) de tecnologias de la información | J91: Soporte | K91: DATOS / INFORMACIÓN [DI] | L91: Pública = Baja | M91: =IFERROR(VLOOKUP(L91,'Listas Activos'!$B$24:$C$28,2,0),0) -> 1 | N91: Medio | O91: =IFERROR(VLOOKUP(N91,'Listas Activos'!$B$31:$C$35,2,0),0) -> 3 | P91: Alto | Q91: =IFERROR(VLOOKUP(P91,'Listas Activos'!$B$38:$C$42,2,0),0) -> 5 | R91: =IF(AND(M91>0,O91>0,Q91>0,U91="Si"),5,IF(OR(M91=0,O91=0,Q91=0),0,IF(AND(M91=1,O91=1,Q91=1),1,(IF(OR(AND(M91=5,O91=5),AND(O91=5,Q91=5),AND(M91=5,Q91=5),AND(M91=5,O91=5,Q91=5)),5,3))))) -> 3 | S91: =IFERROR(VLOOKUP(R91,'Listas Activos'!$B$4:$C$7,2,0),"-") -> Medio | U91: No | Z91: Español | AA91: Electrónico (doc, txt,csv,pdf,jpg, pdf, video digital) | AB91: Documento PDF | AC91: Disponible a solicitud | AE91: Profesional Especializado Código 2028 Grado 18 | AG91: No existe excepción de acceso | AI91: =IF(ISERROR(VLOOKUP(AG91,'Listas Ley Transparencia'!$H$3:$M$17,2,0)),"",VLOOKUP(AG91,'Listas Ley Transparencia'!$H$3:$M$17,2,0)) -> Información publica y de conocimiento general | AJ91: =IF(ISERROR(VLOOKUP(AG91,'Listas Ley Transparencia'!$H$3:$M$17,3,0)),"",VLOOKUP(AG91,'Listas Ley Transparencia'!$H$3:$M$17,3,0)) -> Información publica y de conocimiento general | AK91: =IF(ISERROR(VLOOKUP(AG91,'Listas Ley Transparencia'!$H$3:$M$17,4,0)),"",VLOOKUP(AG91,'Listas Ley Transparencia'!$H$3:$M$17,4,0)) -> Publica | AL91: =IF(ISERROR(VLOOKUP(AG91,'Listas Ley Transparencia'!$H$3:$M$17,6,0)),"",VLOOKUP(AG91,'Listas Ley Transparencia'!$H$3:$M$17,6,0)) -> No Aplica | AM91: No Aplica | AN91: 45945 | AO91: Trimestral | AP91: Archivos digitales (carpetas compartidas) | AQ91: Carpetas compartidas TRD
A92: 85 | B92: OIDT | C92: Gestión de Tecnologías de la Información | D92: Equipos de cómputo de usuario final | E92: Equipos de cómputo asignados a los usuarios para su trabajo diario | F92: Actualizado | G92: OIDT | H92: Profesional Universitario Código 2044 Grado 03 | I92: Profesional Universitario Código 2044 Grado 03 | J92: Soporte | K92: HARDWARE [HW] | L92: Uso Interno = Medio | M92: =IFERROR(VLOOKUP(L92,'Listas Activos'!$B$24:$C$28,2,0),0) -> 3 | N92: Bajo | O92: =IFERROR(VLOOKUP(N92,'Listas Activos'!$B$31:$C$35,2,0),0) -> 1 | P92: Bajo | Q92: =IFERROR(VLOOKUP(P92,'Listas Activos'!$B$38:$C$42,2,0),0) -> 1 | R92: =IF(AND(M92>0,O92>0,Q92>0,U92="Si"),5,IF(OR(M92=0,O92=0,Q92=0),0,IF(AND(M92=1,O92=1,Q92=1),1,(IF(OR(AND(M92=5,O92=5),AND(O92=5,Q92=5),AND(M92=5,Q92=5),AND(M92=5,O92=5,Q92=5)),5,3))))) -> 3 | S92: =IFERROR(VLOOKUP(R92,'Listas Activos'!$B$4:$C$7,2,0),"-") -> Medio | U92: No
A93: 86 | B93: OIDT | C93: Gestión de Tecnologías de la Información | D93: LDAP | E93: Servicios en linea | F93: Actualizado | G93: Toda la entidad | H93: Profesional Universitario Código 2044 Grado 09 | I93: Profesional Universitario Código 2044 Grado 09 | J93: Primario | K93: HARDWARE [HW] | L93: Uso Interno = Medio | M93: =IFERROR(VLOOKUP(L93,'Listas Activos'!$B$24:$C$28,2,0),0) -> 3 | N93: Alto | O93: =IFERROR(VLOOKUP(N93,'Listas Activos'!$B$31:$C$35,2,0),0) -> 5 | P93: Alto | Q93: =IFERROR(VLOOKUP(P93,'Listas Activos'!$B$38:$C$42,2,0),0) -> 5 | R93: =IF(AND(M93>0,O93>0,Q93>0,U93="Si"),5,IF(OR(M93=0,O93=0,Q93=0),0,IF(AND(M93=1,O93=1,Q93=1),1,(IF(OR(AND(M93=5,O93=5),AND(O93=5,Q93=5),AND(M93=5,Q93=5),AND(M93=5,O93=5,Q93=5)),5,3))))) -> 5 | S93: =IFERROR(VLOOKUP(R93,'Listas Activos'!$B$4:$C$7,2,0),"-") -> Alto | U93: No
A94: 87 | B94: OIDT | C94: Gestión de Tecnologías de la Información | D94: centaurus.inm.local | E94: FileServer | F94: Actualizado | G94: Toda la entidad | H94: Profesional Universitario Código 2044 Grado 09 | I94: Profesional Universitario Código 2044 Grado 09 | J94: Primario | K94: HARDWARE [HW] | L94: Uso Interno = Medio | M94: =IFERROR(VLOOKUP(L94,'Listas Activos'!$B$24:$C$28,2,0),0) -> 3 | N94: Alto | O94: =IFERROR(VLOOKUP(N94,'Listas Activos'!$B$31:$C$35,2,0),0) -> 5 | P94: Alto | Q94: =IFERROR(VLOOKUP(P94,'Listas Activos'!$B$38:$C$42,2,0),0) -> 5 | R94: =IF(AND(M94>0,O94>0,Q94>0,U94="Si"),5,IF(OR(M94=0,O94=0,Q94=0),0,IF(AND(M94=1,O94=1,Q94=1),1,(IF(OR(AND(M94=5,O94=5),AND(O94=5,Q94=5),AND(M94=5,Q94=5),AND(M94=5,O94=5,Q94=5)),5,3))))) -> 5 | S94: =IFERROR(VLOOKUP(R94,'Listas Activos'!$B$4:$C$7,2,0),"-") -> Alto | U94: No
A95: 88 | B95: OIDT | C95: Gestión de Tecnologías de la Información | D95: ldap | E95: Servidor para desarrollo de aplicaciones | F95: Actualizado | G95: Toda la entidad | H95: Profesional Universitario Código 2044 Grado 09 | I95: Profesional Universitario Código 2044 Grado 09 | J95: Primario | K95: HARDWARE [HW] | L95: Uso Interno = Medio | M95: =IFERROR(VLOOKUP(L95,'Listas Activos'!$B$24:$C$28,2,0),0) -> 3 | N95: Alto | O95: =IFERROR(VLOOKUP(N95,'Listas Activos'!$B$31:$C$35,2,0),0) -> 5 | P95: Alto | Q95: =IFERROR(VLOOKUP(P95,'Listas Activos'!$B$38:$C$42,2,0),0) -> 5 | R95: =IF(AND(M95>0,O95>0,Q95>0,U95="Si"),5,IF(OR(M95=0,O95=0,Q95=0),0,IF(AND(M95=1,O95=1,Q95=1),1,(IF(OR(AND(M95=5,O95=5),AND(O95=5,Q95=5),AND(M95=5,Q95=5),AND(M95=5,O95=5,Q95=5)),5,3))))) -> 5 | S95: =IFERROR(VLOOKUP(R95,'Listas Activos'!$B$4:$C$7,2,0),"-") -> Alto | U95: No
A96: 89 | B96: OIDT | C96: Gestión de Tecnologías de la Información | D96: FortiNAC | E96: Servidor Fortinet para NAC (Network Access Control) para gestionar y controlar el acceso a la red de dispositivos y usuarios. | F96: Actualizado | G96: Toda la entidad | H96: Profesional Universitario Código 2044 Grado 09 | I96: Profesional Universitario Código 2044 Grado 09 | J96: Primario | K96: HARDWARE [HW] | L96: Uso Interno = Medio | M96: =IFERROR(VLOOKUP(L96,'Listas Activos'!$B$24:$C$28,2,0),0) -> 3 | N96: Alto | O96: =IFERROR(VLOOKUP(N96,'Listas Activos'!$B$31:$C$35,2,0),0) -> 5 | P96: Alto | Q96: =IFERROR(VLOOKUP(P96,'Listas Activos'!$B$38:$C$42,2,0),0) -> 5 | R96: =IF(AND(M96>0,O96>0,Q96>0,U96="Si"),5,IF(OR(M96=0,O96=0,Q96=0),0,IF(AND(M96=1,O96=1,Q96=1),1,(IF(OR(AND(M96=5,O96=5),AND(O96=5,Q96=5),AND(M96=5,Q96=5),AND(M96=5,O96=5,Q96=5)),5,3))))) -> 5 | S96: =IFERROR(VLOOKUP(R96,'Listas Activos'!$B$4:$C$7,2,0),"-") -> Alto | U96: No
A97: 90 | B97: OIDT | C97: Gestión de Tecnologías de la Información | D97: fortisiem_colector | E97: SIEM (Security Information and Event Management) recolecta o recoge los eventos para ser analizados por el FORTISIEM. | F97: Actualizado | G97: Toda la entidad | H97: Profesional Universitario Código 2044 Grado 09 | I97: Profesional Universitario Código 2044 Grado 09 | J97: Primario | K97: HARDWARE [HW] | L97: Uso Interno = Medio | M97: =IFERROR(VLOOKUP(L97,'Listas Activos'!$B$24:$C$28,2,0),0) -> 3 | N97: Alto | O97: =IFERROR(VLOOKUP(N97,'Listas Activos'!$B$31:$C$35,2,0),0) -> 5 | P97: Alto | Q97: =IFERROR(VLOOKUP(P97,'Listas Activos'!$B$38:$C$42,2,0),0) -> 5 | R97: =IF(AND(M97>0,O97>0,Q97>0,U97="Si"),5,IF(OR(M97=0,O97=0,Q97=0),0,IF(AND(M97=1,O97=1,Q97=1),1,(IF(OR(AND(M97=5,O97=5),AND(O97=5,Q97=5),AND(M97=5,Q97=5),AND(M97=5,O97=5,Q97=5)),5,3))))) -> 5 | S97: =IFERROR(VLOOKUP(R97,'Listas Activos'!$B$4:$C$7,2,0),"-") -> Alto | U97: No
A98: 91 | B98: OIDT | C98: Gestión de Tecnologías de la Información | D98: fortisiem_supervisor | E98: SIEM (Security Information and Event Management) proporciona una visibilidad integral y una gestión efectiva de la seguridad correlacionando y administrando los eventos; supervisa mediante monitoreo y analísis los eventos para la detección de incidentes que afecten al INM. | F98: Actualizado | G98: Toda la entidad | H98: Profesional Universitario Código 2044 Grado 09 | I98: Profesional Universitario Código 2044 Grado 09 | J98: Primario | K98: HARDWARE [HW] | L98: Uso Interno = Medio | M98: =IFERROR(VLOOKUP(L98,'Listas Activos'!$B$24:$C$28,2,0),0) -> 3 | N98: Alto | O98: =IFERROR(VLOOKUP(N98,'Listas Activos'!$B$31:$C$35,2,0),0) -> 5 | P98: Alto | Q98: =IFERROR(VLOOKUP(P98,'Listas Activos'!$B$38:$C$42,2,0),0) -> 5 | R98: =IF(AND(M98>0,O98>0,Q98>0,U98="Si"),5,IF(OR(M98=0,O98=0,Q98=0),0,IF(AND(M98=1,O98=1,Q98=1),1,(IF(OR(AND(M98=5,O98=5),AND(O98=5,Q98=5),AND(M98=5,Q98=5),AND(M98=5,O98=5,Q98=5)),5,3))))) -> 5 | S98: =IFERROR(VLOOKUP(R98,'Listas Activos'!$B$4:$C$7,2,0),"-") -> Alto | U98: No
A99: 92 | B99: OIDT | C99: Gestión de Tecnologías de la Información | D99: ORION-CENAM | E99: Biblioteca Digital + Apli y BD | F99: Actualizado | G99: Toda la entidad | H99: Profesional Universitario Código 2044 Grado 09 | I99: Profesional Universitario Código 2044 Grado 09 | J99: Primario | K99: HARDWARE [HW] | L99: Uso Interno = Medio | M99: =IFERROR(VLOOKUP(L99,'Listas Activos'!$B$24:$C$28,2,0),0) -> 3 | N99: Alto | O99: =IFERROR(VLOOKUP(N99,'Listas Activos'!$B$31:$C$35,2,0),0) -> 5 | P99: Alto | Q99: =IFERROR(VLOOKUP(P99,'Listas Activos'!$B$38:$C$42,2,0),0) -> 5 | R99: =IF(AND(M99>0,O99>0,Q99>0,U99="Si"),5,IF(OR(M99=0,O99=0,Q99=0),0,IF(AND(M99=1,O99=1,Q99=1),1,(IF(OR(AND(M99=5,O99=5),AND(O99=5,Q99=5),AND(M99=5,Q99=5),AND(M99=5,O99=5,Q99=5)),5,3))))) -> 5 | S99: =IFERROR(VLOOKUP(R99,'Listas Activos'!$B$4:$C$7,2,0),"-") -> Alto | U99: No
A100: 93 | B100: OIDT | C100: Gestión de Tecnologías de la Información | D100: INMARCHIVOS1 | E100: FileServer | F100: Actualizado | G100: Toda la entidad | H100: Profesional Universitario Código 2044 Grado 09 | I100: Profesional Universitario Código 2044 Grado 09 | J100: Primario | K100: HARDWARE [HW] | L100: Clasificada = Alta | M100: =IFERROR(VLOOKUP(L100,'Listas Activos'!$B$24:$C$28,2,0),0) -> 5 | N100: Alto | O100: =IFERROR(VLOOKUP(N100,'Listas Activos'!$B$31:$C$35,2,0),0) -> 5 | P100: Alto | Q100: =IFERROR(VLOOKUP(P100,'Listas Activos'!$B$38:$C$42,2,0),0) -> 5 | R100: =IF(AND(M100>0,O100>0,Q100>0,U100="Si"),5,IF(OR(M100=0,O100=0,Q100=0),0,IF(AND(M100=1,O100=1,Q100=1),1,(IF(OR(AND(M100=5,O100=5),AND(O100=5,Q100=5),AND(M100=5,Q100=5),AND(M100=5,O100=5,Q100=5)),5,3))))) -> 5 | S100: =IFERROR(VLOOKUP(R100,'Listas Activos'!$B$4:$C$7,2,0),"-") -> Alto | U100: No
A101: 94 | B101: OIDT | C101: Gestión de Tecnologías de la Información | D101: INMARCHIVOS2 | E101: FileServer | F101: Actualizado | G101: Toda la entidad | H101: Profesional Universitario Código 2044 Grado 09 | I101: Profesional Universitario Código 2044 Grado 09 | J101: Primario | K101: HARDWARE [HW] | L101: Clasificada = Alta | M101: =IFERROR(VLOOKUP(L101,'Listas Activos'!$B$24:$C$28,2,0),0) -> 5 | N101: Alto | O101: =IFERROR(VLOOKUP(N101,'Listas Activos'!$B$31:$C$35,2,0),0) -> 5 | P101: Alto | Q101: =IFERROR(VLOOKUP(P101,'Listas Activos'!$B$38:$C$42,2,0),0) -> 5 | R101: =IF(AND(M101>0,O101>0,Q101>0,U101="Si"),5,IF(OR(M101=0,O101=0,Q101=0),0,IF(AND(M101=1,O101=1,Q101=1),1,(IF(OR(AND(M101=5,O101=5),AND(O101=5,Q101=5),AND(M101=5,Q101=5),AND(M101=5,O101=5,Q101=5)),5,3))))) -> 5 | S101: =IFERROR(VLOOKUP(R101,'Listas Activos'!$B$4:$C$7,2,0),"-") -> Alto | U101: No
A102: 95 | B102: OIDT | C102: Gestión de Tecnologías de la Información | D102: Srv-Basesdatos | E102: BD BPMETRO - Ophelia v1 | F102: Actualizado | G102: Toda la entidad | H102: Profesional Universitario Código 2044 Grado 09 | I102: Profesional Universitario Código 2044 Grado 09 | J102: Primario | K102: HARDWARE [HW] | L102: Clasificada = Alta | M102: =IFERROR(VLOOKUP(L102,'Listas Activos'!$B$24:$C$28,2,0),0) -> 5 | N102: Alto | O102: =IFERROR(VLOOKUP(N102,'Listas Activos'!$B$31:$C$35,2,0),0) -> 5 | P102: Alto | Q102: =IFERROR(VLOOKUP(P102,'Listas Activos'!$B$38:$C$42,2,0),0) -> 5 | R102: =IF(AND(M102>0,O102>0,Q102>0,U102="Si"),5,IF(OR(M102=0,O102=0,Q102=0),0,IF(AND(M102=1,O102=1,Q102=1),1,(IF(OR(AND(M102=5,O102=5),AND(O102=5,Q102=5),AND(M102=5,Q102=5),AND(M102=5,O102=5,Q102=5)),5,3))))) -> 5 | S102: =IFERROR(VLOOKUP(R102,'Listas Activos'!$B$4:$C$7,2,0),"-") -> Alto | U102: No
A103: 96 | B103: OIDT | C103: Gestión de Tecnologías de la Información | D103: SRV-BASESDATOS2 | E103: Bases de datos para BP METRO, OFELIA PRUEBAS, SGDA PRUEBAS | F103: Actualizado | G103: Toda la entidad | H103: Profesional Universitario Código 2044 Grado 09 | I103: Profesional Universitario Código 2044 Grado 09 | J103: Primario | K103: HARDWARE [HW] | L103: Pública = Baja | M103: =IFERROR(VLOOKUP(L103,'Listas Activos'!$B$24:$C$28,2,0),0) -> 1 | N103: Bajo | O103: =IFERROR(VLOOKUP(N103,'Listas Activos'!$B$31:$C$35,2,0),0) -> 1 | P103: Medio | Q103: =IFERROR(VLOOKUP(P103,'Listas Activos'!$B$38:$C$42,2,0),0) -> 3 | R103: =IF(AND(M103>0,O103>0,Q103>0,U103="Si"),5,IF(OR(M103=0,O103=0,Q103=0),0,IF(AND(M103=1,O103=1,Q103=1),1,(IF(OR(AND(M103=5,O103=5),AND(O103=5,Q103=5),AND(M103=5,Q103=5),AND(M103=5,O103=5,Q103=5)),5,3))))) -> 3 | S103: =IFERROR(VLOOKUP(R103,'Listas Activos'!$B$4:$C$7,2,0),"-") -> Medio | U103: No
... A148: 141 | B148: OIDT | C148: Gestión de Tecnologías de la Información | D148: SRVADC02 | E148: Directorio activo secundario | F148: Nuevo | G148: Toda la entidad | H148: Profesional Universitario Código 2044 Grado 09 | I148: Profesional Universitario Código 2044 Grado 09 | J148: Primario | K148: HARDWARE [HW] | L148: Uso Interno = Medio | M148: =IFERROR(VLOOKUP(L148,'Listas Activos'!$B$24:$C$28,2,0),0) -> 3 | N148: Alto | O148: =IFERROR(VLOOKUP(N148,'Listas Activos'!$B$31:$C$35,2,0),0) -> 5 | P148: Alto | Q148: =IFERROR(VLOOKUP(P148,'Listas Activos'!$B$38:$C$42,2,0),0) -> 5 | R148: =IF(AND(M148>0,O148>0,Q148>0,U148="Si"),5,IF(OR(M148=0,O148=0,Q148=0),0,IF(AND(M148=1,O148=1,Q148=1),1,(IF(OR(AND(M148=5,O148=5),AND(O148=5,Q148=5),AND(M148=5,Q148=5),AND(M148=5,O148=5,Q148=5)),5,3))))) -> 5 | S148: =IFERROR(VLOOKUP(R148,'Listas Activos'!$B$4:$C$7,2,0),"-") -> Alto | U148: No
A149: 142 | B149: DIRECCION | C149: Defensa Judicial y extrajudicial | D149: 100.5.4 Actas Comité de Conciliación y Defensa Judicial | E149: Actas para realizar estudios históricos del desarrollo de las instancias administrativas de estudio, análisis y formulación de políticas de prevención del daño antijurídico y defensa de los intereses de la entidad. | F149: Actualizado | G149: Comité de conciliación | H149: Asesor Código 1020 Grado 15 | I149: Profesional Universitario Código 2044 Grado 01 | J149: Primario | K149: DATOS / INFORMACIÓN [DI] | L149: Clasificada = Alta | M149: =IFERROR(VLOOKUP(L149,'Listas Activos'!$B$24:$C$28,2,0),0) -> 5 | N149: Alto | O149: =IFERROR(VLOOKUP(N149,'Listas Activos'!$B$31:$C$35,2,0),0) -> 5 | P149: Alto | Q149: =IFERROR(VLOOKUP(P149,'Listas Activos'!$B$38:$C$42,2,0),0) -> 5 | R149: =IF(AND(M149>0,O149>0,Q149>0,U149="Si"),5,IF(OR(M149=0,O149=0,Q149=0),0,IF(AND(M149=1,O149=1,Q149=1),1,(IF(OR(AND(M149=5,O149=5),AND(O149=5,Q149=5),AND(M149=5,Q149=5),AND(M149=5,O149=5,Q149=5)),5,3))))) -> 5 | S149: =IFERROR(VLOOKUP(R149,'Listas Activos'!$B$4:$C$7,2,0),"-") -> Alto | U149: Si | V149: No | W149: No | X149: Si | Y149: No | Z149: Español | AA149: Hibrido: Análogo - electrónico | AB149: Documento PDF | AC149: Disponible a solicitud | AD149: 41639 | AE149: Definido manualmente | AF149: Profesional universitario código 2044 Grado 01 Asesor Código 1020 Grado 15 | AG149: Compromete secretos comerciales, industriales, profesionales | AH149: Ley 2220 de 2022 | AI149: =IF(ISERROR(VLOOKUP(AG149,'Listas Ley Transparencia'!$H$3:$M$17,2,0)),"",VLOOKUP(AG149,'Listas Ley Transparencia'!$H$3:$M$17,2,0)) -> Información exceptuada por daño de derechos a personas naturales o jurídicas. Articulo 18 Ley 1712 de 2014 | AJ149: =IF(ISERROR(VLOOKUP(AG149,'Listas Ley Transparencia'!$H$3:$M$17,3,0)),"",VLOOKUP(AG149,'Listas Ley Transparencia'!$H$3:$M$17,3,0)) -> Los secretos comerciales, industriales y profesionales, así como los estipulados en el parágrafo del articulo 77 de la Ley 1474 de 2011 | AK149: =IF(ISERROR(VLOOKUP(AG149,'Listas Ley Transparencia'!$H$3:$M$17,4,0)),"",VLOOKUP(AG149,'Listas Ley Transparencia'!$H$3:$M$17,4,0)) -> Publica Clasificada | AL149: =IF(ISERROR(VLOOKUP(AG149,'Listas Ley Transparencia'!$H$3:$M$17,6,0)),"",VLOOKUP(AG149,'Listas Ley Transparencia'!$H$3:$M$17,6,0)) -> Ilimitada | AM149: Parcial | AN149: 45973 | AO149: Mensual | AP149: Hibrido: Archivo Fisico y Archivo Digital | AQ149: Archivo físico de la Dirección Carpeta compartida TRD
A150: 143 | B150: DIRECCION | C150: Direccionamiento Estratégico y Planeación | D150: 100.5.16 Actas de Negociación Sindical | E150: Documento en el que se relacionan los temas tratados y acordados durante el proceso de negociación entre los representantes de las organizaciones sindicales y el INM. | F150: Nuevo | G150: Toda la entidad | H150: Asesor Código 1020 Grado 15 | I150: Asesor Código 1020 Grado 15 | J150: Soporte | K150: DATOS / INFORMACIÓN [DI] | L150: Pública = Baja | M150: =IFERROR(VLOOKUP(L150,'Listas Activos'!$B$24:$C$28,2,0),0) -> 1 | N150: Medio | O150: =IFERROR(VLOOKUP(N150,'Listas Activos'!$B$31:$C$35,2,0),0) -> 3 | P150: Medio | Q150: =IFERROR(VLOOKUP(P150,'Listas Activos'!$B$38:$C$42,2,0),0) -> 3 | R150: =IF(AND(M150>0,O150>0,Q150>0,U150="Si"),5,IF(OR(M150=0,O150=0,Q150=0),0,IF(AND(M150=1,O150=1,Q150=1),1,(IF(OR(AND(M150=5,O150=5),AND(O150=5,Q150=5),AND(M150=5,Q150=5),AND(M150=5,O150=5,Q150=5)),5,3))))) -> 3 | S150: =IFERROR(VLOOKUP(R150,'Listas Activos'!$B$4:$C$7,2,0),"-") -> Medio | U150: No | Z150: Español | AA150: Hibrido: Análogo - electrónico | AB150: Documento PDF | AC150: Disponible a solicitud | AD150: 45323 | AE150: Asesor Código 1020 Grado 15 | AG150: No existe excepción de acceso | AI150: =IF(ISERROR(VLOOKUP(AG150,'Listas Ley Transparencia'!$H$3:$M$17,2,0)),"",VLOOKUP(AG150,'Listas Ley Transparencia'!$H$3:$M$17,2,0)) -> Información publica y de conocimiento general | AJ150: =IF(ISERROR(VLOOKUP(AG150,'Listas Ley Transparencia'!$H$3:$M$17,3,0)),"",VLOOKUP(AG150,'Listas Ley Transparencia'!$H$3:$M$17,3,0)) -> Información publica y de conocimiento general | AK150: =IF(ISERROR(VLOOKUP(AG150,'Listas Ley Transparencia'!$H$3:$M$17,4,0)),"",VLOOKUP(AG150,'Listas Ley Transparencia'!$H$3:$M$17,4,0)) -> Publica | AL150: =IF(ISERROR(VLOOKUP(AG150,'Listas Ley Transparencia'!$H$3:$M$17,6,0)),"",VLOOKUP(AG150,'Listas Ley Transparencia'!$H$3:$M$17,6,0)) -> No Aplica | AM150: No Aplica | AN150: 45973 | AO150: Otro | AP150: Hibrido: Archivo Fisico y Archivo Digital | AQ150: Archivo físico de la Dirección Carpeta compartida TRD
A151: 144 | B151: DIRECCION | C151: Defensa Judicial y extrajudicial | D151: 100.60.1 Conceptos Jurídicos | E151: Conceptos Jurídicos (Surge de la integración de 3 activos: Comunicación oficial, antecedentes y concepto). Tiene valor administrativo, legal y técnico | F151: Actualizado | G151: Toda la entidad | H151: Asesor Código 1020 Grado 15 | I151: Asesor Código 1020 Grado 15 | J151: Soporte | K151: DATOS / INFORMACIÓN [DI] | L151: Uso Interno = Medio | M151: =IFERROR(VLOOKUP(L151,'Listas Activos'!$B$24:$C$28,2,0),0) -> 3 | N151: Alto | O151: =IFERROR(VLOOKUP(N151,'Listas Activos'!$B$31:$C$35,2,0),0) -> 5 | P151: Alto | Q151: =IFERROR(VLOOKUP(P151,'Listas Activos'!$B$38:$C$42,2,0),0) -> 5 | R151: =IF(AND(M151>0,O151>0,Q151>0,U151="Si"),5,IF(OR(M151=0,O151=0,Q151=0),0,IF(AND(M151=1,O151=1,Q151=1),1,(IF(OR(AND(M151=5,O151=5),AND(O151=5,Q151=5),AND(M151=5,Q151=5),AND(M151=5,O151=5,Q151=5)),5,3))))) -> 5 | S151: =IFERROR(VLOOKUP(R151,'Listas Activos'!$B$4:$C$7,2,0),"-") -> Alto | U151: Si | V151: No | W151: No | X151: Si | Y151: Si | Z151: Español | AA151: Electrónico (doc, txt,csv,pdf,jpg, pdf, video digital) | AB151: Documento PDF | AC151: Disponible a solicitud | AD151: 41639 | AE151: Asesor Código 1020 Grado 15 | AG151: No existe excepción de acceso | AH151: Ley 1437 de 2011, Ley 1755 de 2015 | AI151: =IF(ISERROR(VLOOKUP(AG151,'Listas Ley Transparencia'!$H$3:$M$17,2,0)),"",VLOOKUP(AG151,'Listas Ley Transparencia'!$H$3:$M$17,2,0)) -> Información publica y de conocimiento general | AJ151: =IF(ISERROR(VLOOKUP(AG151,'Listas Ley Transparencia'!$H$3:$M$17,3,0)),"",VLOOKUP(AG151,'Listas Ley Transparencia'!$H$3:$M$17,3,0)) -> Información publica y de conocimiento general | AK151: =IF(ISERROR(VLOOKUP(AG151,'Listas Ley Transparencia'!$H$3:$M$17,4,0)),"",VLOOKUP(AG151,'Listas Ley Transparencia'!$H$3:$M$17,4,0)) -> Publica | AL151: =IF(ISERROR(VLOOKUP(AG151,'Listas Ley Transparencia'!$H$3:$M$17,6,0)),"",VLOOKUP(AG151,'Listas Ley Transparencia'!$H$3:$M$17,6,0)) -> No Aplica | AM151: No Aplica | AN151: 45973 | AO151: Por demanda | AP151: Archivos digitales (carpetas compartidas) | AQ151: Carpeta compartida TRD
A152: 145 | B152: DIRECCION | C152: Servicio al ciudadano | D152: 100.85 DERECHOS DE PETICIÓN | E152: Derechos de petición | F152: Actualizado | G152: Toda la entidad | H152: Director General de Unidad Administrativa Especial Código 15 Grado 25 | I152: Asesor Código 1020 Grado 15 | J152: Soporte | K152: DATOS / INFORMACIÓN [DI] | L152: Uso Interno = Medio | M152: =IFERROR(VLOOKUP(L152,'Listas Activos'!$B$24:$C$28,2,0),0) -> 3 | N152: Medio | O152: =IFERROR(VLOOKUP(N152,'Listas Activos'!$B$31:$C$35,2,0),0) -> 3 | P152: Medio | Q152: =IFERROR(VLOOKUP(P152,'Listas Activos'!$B$38:$C$42,2,0),0) -> 3 | R152: =IF(AND(M152>0,O152>0,Q152>0,U152="Si"),5,IF(OR(M152=0,O152=0,Q152=0),0,IF(AND(M152=1,O152=1,Q152=1),1,(IF(OR(AND(M152=5,O152=5),AND(O152=5,Q152=5),AND(M152=5,Q152=5),AND(M152=5,O152=5,Q152=5)),5,3))))) -> 5 | S152: =IFERROR(VLOOKUP(R152,'Listas Activos'!$B$4:$C$7,2,0),"-") -> Alto | U152: Si | V152: No | W152: No | X152: Si | Y152: No | Z152: Español | AA152: Electrónico (doc, txt,csv,pdf,jpg, pdf, video digital) | AB152: Documento PDF | AC152: Disponible a solicitud | AD152: 41621 | AE152: Definido manualmente | AF152: Depende del tema y la asignación | AG152: No existe excepción de acceso | AH152: Ley 1755 de 2015 | AI152: =IF(ISERROR(VLOOKUP(AG152,'Listas Ley Transparencia'!$H$3:$M$17,2,0)),"",VLOOKUP(AG152,'Listas Ley Transparencia'!$H$3:$M$17,2,0)) -> Información publica y de conocimiento general | AJ152: =IF(ISERROR(VLOOKUP(AG152,'Listas Ley Transparencia'!$H$3:$M$17,3,0)),"",VLOOKUP(AG152,'Listas Ley Transparencia'!$H$3:$M$17,3,0)) -> Información publica y de conocimiento general | AK152: =IF(ISERROR(VLOOKUP(AG152,'Listas Ley Transparencia'!$H$3:$M$17,4,0)),"",VLOOKUP(AG152,'Listas Ley Transparencia'!$H$3:$M$17,4,0)) -> Publica | AL152: =IF(ISERROR(VLOOKUP(AG152,'Listas Ley Transparencia'!$H$3:$M$17,6,0)),"",VLOOKUP(AG152,'Listas Ley Transparencia'!$H$3:$M$17,6,0)) -> No Aplica | AM152: No Aplica | AN152: 45973 | AO152: Por demanda | AP152: Sistemas de información | AQ152: OPHELIA
A153: 146 | B153: DIRECCION | C153: Defensa Judicial y extrajudicial | D153: 100.135.11. Informes de gestión | E153: Informes de gestión del área | F153: Actualizado | G153: Toda la entidad | H153: Asesor Código 1020 Grado 15 | I153: Secretario Bilingüe Código 4182 Grado 26 | J153: Soporte | K153: DATOS / INFORMACIÓN [DI] | L153: Uso Interno = Medio | M153: =IFERROR(VLOOKUP(L153,'Listas Activos'!$B$24:$C$28,2,0),0) -> 3 | N153: Medio | O153: =IFERROR(VLOOKUP(N153,'Listas Activos'!$B$31:$C$35,2,0),0) -> 3 | P153: Bajo | Q153: =IFERROR(VLOOKUP(P153,'Listas Activos'!$B$38:$C$42,2,0),0) -> 1 | R153: =IF(AND(M153>0,O153>0,Q153>0,U153="Si"),5,IF(OR(M153=0,O153=0,Q153=0),0,IF(AND(M153=1,O153=1,Q153=1),1,(IF(OR(AND(M153=5,O153=5),AND(O153=5,Q153=5),AND(M153=5,Q153=5),AND(M153=5,O153=5,Q153=5)),5,3))))) -> 3 | S153: =IFERROR(VLOOKUP(R153,'Listas Activos'!$B$4:$C$7,2,0),"-") -> Medio | U153: No | Z153: Español | AA153: Electrónico (doc, txt,csv,pdf,jpg, pdf, video digital) | AB153: Documento PDF | AC153: Disponible a solicitud | AG153: No existe excepción de acceso | AI153: =IF(ISERROR(VLOOKUP(AG153,'Listas Ley Transparencia'!$H$3:$M$17,2,0)),"",VLOOKUP(AG153,'Listas Ley Transparencia'!$H$3:$M$17,2,0)) -> Información publica y de conocimiento general | AJ153: =IF(ISERROR(VLOOKUP(AG153,'Listas Ley Transparencia'!$H$3:$M$17,3,0)),"",VLOOKUP(AG153,'Listas Ley Transparencia'!$H$3:$M$17,3,0)) -> Información publica y de conocimiento general | AK153: =IF(ISERROR(VLOOKUP(AG153,'Listas Ley Transparencia'!$H$3:$M$17,4,0)),"",VLOOKUP(AG153,'Listas Ley Transparencia'!$H$3:$M$17,4,0)) -> Publica | AL153: =IF(ISERROR(VLOOKUP(AG153,'Listas Ley Transparencia'!$H$3:$M$17,6,0)),"",VLOOKUP(AG153,'Listas Ley Transparencia'!$H$3:$M$17,6,0)) -> No Aplica | AM153: No Aplica | AN153: 45973 | AO153: Por demanda | AP153: Archivos digitales (carpetas compartidas) | AQ153: Carpetas compartidas TRD
A154: 147 | B154: DIRECCION | C154: Defensa Judicial y extrajudicial | D154: 100.215.2 Procesos judiciales | E154: Documentos producidos y recibidos como resultado de las demandas interpuestas al instituto, con la finalidad que cualquier autoridad pública o un particular cumpla con una disposición normativa o un acto administrativo | F154: Actualizado | G154: Apoderados judiciales Control interno | H154: Asesor Código 1020 Grado 15 | I154: Asesor Código 1020 Grado 15 | J154: Primario | K154: DATOS / INFORMACIÓN [DI] | L154: Clasificada = Alta | M154: =IFERROR(VLOOKUP(L154,'Listas Activos'!$B$24:$C$28,2,0),0) -> 5 | N154: Alto | O154: =IFERROR(VLOOKUP(N154,'Listas Activos'!$B$31:$C$35,2,0),0) -> 5 | P154: Alto | Q154: =IFERROR(VLOOKUP(P154,'Listas Activos'!$B$38:$C$42,2,0),0) -> 5 | R154: =IF(AND(M154>0,O154>0,Q154>0,U154="Si"),5,IF(OR(M154=0,O154=0,Q154=0),0,IF(AND(M154=1,O154=1,Q154=1),1,(IF(OR(AND(M154=5,O154=5),AND(O154=5,Q154=5),AND(M154=5,Q154=5),AND(M154=5,O154=5,Q154=5)),5,3))))) -> 5 | S154: =IFERROR(VLOOKUP(R154,'Listas Activos'!$B$4:$C$7,2,0),"-") -> Alto | U154: Si | V154: Si | W154: Si | X154: Si | Y154: Si | Z154: Español | AA154: Hibrido: Análogo - electrónico | AB154: Documento PDF | AC154: Disponible a solicitud | AD154: 41516 | AE154: Definido manualmente | AF154: Asesor Código 1020 Grado 12 , Asesor Código 1020 Grado 15, Secretario General | AG154: Compromete secretos comerciales, industriales, profesionales | AH154: Constitución Política- Código de Procedimiento Administrativo y Código General del Proceso. | AI154: =IF(ISERROR(VLOOKUP(AG154,'Listas Ley Transparencia'!$H$3:$M$17,2,0)),"",VLOOKUP(AG154,'Listas Ley Transparencia'!$H$3:$M$17,2,0)) -> Información exceptuada por daño de derechos a personas naturales o jurídicas. Articulo 18 Ley 1712 de 2014 | AJ154: =IF(ISERROR(VLOOKUP(AG154,'Listas Ley Transparencia'!$H$3:$M$17,3,0)),"",VLOOKUP(AG154,'Listas Ley Transparencia'!$H$3:$M$17,3,0)) -> Los secretos comerciales, industriales y profesionales, así como los estipulados en el parágrafo del articulo 77 de la Ley 1474 de 2011 | AK154: =IF(ISERROR(VLOOKUP(AG154,'Listas Ley Transparencia'!$H$3:$M$17,4,0)),"",VLOOKUP(AG154,'Listas Ley Transparencia'!$H$3:$M$17,4,0)) -> Publica Clasificada | AL154: =IF(ISERROR(VLOOKUP(AG154,'Listas Ley Transparencia'!$H$3:$M$17,6,0)),"",VLOOKUP(AG154,'Listas Ley Transparencia'!$H$3:$M$17,6,0)) -> Ilimitada | AM154: Parcial | AN154: 45973 | AO154: Por demanda | AP154: Hibrido: Archivo Fisico y Archivo Digital | AQ154: Archivo físico de la Dirección Carpeta compartida TRD
A155: 148 | B155: DIRECCION | C155: Direccionamiento Estratégico y Planeación | D155: claves de redes sociales | E155: Claves de acceso a todas las redes sociales que se gestionan en el INM | F155: Nuevo | G155: La estratega de marketing y comunicaciones de dirección y Director | H155: Contratista(s) de otros servicios | I155: Contratista(s) de otros servicios | J155: Soporte | K155: DATOS / INFORMACIÓN [DI] | L155: Clasificada = Alta | M155: =IFERROR(VLOOKUP(L155,'Listas Activos'!$B$24:$C$28,2,0),0) -> 5 | N155: Alto | O155: =IFERROR(VLOOKUP(N155,'Listas Activos'!$B$31:$C$35,2,0),0) -> 5 | P155: Alto | Q155: =IFERROR(VLOOKUP(P155,'Listas Activos'!$B$38:$C$42,2,0),0) -> 5 | R155: =IF(AND(M155>0,O155>0,Q155>0,U155="Si"),5,IF(OR(M155=0,O155=0,Q155=0),0,IF(AND(M155=1,O155=1,Q155=1),1,(IF(OR(AND(M155=5,O155=5),AND(O155=5,Q155=5),AND(M155=5,Q155=5),AND(M155=5,O155=5,Q155=5)),5,3))))) -> 5 | S155: =IFERROR(VLOOKUP(R155,'Listas Activos'!$B$4:$C$7,2,0),"-") -> Alto | U155: No | Z155: Español | AA155: Electrónico (doc, txt,csv,pdf,jpg, pdf, video digital) | AB155: Otro | AC155: No publicado o No disponible | AE155: Definido manualmente | AF155: Estratega de marketing y comunicaciones de dirección | AG155: Compromete secretos comerciales, industriales, profesionales | AI155: =IF(ISERROR(VLOOKUP(AG155,'Listas Ley Transparencia'!$H$3:$M$17,2,0)),"",VLOOKUP(AG155,'Listas Ley Transparencia'!$H$3:$M$17,2,0)) -> Información exceptuada por daño de derechos a personas naturales o jurídicas. Articulo 18 Ley 1712 de 2014 | AJ155: =IF(ISERROR(VLOOKUP(AG155,'Listas Ley Transparencia'!$H$3:$M$17,3,0)),"",VLOOKUP(AG155,'Listas Ley Transparencia'!$H$3:$M$17,3,0)) -> Los secretos comerciales, industriales y profesionales, así como los estipulados en el parágrafo del articulo 77 de la Ley 1474 de 2011 | AK155: =IF(ISERROR(VLOOKUP(AG155,'Listas Ley Transparencia'!$H$3:$M$17,4,0)),"",VLOOKUP(AG155,'Listas Ley Transparencia'!$H$3:$M$17,4,0)) -> Publica Clasificada | AL155: =IF(ISERROR(VLOOKUP(AG155,'Listas Ley Transparencia'!$H$3:$M$17,6,0)),"",VLOOKUP(AG155,'Listas Ley Transparencia'!$H$3:$M$17,6,0)) -> Ilimitada | AM155: Total | AN155: 45973 | AO155: Trimestral | AP155: Archivos digitales (carpetas compartidas) | AQ155: Carpeta compartida
...

Sheet Detalle Campos e Instructivo
B3: IDENTIFICACIÓN DE ACTIVOS DE INFORMACIÓN
B4: CAMPO | C4: DEFINICIÓN | D4: INSTRUCTIVO | E4: RESPONSABLE DE DILIGENCIAMIENTO
B5: ID. ACTIVO | C5: Permite realizar una asignación consecutiva de un identificador para cada activo que sea registrado como parte el inventario de activos de información. | D5: El campo es automático y no se diligencia | E5: Automático por herramienta
B6: ÁREA | D6: Registre el nombre del área al cual pertenece el activo de información. | E6: Líder de proceso / Colaborador designado
B7: PROCESO | C7: Permite registrar a cual de los procesos definidos en el Sistema Integrado de Gestión y Autocontrol pertenece el activo de información | D7: Registre el nombre del proceso al cual pertenece el activo de información. | E7: Líder de proceso / Colaborador designado
B8: NOMBRE DEL ACTIVO DE INFORMACIÓN | C8: Permite registrar el nombre a través del cual se puede hacer referencia al activo de información que este siendo identificado. | D8: Registre el nombre a través del cual se identifica el activo de información. | E8: Líder de proceso / Colaborador designado
B9: DESCRIPCIÓN DEL ACTIVO DE INFORMACIÓN | C9: Permite realizar el registro de una breve descripción o detalle que permite contextualizar o proporcionar más información sobre el activo de información. | D9: Realice una breve descripción que ayude a contextualiza el activo de información que está registrando. | E9: Líder de proceso / Colaborador designado
B10: ESTADO DEL ACTIVO | C10: Permite seleccionar el tipo de novedad que presenta el activo, puede ser: Actualizado , Nuevo o Histórico. | D10: Nuevo, si la novedad es que el activo ingresa al inventario. Actualizado, si se actualiza la información del activo. Histórico, si el activo pasa como información histórica por haber perido su vigencia. | E10: Líder de proceso / Colaborador designado
B11: USUARIO DEL ACTIVO | C11: Permite realizar el registro de quien(es) hace(n) uso del activo de información. Puede ser toda la entidad, direcciones, oficinas, grupos, cargos, roles, terceros, otras entidades, etc. | D11: Registre si es toda la entidad, grupos, direcciones, oficinas, terceros, u otras entidades. Puede separar cada uno de ellos usando el carácter "/" sin comillas | E11: Líder de proceso / Colaborador designado
B12: DUEÑO DEL ACTIVO | C12: Permite realizar el registro del cargo que actúa como dueño o decide sobre el activo de información. Es el cargo que puede definir controles, lo modifican, crean, cambian, ajustan, eliminan o transforman el activo de información. | D12: En caso de que el activo pueda tener más de un dueño, asigen el cargo de mayor nivel, según planta de cargos. | E12: Líder de proceso / Colaborador designado
B13: CUSTODIO DEL ACTIVO | C13: Permite realizar el registro del cargo que aplica los controles que define el propietario(s), en relación almacenamiento, respaldo, accesos, permisos, etc. | D13: En caso de que el activo pueda tener más de un custodio, asigen el cargo de mayor nivel, según planta de cargos. | E13: Líder de proceso / Colaborador designado
B14: CLASE DEL ACTIVO | C14: Establezca si el activo es primario o de soporte, dependiendo si participa en la misionalidad de la entidad o en los procesos de apoyo. | D14: Los activos primarios demandan mayor atención y cuidado, por estar directamente asociados a la misionalidad. | E14: Líder de proceso / Colaborador designado
B17: VALORACIÓN DEL ACTIVO
B18: CAMPO | C18: DEFINICIÓN | D18: INSTRUCTIVO | E18: RESPONSABLE DE DILIGENCIAMIENTO
B19: Tipo de Activo | C19: Permite seleccionar la categoria a la cual pertenece el activo de información que estamos identificando. Puede conocer las diferentes categorias y su descripción en la pestaña "Tipo de Activos" de la matriz. | D19: Seleccione la categoria a la cual pertenece el el tipo de activo que esta identificando. Ej. [Documentos, archivos, formatos, guias, instructivos, actas] -> Datos / Información; [Equipos de computo de escritorio, portatiles, servidores, routers, switch] -> Hardware / Infraestructura | E19: Líder de proceso / Colaborador designado
B20: CRITICIDAD RESPECTO A LA CONFIDENCIALIDAD | C20: Permite realizar la selección de la calificación asociada a la criticidad de la confidencialidad. Puede conocer los diferentes niveles de calificación y sus descripciones en la pestaña "Calificación Valoración-CONFIDENCIALIDAD". | D20: Seleccione la calificación de la confidencialidad del activo de información según los establecidos en la pestaña "Calificación Valoración" (Estas categorías estan alineadas a las establecidas en la Ley de Transparencia y Acceso a la Información Pública). | E20: Líder de proceso / Colaborador designado
B21: Valor | C21: Genera la valoración cuantitativa del activo de acuerdo a la escala establecida y la selección realizada en el campo anterior | D21: El campo se encuentra oculto, es automático y no se diligencia | E21: Cálculo automático
B22: CRITICIDAD RESPECTO A LA INTEGRIDAD | C22: Permite realizar la selección de la calificación asociada a la criticidad de la Integridad. Puede conocer los diferentes niveles de calificación y sus descripciones en la pestaña "Calificación Valoración-INTEGRIDAD". | D22: Realice la calificación de la integridad del activo de información según los criterios suministrados y disponibles. | E22: Líder de proceso / Colaborador designado
B23: Valor | C23: Genera la valoración cuantitativa del activo de acuerdo a la escala establecida y la selección realizada en el campo anterior | D23: El campo se encuentra oculto, es automático y no se diligencia | E23: Cálculo automático
B24: CRITICIDAD RESPECTO A LA DISPONIBILIDAD | C24: Permite realizar la selección de la calificación asociada a la criticidad de la Disponibilidad. Puede conocer los diferentes niveles de calificación y sus descripciones en la pestaña "Calificación Valoración-DISPONIBILIDAD". | D24: Realice la calificación de la disponibilidad del activo de información según los criterios suministrados y disponibles. | E24: Líder de proceso / Colaborador designado
B25: Valor | C25: Genera la valoración cuantitativa del activo de acuerdo a la escala establecida y la selección realizada en el campo anterior | D25: El campo se encuentra oculto, es automático y no se diligencia | E25: Cálculo automático
B26: Valor total del Activo | C26: Este campo se calcula de manera automática, de acuerdo con el valor cuantitativo de la confidencialidad, integridad y disponibilidad | D26: El campo se encuentra oculto, es automático y no se diligencia | E26: Cálculo automático
B27: Criticidad del Activo | C27: Genera el resultado del activo de acuerdo a la escala establecida y la selección realizada en el campo anterior | D27: El campo es automático y no se diligencia, la valoración de los activos se realiza teniendo en cuenta la Guia Gestión Clasificación de Activos de MinTIC (Guia Nro. 5) | E27: Cálculo automático
B28: OBSERVACIONES | C28: Permite realizar el registro de observaciones que se consideren necesarias con respecto al Activo de Información, puede anotarse también las razones por las cuales se realizaron las calificaciones, y qué se tuvo en cuenta para determinar las mismas. | D28: Registre observaciones adicionales sobre el activo de información. | E28: Líder de proceso / Colaborador designado
B30: PROTECCION DE DATOS
B31: CAMPO | C31: DEFINICIÓN | D31: INSTRUCTIVO | E31: RESPONSABLE DE DILIGENCIAMIENTO
B32: El activo almacena o solicita Datos personales | C32: Permite evaluar si el activo de información almacena o solicita datos personales. Ej. Datos de contacto, datos laborales, datos patrimoniales, datos académicos, entre otros. [Opciones disponibles] Si; No | D32: Seleccione si el activo almacena o solicita datos personales. Cuando un activo maneja datos personales esta parametro es tenido en cuenta para considerar el activo como crítico (Ver criticidad del activo). | E32: Líder de proceso / Colaborador designado
B33: Los datos almacenados o requeridos son públicos | C33: Permite evaluar si el activo de información almacena o solicita datos personales de tipo publico, es decir, datos personales que la Entidad o las Leyes ha determinado expresamente como públicos. Ej., correos laborales, nombre, cargos o roles, datos de contacto definidos como públicos, sentencias judiciales, documentos públicos, datos de gacetas o boletines, entre otros. [Opciones disponibles] Si; No | D33: Si seleccionó "Si" en el campo “El activo almacena o solicita Datos personales” este campo pasará de color gris a blanco con el fin de indicar que se ha habilitado y debe ser diligenciado. Si el campo se encuentra en blanco seleccione si los datos personales que almacena, solicita o recolecta son de tipo publico o no. Si el campo se encuentra en color gris omita el diligenciamiento de este campo. | E33: Líder de proceso / Colaborador designado
B34: Los datos almacenados o requeridos son Privados | C34: Permite evaluar si el activo de información almacena o solicita datos personales de tipo privado, es decir, datos personales que por su naturaleza son datos que solo le interesan al titular y no deberían ser conocidos por terceros. Ej. correo electrónico personal, teléfono, dirección de vivienda, datos laborales, nivel de escolaridad, sobre infracciones administrativas o penales, los datos administrados por algunas entidades como tributarias, financieras o de la seguridad social, fotografías, videos, y cualquier otro dato que referencien el estilo de vida de una persona. [Opciones disponibles] Si; No | D34: Si seleccionó "Si" en el campo “El activo almacena o solicita Datos personales” este campo pasará de color gris a blanco con el fin de indicar que se ha habilitado y debe ser diligenciado. Si el campo se encuentra en blanco seleccione si los datos personales que almacena, solicita o recolecta son de tipo privados o no. Si el campo se encuentra en color gris omita el diligenciamiento de este campo. | E34: Líder de proceso / Colaborador designado
B35: Los datos almacenados o requeridos son Semiprivados | C35: Permite evaluar si el activo de información almacena o solicita datos personales de tipo privados, es decir, datos personales que por su naturaleza son datos que le interesan tanto al dueño de los datos como a terceros. Ej. datos financiero y crediticio de actividad comercial o de servicios, datos de contacto personal, entre otros. [Opciones disponibles] Si; No | D35: Si seleccionó "Si" en el campo “El activo almacena o solicita Datos personales” este campo pasará de color gris a blanco con el fin de indicar que se ha habilitado y debe ser diligenciado. Si el campo se encuentra en blanco seleccione si los datos personales que almacena, solicita o recolecta son de tipo semiprivados o no. Si el campo se encuentra en color gris omita el diligenciamiento de este campo. | E35: Líder de proceso / Colaborador designado
B36: Los datos almacenados o requeridos son Sensibles | C36: Permite evaluar si el activo de información almacena o solicita datos personales de tipo Sensibles, es decir, tipos de datos que, de acuerdo a la Ley 1581 de protección de datos colombiana, se han clasificado como sensibles, son de especial protección o pueden someter a discriminación. Ej. origen étnico o racial, datos de salud, preferencia sexual, filiación política, religión, ideología, afiliación a sindicatos, organizaciones sociales, datos biométricos, de menores de edad, niños, niñas y adolescentes, entre otros. [Opciones disponibles] Si; No | D36: Si seleccionó "Si" en el campo “El activo almacena o solicita Datos personales” este campo pasará de color gris a blanco con el fin de indicar que se ha habilitado y debe ser diligenciado. Si el campo se encuentra en blanco seleccione si los datos personales que almacena, solicita o recolecta son de tipo sensible o no. Si el campo se encuentra en color gris omita el diligenciamiento de este campo. | E36: Líder de proceso / Colaborador designado
B38: LEY DE TRANSPARENCIA Y ACCESO A LA INFORMACIÓN
B39: CAMPO | C39: DEFINICIÓN | D39: INSTRUCTIVO | E39: RESPONSABLE DE DILIGENCIAMIENTO
B40: IDIOMA | C40: Permite establecer en que Idioma se encuentra o conserva la información del activo de información. [Opciones disponibles] Español; Inglés; Español - Ingles; Otro | D40: Seleccione en que idioma se encuentra o conserva la información de acuerdo con las opciones disponibles. Este campos solo se diligencia si la categoría seleccionada en el Tipo de Activo es "Datos / Información" o "Bases de datos". | E40: Líder de proceso / Colaborador designado
B41: MEDIO DE CONSERVACIÓN Y/O SOPORTE | C41: Permite establecer la manera en que conserva el activo de información. [Opciones disponibles] Análogo: si el documento de archivo - registro o activo de información se encuentra elaborado en soporte papel y cinta (video, casete, película, microfilm, entre otros). Electrónico: si el documento de archivo - registro o activo de información es recibido, almacenado y comunicado se encuentra en medios electrónicos, y permanece en estos medios durante su ciclo vital (Archivo General de la Nación. Acuerdo 027 de 2006). Híbrido Análogo Electrónico: si el documento se encuentra en estos dos tipos de formatos | D41: Seleccione el medio de conservación del activo de información de acuerdo a las opciones disponibles. Este campos solo se diligencia si la categoría seleccionada en el Tipo de Activo es "Datos / Información" o "Bases de datos". | E41: Líder de proceso / Colaborador designado
B42: FORMATO VISUALIZACIÓN O CONSULTA | C42: Permite establecer de que manera se suministraría la información del activo de información en caso que un ciudadano requiera visualizarla o consultarla. [Opciones disponibles] Audio; Documento de Texto; Documento PDF; Presentación; Hoja de calculo; Imagen; Video; Otro; No aplica | D42: Seleccione el medio de visualización o consulta del activo de información de acuerdo a las opciones disponibles. Este campos solo se diligencia si la categoría seleccionada en el Tipo de Activo es "Datos / Información" o "Bases de datos". | E42: Líder de proceso / Colaborador designado
B43: INFORMACIÓN PUBLICADA O DISPONIBLE | C43: Permite establecer como un ciudadano podría encontrar u obtener acceso a la información. [Opciones disponibles] Publicada; Disponible a solicitud; No publicado o no disponible | D43: Seleccione el cómo se podría encontrar u obtener acceso a la información de acuerdo a las opciones disponibles. Este campos solo se diligencia si la categoría seleccionada en el Tipo de Activo es "Datos / Información" o "Bases de datos". | E43: Líder de proceso / Colaborador designado
B44: FECHA DE GENERACIÓN DE LA INFORMACIÓN | C44: Permite registrar la fecha desde la cual hay registros o se genera o se puede consultar la información. | D44: Registre en formato AAAA/MM/DD la fecha desde la cual se genera o puede consultar la información. Si la fecha no es concreta o no se puede identificar fácilmente puede: 1. Definir la fecha de acuerdo con lo establecido en tablas de retención documental para el activo; 2. Si la información del activo es generado, creado o expedido por una norma, tome la fecha de generación a partir de la fecha de expedición de la norma; o 3. Si se conoce el año digite YYYY/12/31. Este campos solo se diligencia si la categoría seleccionada en el Tipo de Activo es "Datos / Información" o "Bases de datos". | E44: Líder de proceso / Colaborador designado
B45: Cargo responsable de la producción de la información | C45: Permite establecer el cargo que genera la información, en caso de ser varios, seleccione el de mayo escalafon. [Opciones disponibles] Cargos de la entidad. | D45: Seleccione el cargo responsable de la producción de la información. En caso que el responsable no sea un cargo de planta seleccione la opción "Definido Manualmente" para habilitar la siguiente columna donde podrá digitar la información. Este campo solo se diligencia si la categoría seleccionada en el Tipo de Activo es "Datos / Información" o "Bases de datos". | E45: Líder de proceso / Colaborador designado
B46: Responsable de la producción de la información (digitado) | C46: Permite digitar cuando el responsable de la producción de la información no es alguno de los cargos del campo anterior. | D46: Registre el responsable de la producción de la información, cuando no corresponda a los cargos que aparecen en el campo anterior. Este campos solo se diligencia si la categoría seleccionada en el Tipo de Activo es "Datos / Información" o "Bases de datos" y en el campo anterior es "Definido Manualmente" | E46: Líder de proceso / Colaborador designado
B47: Nombre del responsable de la información: | C47: Permite establecer quien custodia o permite sobre el activo de información en términos de definir, controlar, modificar, crear, cambiar, ajustar, eliminar o transformar el activo de información. [Opciones disponibles] Los procesos de la entidad | D47: Seleccione de los procesos disponibles cual sería el responsable de la información. En caso que el responsable no sea un proceso seleccione la opción "Definido Manualmente" para habilitar la siguiente columna donde podrá ser toda la entidad, direcciones, oficinas, grupos, cargos, roles, terceros, otras entidades, etc. Este campos solo se diligencia si la categoría seleccionada en el Tipo de Activo es "Datos / Información" o "Bases de datos". | E47: Líder de proceso / Colaborador designado
B48: Nombre del responsable de la información (digitado) | C48: Permite establecer quien custodia o permite sobre el activo de información en términos de definir, controlar, modificar, crear, cambiar, ajustar, eliminar o transformar el activo de información. [Opciones disponibles] Los procesos de la entidad | D48: Registre el responsable de la información puede ser toda la entidad, direcciones, oficinas, grupos, cargos, roles, terceros, otras entidades, etc. Este campos solo se diligencia si la categoría seleccionada en el Tipo de Activo es "Datos / Información" o "Bases de datos" y en el campo anterior es "Definido Manualmente" | E48: Líder de proceso / Colaborador designado
B49: ¿Por qué es clasificada o reservada? | C49: Permite establecer cada una de las excepciones taxativas que se establecen en los artículos 18 y 19 de la Ley 1712. Es decir, las contenidas en los literales de los artículos mencionados. [Opciones disponibles] Pone en riesgo la intimidad de las personas Pone en riesgo la vida, salud o seguridad de las personas Compromete secretos comerciales, industriales, profesionales Afectaría la defensa o seguridad nacional Afectaría la seguridad publica Afectaría o pone en riesgo las relaciones internacionales Compromete procesos de investigación de delitos o faltas disciplinarias Pone en riesgo procesos judiciales Compromete la administración efectiva de la justicia Pone en riesgo los derechos de la infancia o la adolescencia Afectaría o compromete la estabilidad macroeconómica o financiera del país Compromete o genera riesgo para la salud publica La información tiene tanto contenido publico como reservado o clasificado No existe excepción de acceso El activo de información no puede ser clasificado como información | D49: Seleccione las condiciones legitimas de excepción de acceso a la información del activo de información de acuerdo a las opciones disponibles. Si el activo de informción en cuanto a confidencialidad es catalogado como Clasificado o Reservado , en esta columna se debe establecer la causa para estas categorías. Este campos solo se diligencia si la categoría seleccionada en el Tipo de Activo es "Datos / Información" o "Bases de datos". | E49: Líder de proceso / Colaborador designado
B50: Fundamento normativo, constitucional o legal | C50: Permite establecer registrar la norma, ley, decreto, circulares, normativas y aspecto legal que sustenta la condición legitima de la excepción para el acceso a la infomación. | D50: Registre el fundamento, norma, ley, decreto, circulares, normativas y aspecto legal que sustenta la condición legitima de la excepción. Es requerido si el activo esta catalogado como Clasificado o Reservado en cuanto a confidencialidad. Este campos solo se diligencia si la categoría seleccionada en el Tipo de Activo es "Datos / Información" o "Bases de datos". | E50: Líder de proceso / Colaborador designado
... B59: Detalle Lugar de Consulta | C59: Permite registrar el lugar o la ruta digital (Ej. URL) donde se ubica el activo de información y donde puede ser consultado o se encuentra disponible | D59: Registre el o los lugares donde se puede consultar la información o donde se encuentra disponible para consulta | E59: Líder de proceso / Colaborador designado

Sheet Tipos de activos
A1: Ti
B2: TIPO DE ACTIVOS | C2: DESCRIPCIÓN
B3: Bases de Datos | C3: Conjunto de datos pertenecientes a un mismo contexto y almacenados sistemáticamente para su posterior uso, puede ser utilizada en un formato de motor ya sea SQL, SQL Server, MySQL o en formato Excel. Ejemplos: Bases de datos con información personal o con datos relevante para algún proceso (bases de datos de nóminas, Base de datos Aprendices, Listado de proveedores, estados financieros) entre otros.
B4: Datos / Información | C4: Que es almacenado en equipos o soportes de información (normalmente agrupado como ficheros o bases de datos) o será transferido de un lugar a otro por los medios de transmisión de datos. Ejemplo: Copias de Respaldo, Ficheros, Datos de Gestión Interna, Datos de Configuración, Credenciales (Contraseñas), Datos de Validación de Credenciales (Autenticación), Datos de Control de Acceso, Registros de Actividad (Log), Matrices de Roles y Privilegios, Código Fuente, Código Ejecutable, Datos de Prueba, Contratos, acuerdos de confidencialidad, manuales de usuario, procedimientos operativos o de soporte, planes para la continuidad del negocio, registros contables, estados financieros, archivos ofimáticos, documentos y registros del sistema integrado de gestión, formatos o formularios físicos o digitales.
B5: Hardware | C5: Medios físicos, destinados a soportar directa o indirectamente los servicios que presta la entidad, siendo depositarios temporales o permanentes de los datos, soporte de ejecución de las aplicaciones informáticas o responsables del procesado o la transmisión de datos. Ejemplo: Servidores (host), Equipos de Escritorio (Pc), Equipos Portátiles (Laptop), Dispositivos Móviles, Equipos de Respaldo, Periféricos, Dispositivos Criptográficos, Dispositivos Biométricos, Servidores de Impresión, Impresoras, Escáneres, Equipos Virtuales (host), Soporte de la Red (Network), Módems, Concentradores, Conmutadores (switch), Encaminadores (router), Pasarelas (bridge), Firewall, Central Telefónica, Telefonía IP, Access Point.
B6: Instalaciones | C6: Lugares donde albergan los sistemas de información y comunicaciones.
B7: Personas | C7: Aquellos roles que, por su conocimiento, experiencia y criticidad para el proceso, son considerados activos de información por ejemplo: personal con experiencia y capacitado para realizar una tarea específica en la ejecución de las actividades como: Operadores, Administradores de Sistemas, Administradores de Comunicaciones, Administradores de Bases de Datos, Administradores de Seguridad, Programadores, investigadores.
B8: Redes de Comunicaciones | C8: Infraestructuras dedicadas como servicios de comunicaciones contratados a terceros o medios de transporte de datos de un sitio a otro. Ejemplo: Red Telefónica, Red Inalámbrica, Telefonía Móvil, Satelital, Red Local (LAN), Red Metropolitana (MAN), Internet, Radio Comunicaciones, Punto a Punto, ADSL, Red Digital (RDSI).
B9: Servicios | C9: Servicio brindado por parte de la entidad para el apoyo de las actividades de los procesos Ejemplo: Página Web, Correo Electrónico, Acceso Remoto, almacenamiento de ficheros, transferencia de ficheros, intercambio electrónico de datos, Gestión de Identidades (altas y bajas de usuarios del sistema), Gestión de Privilegios, Intercambio electrónico de datos, PKI (Infraestructura de Clave Pública). o servicios relacionados con la enseñanza a los aprendices de la Entidad, servicios relacionados con los prestados por la Entidad hacia los grupos de valor, servicios relacionados para el desarrollo de las funciones de grupos de interés
B10: Software / Aplicaciones Informáticas | C10: Que gestionan, analizan y transforman los datos permitiendo la explotación de la información para la prestación de los servicios. Ejemplo: Aquellos utilizados para la enseñanza, para el desarrollo de aplicaciones, para la gestión o administración de bases de datos, para la gestión o administración de documentos, para la gestión del correo electrónico, para la navegación web, para el desarrollo de aplicaciones propias, para la gestión de respaldos de información, para la prevención de virus o infecciones informáticas, para conexiones o trabajos remotos, entre otros.
B11: Soportes de Información | C11: Dispositivos físicos o electrónicos que permiten almacenar información de forma permanente o durante largos periodos de tiempo y que posteriormente permiten recuperar la información contenida en ellos. Ejemplo: Discos, Discos Virtuales, Almacenamiento en Red (san), Memorias USB, CDROM, DVD, Cinta Magnética (tape), Tarjetas de Memoria, Tarjetas Inteligentes,Microfilmaciones.

Sheet Calificación Valoración
B1: CONFIDENCIALIDAD | C1: VALOR
B2: Pública Reservada = Alta: Información que por una Ley, Decreto, Circular, Resolución u otra normativa no puede ser revelada o publicada. | C2: ALTO
B3: Pública Clasificada = Alta: Corresponde a aquella información que en caso de ser conocida por por una persona, proceso, procedimiento, sistemas de información o quien no este autorizado puede causar daño a una persona natural o juridica. | C3: ALTO
B4: Pública Uso Interno = Medio: Información disponible para todos los procesos de la entidad y que en caso de ser conocida por terceros sin autorización puede conllevar un impacto negativo para los procesos de esta. Esta información es propia de la entidad o de terceros y puede ser utilizada por todos los funcionarios de la entidad para realizar labores propias de los procesos, pero no puede ser conocida por terceros sin autorización del propietario. Por lo tanto, cuando un activo de información realice tratamiento de datos personales semiprivados, el activo de Información deberá ser calificado por lo menos como un activo de información pública de uso interno (MEDIO). | C4: MEDIO
B5: Pública / Pública = Baja: Información que puede ser entregada o publicada sin restricciones a cualquier persona dentro y fuera de la entidad, sin que esto implique daños a terceros ni a las actividades y procesos de la entidad. | C5: BAJO
B6: SIN CLASIFICAR: Activos de Información que deben ser incluidos en el inventario y que aún no han sido clasificados, deben ser tratados como activos de Información Pública Reservada. (Alta). | C6: SIN CLASIFICAR
B8: INTEGRIDAD | C8: VALOR
B9: ALTO: información cuya pérdida de exactitud y completitud puede conllevar un impacto negativo de índole legal o económica, retrasar sus funciones o generar pérdidas de imagen severas de la Entidad. | C9: ALTO
B10: MEDIO: información cuya pérdida de exactitud y completitud puede conllevar un impacto negativo de índole legal o económica, retrasar sus funciones, o generar pérdida de imagen moderado para la Entidad. | C10: MEDIO
B11: BAJO: información cuya pérdida de exactitud y completitud conlleva un impacto no significativo para la Entidad o entes externos. | C11: BAJO
B12: SIN CLASIFICAR: Activos de Información que deben ser incluidos en el inventario y que aún no han sido clasificados, deben ser tratados como activos de información de disponibilidad ALTA. | C12: SIN CLASIFICAR
B14: DISPONIBILIDAD | C14: VALOR
... B18: SIN CLASIFICAR: Activos de Información que deben ser incluidos en el inventario y que aún no han sido clasificados, deben ser tratados como activos de información de disponibilidad ALTA. | C18: SIN CLASIFICAR

Sheet Listas Ley Transparencia
B2: IDIOMA | C2: MEDIO DE CONSERVACIÓN Y/O SOPORTE | D2: FORMATO | E2: INFORMACIÓN PUBLICADA O DISPONIBLE | F2: Nombre del responsable de la producción de la información | G2: Nombre del responsable de la información: | H2: CONDICIÓN LEGÍTIMA DE LA EXCEPCIÓN | I2: FUNDAMENTO JURÍDICO DE LA EXCEPCIÓN | J2: DESCRIPCIÓN DE CONDICIÓN LEGITIMA DE LA EXCEPCIÓN | K2: CLASIFICACIÓN DEL ACTIVO DE ACUERDO A TRANSPARENCIA LEY 1712 | L2: CLASIFICACIÓN O RESERVA DE LA INFORMACIÓN | M2: PLAZO DE CLASIFICACIÓN O RESERVA | N2: FRECUENCIA DE ACTUALIZACIÓN | O2: LUGAR DE CONSULTA
B3: Español | C3: Análogo (Medio tangible: Ej. Papel , microfichas, fotografías en papel) | D3: Audio | E3: Publicada | F3: Asesor Código 1020 Grado 12 | G3: Dirección general | H3: Pone en riesgo la intimidad de las personas | I3: Información exceptuada por daño de derechos a personas naturales o jurídicas. Articulo 18 Ley 1712 de 2014 | J3: El derecho de toda persona a la intimidad, bajo las limitaciones propias que impone la condición de servidor publico, en concordancia con lo estipulado | K3: Publica Clasificada | L3: No Aplica | M3: Ilimitada | N3: Diario | O3: Portales web propios
B4: Ingles | C4: Electrónico (doc, txt,csv,pdf,jpg, pdf, video digital) | D4: Documento de Texto | E4: Disponible a solicitud | F4: Asesor Código 1020 Grado 13 | G4: Oficina Asesora de Planeación | H4: Pone en riesgo la vida, salud o seguridad de las personas | I4: Información exceptuada por daño de derechos a personas naturales o jurídicas. Articulo 18 Ley 1712 de 2014 | J4: El derecho de toda persona a la vida, la salud o la seguridad | K4: Publica Clasificada | L4: Parcial | M4: Ilimitada | N4: Semanal | O4: Portales web de terceros
B5: Español - Ingles | C5: Hibrido: Análogo - electrónico | D5: Documento PDF | E5: No publicado o No disponible | F5: Asesor Código 1020 Grado 15 | G5: Secretaria general | H5: Compromete secretos comerciales, industriales, profesionales | I5: Información exceptuada por daño de derechos a personas naturales o jurídicas. Articulo 18 Ley 1712 de 2014 | J5: Los secretos comerciales, industriales y profesionales, así como los estipulados en el parágrafo del articulo 77 de la Ley 1474 de 2011 | K5: Publica Clasificada | L5: Total | M5: Ilimitada | N5: Quincenal | O5: Intranet
B6: Otro | D6: Presentación | F6: Auxiliar Administrativo Código 4044 Grado 12 | G6: Servicios Administrativos | H6: Afectaría la defensa o seguridad nacional | I6: Información exceptuada por daño a los intereses públicos. Articulo 19 Ley 1712 de 2014 | J6: Defensa y seguridad nacional | K6: Publica Reservada | M6: No Mayor a 15 años | N6: Mensual | O6: Archivo físico
D7: Hoja de calculo | F7: Conductor Mecánico Código 4103 Grado 13 | G7: Gestión Jurídica | H7: Afectaría la seguridad publica | I7: Información exceptuada por daño a los intereses públicos. Articulo 19 Ley 1712 de 2014 | J7: La seguridad publica | K7: Publica Reservada | M7: No Mayor a 15 años | N7: Bimensual | O7: Archivos digitales (carpetas compartidas)
D8: Imagen | F8: Director General de Unidad Administrativa Especial Código 15 Grado 25 | G8: Gestión Financiera | H8: Afectaría o pone en riesgo las relaciones internacionales | I8: Información exceptuada por daño a los intereses públicos. Articulo 19 Ley 1712 de 2014 | J8: Las relaciones internacionales | K8: Publica Reservada | M8: No Mayor a 15 años | N8: Trimestral | O8: Sistemas de información
D9: Video | F9: Jefe de Oficina Asesora de Planeación Código 1045 | G9: Gestión del Talento Humano | H9: Compromete procesos de investigación de delitos o faltas disciplinarias | I9: Información exceptuada por daño a los intereses públicos. Articulo 19 Ley 1712 de 2014 | J9: La prevención, investigación y persecución de delitos y las faltas disciplinarias, mientras que no se haga efectiva la medida de aseguramiento o se formule pliego de cargos, según el caso. | K9: Publica Reservada | M9: No Mayor a 15 años | N9: Cuatrimestral | O9: Hibrido: Archivo Fisico y Archivo Digital
D10: Otro | F10: Profesional Especializado Código 2028 Grado 12 | G10: Sistemas de Información y Redes | H10: Pone en riesgo procesos judiciales | I10: Información exceptuada por daño a los intereses públicos. Articulo 19 Ley 1712 de 2014 | J10: El debido proceso y la igualdad de las partes de los procesos judiciales | K10: Publica Reservada | M10: No Mayor a 15 años | N10: Semestral | O10: Hibrido: Archivo Digital y Sistemas de Información
D11: No aplica | F11: Profesional Especializado Código 2028 Grado 13 | G11: Subdirección de Metrología fisica | H11: Compromete la administración efectiva de la justicia | I11: Información exceptuada por daño a los intereses públicos. Articulo 19 Ley 1712 de 2014 | J11: La administración efectiva de la justicia | K11: Publica Reservada | M11: No Mayor a 15 años | N11: Anual | O11: Hibrido: Archivo Fisico y Sistemas de Información
D12: Varios formatos | F12: Profesional Especializado Código 2028 Grado 14 | G12: Grupo de Área tecnica 1 | H12: Pone en riesgo los derechos de la infancia o la adolescencia | I12: Información exceptuada por daño a los intereses públicos. Articulo 19 Ley 1712 de 2014 | J12: Los derechos de la infancia y la adolescencia | K12: Publica Reservada | M12: No Mayor a 15 años | N12: Por demanda
F13: Profesional Especializado Código 2028 Grado 15 | G13: Grupo de Área tecnica 2 | H13: Afectaría o compromete la estabilidad macroeconómica o financiera del país | I13: Información exceptuada por daño a los intereses públicos. Articulo 19 Ley 1712 de 2014 | J13: La estabilidad macroeconómica y financiera del país | K13: Publica Reservada | M13: No Mayor a 15 años | N13: Otro
F14: Profesional Especializado Código 2028 Grado 16 | G14: Grupo de Área tecnica 3 | H14: Compromete o genera riesgo para la salud publica | I14: Información exceptuada por daño a los intereses públicos. Articulo 19 Ley 1712 de 2014 | J14: La salud publica | K14: Publica Reservada | M14: No Mayor a 15 años | N14: No aplica
F15: Profesional Especializado Código 2028 Grado 17 | G15: Grupo de Área tecnica 4 | H15: La información tiene tanto contenido publico como reservado o clasificado | I15: El contenido público puede ser conocido y se limitará el acceso a solicitud a contenido reservado o clasificado | J15: Información publica con restricción de acceso a la totalidad del contenido | K15: Pública Reservada / Clasificada | M15: No Mayor a 15 años (Reservada) / Ilimitada Clasificada
F16: Profesional Especializado Código 2028 Grado 18 | G16: Subdirección de Metrologia Química y Biomedicina | H16: No existe excepción de acceso | I16: Información publica y de conocimiento general | J16: Información publica y de conocimiento general | K16: Publica | M16: No Aplica
F17: Profesional Especializado Código 2028 Grado 20 | G17: Grupo de Metrología en Análisis Inorgánico | H17: El activo de información no puede ser clasificado como información | I17: El contenido público podrá ser conocido y se limitará el acceso a solicitud a contenido reservado o clasificado | J17: Información publica con restricción de acceso a la totalidad del contenido | K17: Publica Clasificada | M17: Ilimitada
F18: Profesional Especializado Código 2028 Grado 22 | G18: Grupo de Metrología en Análisis Orgánico
F19: Profesional Universitario Código 2044 Grado 01 | G19: Grupo de Metrología en Análisis Electroquímico
F20: Profesional Universitario Código 2044 Grado 03 | G20: Grupo de Metrología en Bioanálisis
F21: Profesional Universitario Código 2044 Grado 05 | G21: Subdirección de Innovación y Servicios Tecnológicos
F22: Profesional Universitario Código 2044 Grado 07 | G22: Definido manualmente
F23: Profesional Universitario Código 2044 Grado 09
F24: Profesional Universitario Código 2044 Grado 10
F25: Profesional Universitario Código 2044 Grado 11
F26: Secretario Bilingüe Código 4182 Grado 26
F27: Secretario Código 4178 Grado 8
F28: Secretario Ejecutivo Código 4210 Grado 15
F29: Secretario General de Unidad Administrativa Especial Código 37 Grado 22
F30: Subdirector General de Unidad Administrativa Especial Código 40 Grado 20
F31: Técnico Administrativo Código 3124 Grado 7
F32: Técnico Operativo Código 3132 Grado 13
F33: Técnico Operativo Código 3132 Grado 9
F34: Definido manualmente

Sheet Listas Activos
B2: CALIFICACIÓN DEL ACTIVO
B3: Valor | C3: Detalle | D3: Valor
B4: 5 | C4: Alto | D4: 5
B5: 3 | C5: Medio | D5: 3
B6: 1 | C6: Bajo | D6: 1 | E6: DATOS / INFORMACIÓN [DI]
B7: 0 | C7: Sin clasificar | D7: 5 | E7: HARDWARE [HW]
E8: SOFTWARE [SW]
E9: SERVICIOS [SI]
B10: CATEGORÍAS DE ACTIVOS | E10: INSTALACIÓNES [IN]
B11: BASES DE DATOS [BD] | E11: SOPORTES DE INFORMACIÓN [SA]
B12: DATOS / INFORMACIÓN [DI] | E12: REDES DE COMUNICACIÓN [RC]
B13: PERSONAL [PE] | E13: BASES DE DATOS [BD]
B14: HARDWARE [HW] | E14: PERSONAL [PE]
B15: INSTALACIÓNES [IN] | E15: INFRAESTRUCTURA CRITICA
B16: REDES DE COMUNICACIÓN [RC]
B17: SERVICIOS [SI]
B18: SOFTWARE [SW]
B19: SOPORTES DE INFORMACIÓN [SA] | E19: Elemento tipos de datos requeridos
B20: INFRAESTRUCTURA CRITICA | E20: Si
E21: No
B23: CONFIDENCIALIDAD | C23: Valor | E23: Elemento Captura Datos personales
B24: Reservada = Alta | C24: 5 | E24: Si
B25: Clasificada = Alta | C25: 5 | E25: No
B26: Uso Interno = Medio | C26: 3 | E26: No Aplica
B27: Pública = Baja | C27: 1
B28: Sin clasificar | C28: 5 | E28: Elemento datos sensibles
E29: Si
B30: INTEGRIDAD | C30: Valor | E30: No
B31: Alto | C31: 5
B32: Medio | C32: 3
B33: Bajo | C33: 1 | E33: Elemento aviso de privacidad y autorización
B34: Sin clasificar | C34: 5 | E34: No requiere
E35: Si requiere y no está definido
E36: Si requiere y está definido
B37: DISPONIBILIDAD | C37: Valor
B38: Alto | C38: 5 | E38: Elemento datos abiertos
B39: Medio | C39: 3 | E39: Si
B40: Bajo | C40: 1 | E40: No
B41: Sin clasificar | C41: 5
B43: CONFIDENCIALIDAD | C43: Valor | E43: Estado del Activo
B44: Reservada = Alta | C44: PR | E44: Nuevo
B45: Clasificada = Alta | C45: PC | E45: Actualizado
B46: Uso Interno = Medio | C46: PI | E46: Histórico
B47: Pública = Baja | C47: P
B48: Sin clasificar | C48: SC
B50: CLASE DE ACTIVO | C50: Valor
B51: Primario
B52: Soporte
B55: AREAS
B56: PLANEACION
B57: DIRECCION
B58: SECRETARIA GENERAL
B59: OAP
B60: SSMRC
B61: SMF
B62: SMQB
B63: CONTROL INTERNO
B64: OIDT
... B134: Profesional Designado por la Subdirección correspondiente
